Workbook
Name _Hlk177992892: 'PAA VR24 2026 UAECOB BCS'!#REF!
Name Sec_Prog_MGA: #REF!

Sheet TD PAA Vr 24
A2: Proyecto y nombre Asociado | B2: (Todas)
A4: Etiquetas de fila | B4: Suma de Valor apropiacion vigencia actual
A5: BS | B5: 57649476604
A6: TH | B6: 3.2186983e+10
A7: Total general | B7: 89836459783
A10: tipo de Contrato (TH talento humano - B/S bienes y/o servicios) | B10: (Todas)
A11: Proyecto y nombre Asociado | B11: (Varios elementos)
A13: Etiquetas de fila | B13: Suma de Valor apropiacion vigencia actual
A14: 1-100-F001 VA-Recursos distrito | B14: 213419000
A15: 1-100-F039-VA-Crédito | B15: 8000000000
A16: 1-100-I087 VA-Sobretasa Bomberil | B16: 52447486864
A17: 1-601-F001 PAS-Otros distrito | B17: 359496136
A18: 1-601-I037 PAS-Crédito | B18: 6914369000
A19: Total general | B19: 67934771000
A44: tipo de Contrato (TH talento humano - B/S bienes y/o servicios) | B44: (Todas)
A45: Proyecto y nombre Asociado | B45: (Todas)
A47: Etiquetas de fila | B47: Dependencia Solicitante | C47: Fuente de Recursos | D47: POSPRE
A48: N/AN/A | B48: Sub. Gestión Humana | C48: N/A | D48: No Aplica
A49: NANANAN/AN/A | B49: Dirección Tic | C49: 1-100-F001 VA-Recursos distrito | D49: No Aplica
A50: NANANAN/AN/A | B50: Dirección Tic | C50: 1-100-F001 VA-Recursos distrito | D50: O21202020080383141 Servicios de diseño y desarrollo de aplicaciones en tecnologías de la información (TI)
A51: NANANAN/AN/A | B51: Dirección Tic | C51: 1-100-F001 VA-Recursos distrito | D51: O21202020080484290 Otros servicios de telecomunicaciones vía Internet
A52: NANANAN/AN/A | B52: Dirección Tic | C52: 1-100-F001 VA-Recursos distrito | D52: O21202020080787130 Servicios de mantenimiento y reparación de computa
A53: NANANAN/AN/A | B53: Oficina Juridica | C53: 1-100-F001 VA-Recursos distrito | D53: No Aplica
A54: NANANAN/AN/A | B54: Sub. Gestión Corporativa | C54: 1-100-F001 VA-Recursos distrito | D54: No Aplica
A55: NANANAN/AN/A | B55: Sub. Gestión Humana | C55: 1-100-F001 VA-Recursos distrito | D55: No Aplica
A56: NANANAN/AN/A | B56: Sub. Logística | C56: 1-100-F001 VA-Recursos distrito | D56: No Aplica
A57: NANANAN/AN/A | B57: Sub. Operativa | C57: 1-100-F001 VA-Recursos distrito | D57: O2120201002082823609 Uniformes de trabajo
A58: O23011745032024025504004 | B58: Sub. Operativa | C58: 1-100-I087 VA-Sobretasa Bomberil | D58: O232020200663111 Servicios de alojamiento en hoteles
... A149: O23011745992024020713031 | B149: Oficina Asesora de Planeación congelamiento | C149: 1-100-I087 VA-Sobretasa Bomberil | D149: O232020200991191 Servicios administrativos relacionados con los trabajadores estatales
A150: Total general

Sheet PAA VR24 2026 UAECOB BCS
F3: UNIDAD ADMINISTRATIVA ESPECIAL CUERPO OFICIAL DE BOMBEROS DE BOGOTÁ D.C. | N3: VIGENCIA: | O3: 2026
F4: NIT: 899.999.061-9
F5: PLAN ANUAL DE ADQUISICIONES 2026 | N5: PRESUPUESTO ASIGNADO INVERSION PROY 8126 | Q5: =IFERROR(SUMIF($N$12:$N$1036,"8126-Fortalecimiento institucional de la UAECOB para un gobierno confiable Bogotá D.C.",PAA[Valor apropiacion vigencia actual]),0) -> 25167465000 | R5: PRESUPUESTO FUNCIONAMIENTO PAA | U5: =IFERROR(SUMIF($N$12:$N$1036,"131- Funcionamiento",PAA[Valor apropiacion vigencia actual]),0) -> 21656617039 | V5: 25167465000 | W5: =Q5-V5 -> 0
F6: Versión No. 24 - PLAN DISTRITAL DE DESARROLLO "BOGOTÁ CAMINA SEGURA" | N6: PRESUPUESTO ASIGNADO INVERSION PROY 8173 | Q6: =IFERROR(SUMIF($N$12:$N$1036,"8173-Modernización de las capacidades del Cuerpo Oficial de Bomberos Bogotá D.C.",PAA[Valor apropiacion vigencia actual]),0) -> 42767306000 | V6: 42767306000 | W6: =Q6-V6 -> 0
F7: Fecha de elaboracion: 08/10/2026
N8: TOTAL PRESUPUESTO PAA INVERSION | O8: =+Q5+Q6 -> 67934771000 | Q8: TOTAL PRESUPUESTO PAA | R8: =+U5+O8 -> 89591388039
B11: Id Interno | C11: Objeto de la contratación | D11: Modalidad de Selección | E11: tipo de Contrato (TH talento humano - B/S bienes y/o servicios) | F11: Tipo de Contratación | G11: Mes estimado de inicio de ejecución | H11: plazo ejec Meses | I11: mas plazo ejec Días (si aplica) | J11: Valor apropiacion vigencia actual | K11: ¿vigencia futuras? | L11: Dependencia Solicitante | M11: Responsable del Proceso | N11: Proyecto y nombre Asociado | O11: Gerente del Proyecto Asociado | P11: Fuente de Recursos | Q11: Código UNSPSC (cada código separado por ;) | R11: Meta Proyecto de Inversión | S11: meta objeto | T11: meta objeto2 | U11: Bogotá camina segura | V11: Sector_Programa MGA | W11: BPIN (AÑO+COD_PROYECTO) | X11: Producto PMR | Y11: Descripción Producto PMR | Z11: PMR conca | AA11: Producto MGA | AB11: Descripción Producto MGA | AC11: concatenarMGA | AD11: PM MGA conca | AE11: Código de proyecto de inversión, asociado a productos PMR y MGA | AF11: codigo PEP | AG11: POSPRE | AH11: Si Secop / No Secop | AI11: Objeto de contratacion CDP
B12: 20260052 | C12: Contratar la suscripción de licencias Suite Adobe para la UAE Cuerpo Oficial de Bomberos de Bogotá-TIC | D12: 17 - acuerdo marco de precios | E12: BS | F12: 19 - contrato de renovacion de licencias | G12: SEPTIEMBRE | H12: 12 | I12: 0 | J12: 33670032 | K12: NO | L12: Dirección Tic | M12: Paula Ximena Henao Escobar | N12: 131- Funcionamiento | O12: Subdirector@ de Gestión Corporativa | P12: 1-100-F001 VA-Recursos distrito | Q12: 81112501;43232102;43232103;43231512 | R12: No aplica | S12: =MID(PAA[[#This Row],[Meta Proyecto de Inversión]],1,4) -> No a | T12: =MID(PAA[[#This Row],[Meta Proyecto de Inversión]],6,2) -> li | U12: =IFERROR(VLOOKUP(N12,TD!$B$54:$F$58,2,0)," ") -> NA | V12: =IFERROR(VLOOKUP(N12,TD!$B$54:$F$58,3,0)," ") -> NA | W12: =IFERROR(VLOOKUP(N12,TD!$B$54:$F$58,4,0)," ") -> NA | X12: N/A | Y12: =IFERROR(VLOOKUP(X12,TD!$J$55:$K$68,2,0)," ") -> N/A | Z12: =CONCATENATE(X12,"-",Y12) -> N/A-N/A | AA12: N/A | AB12: =IFERROR(VLOOKUP(AA12,TD!$N$55:$O$70,2,0)," ") -> N/A | AC12: =CONCATENATE(AA12,"_",AB12) -> N/A_N/A | AD12: =CONCATENATE(Z12," ",AC12) -> N/A-N/A N/A_N/A | AE12: =CONCATENATE(U12,V12,W12,X12,AA12) -> NANANAN/AN/A | AF12: =IFERROR(VLOOKUP(AD12,TD!$J$70:$K$93,2,0)," ") -> N/A | AG12: O21202020080383141 Servicios de diseño y desarrollo de aplicaciones en tecnologías de la información (TI) | AH12: Si Secop | AI12: =CONCATENATE(PAA[[#This Row],[Id Interno]],"-",PAA[[#This Row],[tipo de Contrato (TH talento humano - B/S bienes y/o servicios)]],"-",S12,"-",T12,"-",PAA[[#This Row],[Objeto de la contratación]]) -> 20260052-BS-No a-li-Contratar la suscripción de licencias Suite Adobe para la UAE Cuerpo Oficial de Bomberos de Bogotá-TIC
B13: 20260195 | C13: SGH - Adquirir elementos de protección personal para prevenir la aparición de enfermedades ocupacionales en el oido, de los funcionarios de la UAE Cuerpo Oficial de Bomberos de Bogotá | D13: 02 - selec. abrev. menor cuantía | E13: BS | F13: 06 - contrato de compraventa | G13: OCTUBRE | H13: 4 | I13: 0 | J13: 50920000 | K13: NO | L13: Sub. Gestión Humana | M13: Jose Andres Ponce Caicedo | N13: 131- Funcionamiento | O13: Subdirector@ de Gestión Corporativa | P13: 1-100-F001 VA-Recursos distrito | Q13: 46181900;46181901 | R13: No aplica | S13: =MID(PAA[[#This Row],[Meta Proyecto de Inversión]],1,4) -> No a | T13: =MID(PAA[[#This Row],[Meta Proyecto de Inversión]],6,2) -> li | U13: =IFERROR(VLOOKUP(N13,TD!$B$54:$F$58,2,0)," ") -> NA | V13: =IFERROR(VLOOKUP(N13,TD!$B$54:$F$58,3,0)," ") -> NA | W13: =IFERROR(VLOOKUP(N13,TD!$B$54:$F$58,4,0)," ") -> NA | X13: N/A | Y13: =IFERROR(VLOOKUP(X13,TD!$J$55:$K$68,2,0)," ") -> N/A | Z13: =CONCATENATE(X13,"-",Y13) -> N/A-N/A | AA13: N/A | AB13: =IFERROR(VLOOKUP(AA13,TD!$N$55:$O$70,2,0)," ") -> N/A | AC13: =CONCATENATE(AA13,"_",AB13) -> N/A_N/A | AD13: =CONCATENATE(Z13," ",AC13) -> N/A-N/A N/A_N/A | AE13: =CONCATENATE(U13,V13,W13,X13,AA13) -> NANANAN/AN/A | AF13: =IFERROR(VLOOKUP(AD13,TD!$J$70:$K$93,2,0)," ") -> N/A | AG13: No Aplica | AH13: Si Secop | AI13: =CONCATENATE(PAA[[#This Row],[Id Interno]],"-",PAA[[#This Row],[tipo de Contrato (TH talento humano - B/S bienes y/o servicios)]],"-",S13,"-",T13,"-",PAA[[#This Row],[Objeto de la contratación]]) -> 20260195-BS-No a-li-SGH - Adquirir elementos de protección personal para prevenir la aparición de enfermedades ocupacionales en el oido, de los funcionarios de la UAE Cuerpo Oficial de Bomberos de Bogotá
B14: 20260197 | C14: Suministro e instalación de llantas para los vehículos y equipos menores incluye (alineación, balanceo y servicios conexos) de la U.A.E Cuerpo Oficial de Bogotá-SBLG | D14: 03 - selec. abrev. subasta inversa | E14: BS | F14: 08 - contrato de suministro | G14: JULIO | H14: 12 | I14: 0 | J14: =83151000 -> 83151000 | K14: NO | L14: Sub. Logística | M14: Omer Mauricio Rivera Ruiz | N14: 8173-Modernización de las capacidades del Cuerpo Oficial de Bomberos Bogotá D.C. | O14: Subdirector@ de Gestión del Riesgo | P14: 1-100-I087 VA-Sobretasa Bomberil | Q14: 25172500 | R14: 8173 4-Desarrollar 3 estrategias para el fortalecimiento de la logistica en la atención de emergencias. | S14: =MID(PAA[[#This Row],[Meta Proyecto de Inversión]],1,4) -> 8173 | T14: =MID(PAA[[#This Row],[Meta Proyecto de Inversión]],6,2) -> 4- | U14: =IFERROR(VLOOKUP(N14,TD!$B$54:$F$58,2,0)," ") -> O230117 | V14: =IFERROR(VLOOKUP(N14,TD!$B$54:$F$58,3,0)," ") -> 4503 | W14: =IFERROR(VLOOKUP(N14,TD!$B$54:$F$58,4,0)," ") -> 20240255 | X14: 09 | Y14: =IFERROR(VLOOKUP(X14,TD!$J$55:$K$68,2,0)," ") -> Servicio de mantenimiento, dotación (HEA´s y equipo menor) y adquisición de vehiculos especializados para la atención de emergencias. | Z14: =CONCATENATE(X14,"-",Y14) -> 09-Servicio de mantenimiento, dotación (HEA´s y equipo menor) y adquisición de vehiculos especializados para la atención de emergencias. | AA14: 004 | AB14: =IFERROR(VLOOKUP(AA14,TD!$N$55:$O$70,2,0)," ") -> Servicio de atención a emergencias y desastres | AC14: =CONCATENATE(AA14,"_",AB14) -> 004_Servicio de atención a emergencias y desastres | AD14: =CONCATENATE(Z14," ",AC14) -> 09-Servicio de mantenimiento, dotación (HEA´s y equipo menor) y adquisición de vehiculos especializados para la atención de emergencias. 004_Servicio de atención a emergencias y desastres | AE14: =CONCATENATE(U14,V14,W14,X14,AA14) -> O23011745032024025509004 | AF14: =IFERROR(VLOOKUP(AD14,TD!$J$70:$K$93,2,0)," ") -> PM/0131/0109/45030040255 | AG14: O2320201003063611101 Llantas de caucho para automóviles | AH14: Si Secop | AI14: =CONCATENATE(PAA[[#This Row],[Id Interno]],"-",PAA[[#This Row],[tipo de Contrato (TH talento humano - B/S bienes y/o servicios)]],"-",S14,"-",T14,"-",PAA[[#This Row],[Objeto de la contratación]]) -> 20260197-BS-8173-4--Suministro e instalación de llantas para los vehículos y equipos menores incluye (alineación, balanceo y servicios conexos) de la U.A.E Cuerpo Oficial de Bogotá-SBLG
B15: 20260246 | C15: Contratar el suministro de alimentación para los caninos del cuerpo oficial y animales rescatados por la U.A.E. del Cuerpo Oficial de Bomberos de Bogotá – SBLG | D15: 04 - contratación mínima cuantía | E15: BS | F15: 08 - contrato de suministro | G15: JUNIO | H15: 8 | I15: 0 | J15: 48500000 | K15: NO | L15: Sub. Logística | M15: Omer Mauricio Rivera Ruiz | N15: 8173-Modernización de las capacidades del Cuerpo Oficial de Bomberos Bogotá D.C. | O15: Subdirector@ de Gestión del Riesgo | P15: 1-100-I087 VA-Sobretasa Bomberil | Q15: 10121801; 10121802; 10121804 | R15: 8173 4-Desarrollar 3 estrategias para el fortalecimiento de la logistica en la atención de emergencias. | S15: =MID(PAA[[#This Row],[Meta Proyecto de Inversión]],1,4) -> 8173 | T15: =MID(PAA[[#This Row],[Meta Proyecto de Inversión]],6,2) -> 4- | U15: =IFERROR(VLOOKUP(N15,TD!$B$54:$F$58,2,0)," ") -> O230117 | V15: =IFERROR(VLOOKUP(N15,TD!$B$54:$F$58,3,0)," ") -> 4503 | W15: =IFERROR(VLOOKUP(N15,TD!$B$54:$F$58,4,0)," ") -> 20240255 | X15: 12 | Y15: =IFERROR(VLOOKUP(X15,TD!$J$55:$K$68,2,0)," ") -> Servicio de apoyo logístico en eventos operativos y/o emergencias. | Z15: =CONCATENATE(X15,"-",Y15) -> 12-Servicio de apoyo logístico en eventos operativos y/o emergencias. | AA15: 004 | AB15: =IFERROR(VLOOKUP(AA15,TD!$N$55:$O$70,2,0)," ") -> Servicio de atención a emergencias y desastres | AC15: =CONCATENATE(AA15,"_",AB15) -> 004_Servicio de atención a emergencias y desastres | AD15: =CONCATENATE(Z15," ",AC15) -> 12-Servicio de apoyo logístico en eventos operativos y/o emergencias. 004_Servicio de atención a emergencias y desastres | AE15: =CONCATENATE(U15,V15,W15,X15,AA15) -> O23011745032024025512004 | AF15: =IFERROR(VLOOKUP(AD15,TD!$J$70:$K$93,2,0)," ") -> PM/0131/0112/45030040255 | AG15: O232020200883590 Otros servicios veterinarios | AH15: Si Secop | AI15: =CONCATENATE(PAA[[#This Row],[Id Interno]],"-",PAA[[#This Row],[tipo de Contrato (TH talento humano - B/S bienes y/o servicios)]],"-",S15,"-",T15,"-",PAA[[#This Row],[Objeto de la contratación]]) -> 20260246-BS-8173-4--Contratar el suministro de alimentación para los caninos del cuerpo oficial y animales rescatados por la U.A.E. del Cuerpo Oficial de Bomberos de Bogotá – SBLG
B16: 20260249 | C16: Prestación de servicios médicos veterinarios, con suministro de medicamentos e insumos veterinarios y otros, para los caninos de la U.A.E. Cuerpo Oficial de Bomberos de Bogotá - SBLG | D16: 04 - contratación mínima cuantía | E16: BS | F16: 03 - contrato de prestacion de servicios | G16: JULIO | H16: 8 | I16: 0 | J16: 14134560 | K16: NO | L16: Sub. Logística | M16: Omer Mauricio Rivera Ruiz | N16: 8173-Modernización de las capacidades del Cuerpo Oficial de Bomberos Bogotá D.C. | O16: Subdirector@ de Gestión del Riesgo | P16: 1-100-I087 VA-Sobretasa Bomberil | Q16: 70122002; 70122005; 70122006; 70122007; 70122008; 70122009; 70122010; 10110000; 42120000;70122001. | R16: 8173 4-Desarrollar 3 estrategias para el fortalecimiento de la logistica en la atención de emergencias. | S16: =MID(PAA[[#This Row],[Meta Proyecto de Inversión]],1,4) -> 8173 | T16: =MID(PAA[[#This Row],[Meta Proyecto de Inversión]],6,2) -> 4- | U16: =IFERROR(VLOOKUP(N16,TD!$B$54:$F$58,2,0)," ") -> O230117 | V16: =IFERROR(VLOOKUP(N16,TD!$B$54:$F$58,3,0)," ") -> 4503 | W16: =IFERROR(VLOOKUP(N16,TD!$B$54:$F$58,4,0)," ") -> 20240255 | X16: 12 | Y16: =IFERROR(VLOOKUP(X16,TD!$J$55:$K$68,2,0)," ") -> Servicio de apoyo logístico en eventos operativos y/o emergencias. | Z16: =CONCATENATE(X16,"-",Y16) -> 12-Servicio de apoyo logístico en eventos operativos y/o emergencias. | AA16: 004 | AB16: =IFERROR(VLOOKUP(AA16,TD!$N$55:$O$70,2,0)," ") -> Servicio de atención a emergencias y desastres | AC16: =CONCATENATE(AA16,"_",AB16) -> 004_Servicio de atención a emergencias y desastres | AD16: =CONCATENATE(Z16," ",AC16) -> 12-Servicio de apoyo logístico en eventos operativos y/o emergencias. 004_Servicio de atención a emergencias y desastres | AE16: =CONCATENATE(U16,V16,W16,X16,AA16) -> O23011745032024025512004 | AF16: =IFERROR(VLOOKUP(AD16,TD!$J$70:$K$93,2,0)," ") -> PM/0131/0112/45030040255 | AG16: O232020200883590 Otros servicios veterinarios | AH16: Si Secop | AI16: =CONCATENATE(PAA[[#This Row],[Id Interno]],"-",PAA[[#This Row],[tipo de Contrato (TH talento humano - B/S bienes y/o servicios)]],"-",S16,"-",T16,"-",PAA[[#This Row],[Objeto de la contratación]]) -> 20260249-BS-8173-4--Prestación de servicios médicos veterinarios, con suministro de medicamentos e insumos veterinarios y otros, para los caninos de la U.A.E. Cuerpo Oficial de Bomberos de Bogotá - SBLG
B17: 20260255 | C17: Adición al contrato 622-2025 cuyo objeto es: ¨Prestación del servicio de mantenimiento preventivo y correctivo de los equipos de respiración autónoma interspiro propiedad de la UAECOB, incluido el suministro de repuestos, insumos mano de obra especializada –SBLG | D17: 09 - contratación directa | E17: BS | F17: 03 - contrato de prestacion de servicios | G17: MARZO | H17: 4 | I17: 0 | J17: 26104301 | K17: NO | L17: Sub. Logística | M17: Omer Mauricio Rivera Ruiz | N17: 8173-Modernización de las capacidades del Cuerpo Oficial de Bomberos Bogotá D.C. | O17: Subdirector@ de Gestión del Riesgo | P17: 1-100-I087 VA-Sobretasa Bomberil | Q17: 72101509 | R17: 8173 4-Desarrollar 3 estrategias para el fortalecimiento de la logistica en la atención de emergencias. | S17: =MID(PAA[[#This Row],[Meta Proyecto de Inversión]],1,4) -> 8173 | T17: =MID(PAA[[#This Row],[Meta Proyecto de Inversión]],6,2) -> 4- | U17: =IFERROR(VLOOKUP(N17,TD!$B$54:$F$58,2,0)," ") -> O230117 | V17: =IFERROR(VLOOKUP(N17,TD!$B$54:$F$58,3,0)," ") -> 4503 | W17: =IFERROR(VLOOKUP(N17,TD!$B$54:$F$58,4,0)," ") -> 20240255 | X17: 09 | Y17: =IFERROR(VLOOKUP(X17,TD!$J$55:$K$68,2,0)," ") -> Servicio de mantenimiento, dotación (HEA´s y equipo menor) y adquisición de vehiculos especializados para la atención de emergencias. | Z17: =CONCATENATE(X17,"-",Y17) -> 09-Servicio de mantenimiento, dotación (HEA´s y equipo menor) y adquisición de vehiculos especializados para la atención de emergencias. | AA17: 004 | AB17: =IFERROR(VLOOKUP(AA17,TD!$N$55:$O$70,2,0)," ") -> Servicio de atención a emergencias y desastres | AC17: =CONCATENATE(AA17,"_",AB17) -> 004_Servicio de atención a emergencias y desastres | AD17: =CONCATENATE(Z17," ",AC17) -> 09-Servicio de mantenimiento, dotación (HEA´s y equipo menor) y adquisición de vehiculos especializados para la atención de emergencias. 004_Servicio de atención a emergencias y desastres | AE17: =CONCATENATE(U17,V17,W17,X17,AA17) -> O23011745032024025509004 | AF17: =IFERROR(VLOOKUP(AD17,TD!$J$70:$K$93,2,0)," ") -> PM/0131/0109/45030040255 | AG17: O23201010030208 Otra maquinaria para usos especiales y sus partes y piezas | AH17: No Secop | AI17: =CONCATENATE(PAA[[#This Row],[Id Interno]],"-",PAA[[#This Row],[tipo de Contrato (TH talento humano - B/S bienes y/o servicios)]],"-",S17,"-",T17,"-",PAA[[#This Row],[Objeto de la contratación]]) -> 20260255-BS-8173-4--Adición al contrato 622-2025 cuyo objeto es: ¨Prestación del servicio de mantenimiento preventivo y correctivo de los equipos de respiración autónoma interspiro propiedad de la UAECOB, incluido el suministro de repuestos, insumos mano de obra especializada –SBLG
B18: 20260320 | C18: Prestación de servicios de apoyo a la gestión para ejecutar actividades administrativas y asistenciales para el diligenciamiento y seguimiento de las solicitudes en las herramientas de gestión de los procedimientos, para el desarrollo de los programas y metas de la Subdirección Operativa-S.O. | D18: 09 - contratación directa | E18: TH | F18: 26 - contrato de prestacion de servicios de apoyo a la gestion | G18: JULIO | H18: 5 | I18: 0 | J18: 22450000 | K18: NO | L18: Sub. Operativa | M18: Yenire Yohansy Lozano Ascanio | N18: 8173-Modernización de las capacidades del Cuerpo Oficial de Bomberos Bogotá D.C. | O18: Subdirector@ de Gestión del Riesgo | P18: 1-100-I087 VA-Sobretasa Bomberil | Q18: 80111600 | R18: 8173 1-Implementación 6 estrategias de reducción del riesgo de incendios, incidentes con materiales peligrosos y rescate en todas sus modalidades en la ciudad de Bogotá | S18: =MID(PAA[[#This Row],[Meta Proyecto de Inversión]],1,4) -> 8173 | T18: =MID(PAA[[#This Row],[Meta Proyecto de Inversión]],6,2) -> 1- | U18: =IFERROR(VLOOKUP(N18,TD!$B$54:$F$58,2,0)," ") -> O230117 | V18: =IFERROR(VLOOKUP(N18,TD!$B$54:$F$58,3,0)," ") -> 4503 | W18: =IFERROR(VLOOKUP(N18,TD!$B$54:$F$58,4,0)," ") -> 20240255 | X18: 04 | Y18: =IFERROR(VLOOKUP(X18,TD!$J$55:$K$68,2,0)," ") -> Servicio de atención a incidentes y emergencias. | Z18: =CONCATENATE(X18,"-",Y18) -> 04-Servicio de atención a incidentes y emergencias. | AA18: 004 | AB18: =IFERROR(VLOOKUP(AA18,TD!$N$55:$O$70,2,0)," ") -> Servicio de atención a emergencias y desastres | AC18: =CONCATENATE(AA18,"_",AB18) -> 004_Servicio de atención a emergencias y desastres | AD18: =CONCATENATE(Z18," ",AC18) -> 04-Servicio de atención a incidentes y emergencias. 004_Servicio de atención a emergencias y desastres | AE18: =CONCATENATE(U18,V18,W18,X18,AA18) -> O23011745032024025504004 | AF18: =IFERROR(VLOOKUP(AD18,TD!$J$70:$K$93,2,0)," ") -> PM/0131/0104/45030040255 | AG18: O232020200991191 Servicios administrativos relacionados con los trabajadores estatales | AH18: Si Secop | AI18: =CONCATENATE(PAA[[#This Row],[Id Interno]],"-",PAA[[#This Row],[tipo de Contrato (TH talento humano - B/S bienes y/o servicios)]],"-",S18,"-",T18,"-",PAA[[#This Row],[Objeto de la contratación]]) -> 20260320-TH-8173-1--Prestación de servicios de apoyo a la gestión para ejecutar actividades administrativas y asistenciales para el diligenciamiento y seguimiento de las solicitudes en las herramientas de gestión de los procedimientos, para el desarrollo de los programas y metas de la Subdirección Operativa-S.O.
B19: 20260403 | C19: Prestación de servicios de apoyo a la gestión en la ejecución de los planes y programas de servicio al ciudadano a cargo de la Subdirección de Gestión Corporativa.-SGC | D19: 09 - contratación directa | E19: TH | F19: 26 - contrato de prestacion de servicios de apoyo a la gestion | G19: ENERO | H19: 11 | I19: 0 | J19: 26274624 | K19: NO | L19: Sub. Gestión Corporativa | M19: Fatima Veronica Quintero Nuñez | N19: 8126-Fortalecimiento institucional de la UAECOB para un gobierno confiable Bogotá D.C. | O19: Subdirector@ de Gestión Corporativa | P19: 1-100-I087 VA-Sobretasa Bomberil | Q19: 80111600; | R19: 8126 9-Fortalecer el 100% de la gestión administrativa de las áreas de apoyo al cumplimiento de la misionalidad de la UAECOB | S19: =MID(PAA[[#This Row],[Meta Proyecto de Inversión]],1,4) -> 8126 | T19: =MID(PAA[[#This Row],[Meta Proyecto de Inversión]],6,2) -> 9- | U19: =IFERROR(VLOOKUP(N19,TD!$B$54:$F$58,2,0)," ") -> O230117 | V19: =IFERROR(VLOOKUP(N19,TD!$B$54:$F$58,3,0)," ") -> 4599 | W19: =IFERROR(VLOOKUP(N19,TD!$B$54:$F$58,4,0)," ") -> 20240207 | X19: 08 | Y19: =IFERROR(VLOOKUP(X19,TD!$J$55:$K$68,2,0)," ") -> Infraestructura física, mantenimiento y dotación (Sedes construidas, mantenidas reforzadas) | Z19: =CONCATENATE(X19,"-",Y19) -> 08-Infraestructura física, mantenimiento y dotación (Sedes construidas, mantenidas reforzadas) | AA19: 016 | AB19: =IFERROR(VLOOKUP(AA19,TD!$N$55:$O$70,2,0)," ") -> Sedes mantenidas | AC19: =CONCATENATE(AA19,"_",AB19) -> 016_Sedes mantenidas | AD19: =CONCATENATE(Z19," ",AC19) -> 08-Infraestructura física, mantenimiento y dotación (Sedes construidas, mantenidas reforzadas) 016_Sedes mantenidas | AE19: =CONCATENATE(U19,V19,W19,X19,AA19) -> O23011745992024020708016 | AF19: =IFERROR(VLOOKUP(AD19,TD!$J$70:$K$93,2,0)," ") -> PM/0131/0108/45990160207 | AG19: O232020200991191 Servicios administrativos relacionados con los trabajadores estatales | AH19: Si Secop | AI19: =CONCATENATE(PAA[[#This Row],[Id Interno]],"-",PAA[[#This Row],[tipo de Contrato (TH talento humano - B/S bienes y/o servicios)]],"-",S19,"-",T19,"-",PAA[[#This Row],[Objeto de la contratación]]) -> 20260403-TH-8126-9--Prestación de servicios de apoyo a la gestión en la ejecución de los planes y programas de servicio al ciudadano a cargo de la Subdirección de Gestión Corporativa.-SGC
B20: 20260539 | C20: Adquirir máquinas de grabado láser para el plaqueteo y/o marcación de los bienes devolutivos de la UAECOB, con el fin de garantizar el correcto control del inventario mediante rótulos duraderos y resistentes-SGC | D20: 04 - contratación mínima cuantía | E20: BS | F20: 06 - contrato de compraventa | G20: MARZO | H20: 3 | I20: 0 | J20: 32427500 | K20: NO | L20: Sub. Gestión Corporativa | M20: Fatima Veronica Quintero Nuñez | N20: 8173-Modernización de las capacidades del Cuerpo Oficial de Bomberos Bogotá D.C. | O20: Subdirector@ de Gestión del Riesgo | P20: 1-100-I087 VA-Sobretasa Bomberil | Q20: 23153602; | R20: 8173 11-Gestionar el 100% de las necesidades de bienes y servicios a la infraestructura en funcionamiento | S20: =MID(PAA[[#This Row],[Meta Proyecto de Inversión]],1,4) -> 8173 | T20: =MID(PAA[[#This Row],[Meta Proyecto de Inversión]],6,2) -> 11 | U20: =IFERROR(VLOOKUP(N20,TD!$B$54:$F$58,2,0)," ") -> O230117 | V20: =IFERROR(VLOOKUP(N20,TD!$B$54:$F$58,3,0)," ") -> 4503 | W20: =IFERROR(VLOOKUP(N20,TD!$B$54:$F$58,4,0)," ") -> 20240255 | X20: 14 | Y20: =IFERROR(VLOOKUP(X20,TD!$J$55:$K$68,2,0)," ") -> Infraestructura física misional construida mantenida y dotada | Z20: =CONCATENATE(X20,"-",Y20) -> 14-Infraestructura física misional construida mantenida y dotada | AA20: 014 | AB20: =IFERROR(VLOOKUP(AA20,TD!$N$55:$O$70,2,0)," ") -> Estaciones de bomberos adecuadas | AC20: =CONCATENATE(AA20,"_",AB20) -> 014_Estaciones de bomberos adecuadas | AD20: =CONCATENATE(Z20," ",AC20) -> 14-Infraestructura física misional construida mantenida y dotada 014_Estaciones de bomberos adecuadas | AE20: =CONCATENATE(U20,V20,W20,X20,AA20) -> O23011745032024025514014 | AF20: =IFERROR(VLOOKUP(AD20,TD!$J$70:$K$93,2,0)," ") -> PM/0131/0114/45030140255 | AG20: O23201010030208 Otra maquinaria para usos especiales y sus partes y piezas | AH20: Si Secop | AI20: =CONCATENATE(PAA[[#This Row],[Id Interno]],"-",PAA[[#This Row],[tipo de Contrato (TH talento humano - B/S bienes y/o servicios)]],"-",S20,"-",T20,"-",PAA[[#This Row],[Objeto de la contratación]]) -> 20260539-BS-8173-11-Adquirir máquinas de grabado láser para el plaqueteo y/o marcación de los bienes devolutivos de la UAECOB, con el fin de garantizar el correcto control del inventario mediante rótulos duraderos y resistentes-SGC
B21: 20260635 | C21: Adición No. 1 al contrato 629 de 2025 que tiene como objeto “Prestar el servicio de vigilancia y seguridad privada en la modalidad de vigilancia fija, según especificaciones técnicas, en las instalaciones donde la UAE Especial Cuerpo Oficial de Bomberos requiera-SGC | D21: 01 - licitación pública | E21: BS | F21: 03 - contrato de prestacion de servicios | G21: MAYO | H21: 0 | I21: 0 | J21: 238909870 | K21: NO | L21: Sub. Gestión Corporativa | M21: Fatima Veronica Quintero Nuñez | N21: 8126-Fortalecimiento institucional de la UAECOB para un gobierno confiable Bogotá D.C. | O21: Subdirector@ de Gestión Corporativa | P21: 1-100-I087 VA-Sobretasa Bomberil | Q21: 92121500; | R21: 8126 8-Implementar el 100% del programa de mantenimiento a las sedes de Bomberos de Bogotá | S21: =MID(PAA[[#This Row],[Meta Proyecto de Inversión]],1,4) -> 8126 | T21: =MID(PAA[[#This Row],[Meta Proyecto de Inversión]],6,2) -> 8- | U21: =IFERROR(VLOOKUP(N21,TD!$B$54:$F$58,2,0)," ") -> O230117 | V21: =IFERROR(VLOOKUP(N21,TD!$B$54:$F$58,3,0)," ") -> 4599 | W21: =IFERROR(VLOOKUP(N21,TD!$B$54:$F$58,4,0)," ") -> 20240207 | X21: 08 | Y21: =IFERROR(VLOOKUP(X21,TD!$J$55:$K$68,2,0)," ") -> Infraestructura física, mantenimiento y dotación (Sedes construidas, mantenidas reforzadas) | Z21: =CONCATENATE(X21,"-",Y21) -> 08-Infraestructura física, mantenimiento y dotación (Sedes construidas, mantenidas reforzadas) | AA21: 016 | AB21: =IFERROR(VLOOKUP(AA21,TD!$N$55:$O$70,2,0)," ") -> Sedes mantenidas | AC21: =CONCATENATE(AA21,"_",AB21) -> 016_Sedes mantenidas | AD21: =CONCATENATE(Z21," ",AC21) -> 08-Infraestructura física, mantenimiento y dotación (Sedes construidas, mantenidas reforzadas) 016_Sedes mantenidas | AE21: =CONCATENATE(U21,V21,W21,X21,AA21) -> O23011745992024020708016 | AF21: =IFERROR(VLOOKUP(AD21,TD!$J$70:$K$93,2,0)," ") -> PM/0131/0108/45990160207 | AG21: O232020200885250 Servicios de protección (guardas de seguridad) | AH21: No Secop | AI21: =CONCATENATE(PAA[[#This Row],[Id Interno]],"-",PAA[[#This Row],[tipo de Contrato (TH talento humano - B/S bienes y/o servicios)]],"-",S21,"-",T21,"-",PAA[[#This Row],[Objeto de la contratación]]) -> 20260635-BS-8126-8--Adición No. 1 al contrato 629 de 2025 que tiene como objeto “Prestar el servicio de vigilancia y seguridad privada en la modalidad de vigilancia fija, según especificaciones técnicas, en las instalaciones donde la UAE Especial Cuerpo Oficial de Bomberos requiera-SGC
B22: 20260659 | C22: SGH - Utilización lista de elegibles CNSC para provisión de vacantes | D22: 91 - n/a acto administrativo (resolución, decreto, acuerdo, etc.) | E22: BS | F22: 12 - resolucion | G22: MARZO | H22: 6 | I22: 0 | J22: 45860535 | K22: NO | L22: Sub. Gestión Humana | M22: Jose Andres Ponce Caicedo | N22: 131- Funcionamiento | O22: Subdirector@ de Gestión Corporativa | P22: 1-100-F001 VA-Recursos distrito | Q22: N/A | R22: No aplica | S22: =MID(PAA[[#This Row],[Meta Proyecto de Inversión]],1,4) -> No a | T22: =MID(PAA[[#This Row],[Meta Proyecto de Inversión]],6,2) -> li | U22: =IFERROR(VLOOKUP(N22,TD!$B$54:$F$58,2,0)," ") -> NA | V22: =IFERROR(VLOOKUP(N22,TD!$B$54:$F$58,3,0)," ") -> NA | W22: =IFERROR(VLOOKUP(N22,TD!$B$54:$F$58,4,0)," ") -> NA | X22: N/A | Y22: =IFERROR(VLOOKUP(X22,TD!$J$55:$K$68,2,0)," ") -> N/A | Z22: =CONCATENATE(X22,"-",Y22) -> N/A-N/A | AA22: N/A | AB22: =IFERROR(VLOOKUP(AA22,TD!$N$55:$O$70,2,0)," ") -> N/A | AC22: =CONCATENATE(AA22,"_",AB22) -> N/A_N/A | AD22: =CONCATENATE(Z22," ",AC22) -> N/A-N/A N/A_N/A | AE22: =CONCATENATE(U22,V22,W22,X22,AA22) -> NANANAN/AN/A | AF22: =IFERROR(VLOOKUP(AD22,TD!$J$70:$K$93,2,0)," ") -> N/A | AG22: No Aplica | AH22: Si Secop | AI22: =CONCATENATE(PAA[[#This Row],[Id Interno]],"-",PAA[[#This Row],[tipo de Contrato (TH talento humano - B/S bienes y/o servicios)]],"-",S22,"-",T22,"-",PAA[[#This Row],[Objeto de la contratación]]) -> 20260659-BS-No a-li-SGH - Utilización lista de elegibles CNSC para provisión de vacantes
B23: 20260684 | C23: Realizar la adecuación y mejoramiento de las instalaciones de La Unidad Administrativa Especial Cuerpo Oficial de Bomberos de Bogotá D.C. – SGC.C | D23: 01 - licitación pública | E23: BS | F23: 05 - contrato de obra | G23: JULIO | H23: 10 | I23: 0 | J23: 218693801 | K23: NO | L23: Sub. Gestión Corporativa | M23: Fatima Veronica Quintero Nuñez | N23: 8173-Modernización de las capacidades del Cuerpo Oficial de Bomberos Bogotá D.C. | O23: Subdirector@ de Gestión del Riesgo | P23: 1-100-I087 VA-Sobretasa Bomberil | Q23: 72121400; 72151700; 72151700; 81101500 | R23: 8173 7-Adecuar 4 Sedes de la UAECOB | S23: =MID(PAA[[#This Row],[Meta Proyecto de Inversión]],1,4) -> 8173 | T23: =MID(PAA[[#This Row],[Meta Proyecto de Inversión]],6,2) -> 7- | U23: =IFERROR(VLOOKUP(N23,TD!$B$54:$F$58,2,0)," ") -> O230117 | V23: =IFERROR(VLOOKUP(N23,TD!$B$54:$F$58,3,0)," ") -> 4503 | W23: =IFERROR(VLOOKUP(N23,TD!$B$54:$F$58,4,0)," ") -> 20240255 | X23: 14 | Y23: =IFERROR(VLOOKUP(X23,TD!$J$55:$K$68,2,0)," ") -> Infraestructura física misional construida mantenida y dotada | Z23: =CONCATENATE(X23,"-",Y23) -> 14-Infraestructura física misional construida mantenida y dotada | AA23: 014 | AB23: =IFERROR(VLOOKUP(AA23,TD!$N$55:$O$70,2,0)," ") -> Estaciones de bomberos adecuadas | AC23: =CONCATENATE(AA23,"_",AB23) -> 014_Estaciones de bomberos adecuadas | AD23: =CONCATENATE(Z23," ",AC23) -> 14-Infraestructura física misional construida mantenida y dotada 014_Estaciones de bomberos adecuadas | AE23: =CONCATENATE(U23,V23,W23,X23,AA23) -> O23011745032024025514014 | AF23: =IFERROR(VLOOKUP(AD23,TD!$J$70:$K$93,2,0)," ") -> PM/0131/0114/45030140255 | AG23: O2320202005040554590 Otros servicios especializados de la construcción | AH23: Si Secop | AI23: =CONCATENATE(PAA[[#This Row],[Id Interno]],"-",PAA[[#This Row],[tipo de Contrato (TH talento humano - B/S bienes y/o servicios)]],"-",S23,"-",T23,"-",PAA[[#This Row],[Objeto de la contratación]]) -> 20260684-BS-8173-7--Realizar la adecuación y mejoramiento de las instalaciones de La Unidad Administrativa Especial Cuerpo Oficial de Bomberos de Bogotá D.C. – SGC.C
B24: 20260704 | C24: Contratar el servicio de actualización y soporte de licenciamiento ArcGIS para la U.A.E. Cuerpo Oficial de Bomberos de Bogotá.- TIC | D24: 09 - contratación directa | E24: BS | F24: 19 - contrato de renovacion de licencias | G24: NOVIEMBRE | H24: 12 | I24: 0 | J24: 95044968 | K24: NO | L24: Dirección Tic | M24: Paula Ximena Henao Escobar | N24: 131- Funcionamiento | O24: Subdirector@ de Gestión Corporativa | P24: 1-100-F001 VA-Recursos distrito | Q24: 81112217 | R24: No aplica | S24: =MID(PAA[[#This Row],[Meta Proyecto de Inversión]],1,4) -> No a | T24: =MID(PAA[[#This Row],[Meta Proyecto de Inversión]],6,2) -> li | U24: =IFERROR(VLOOKUP(N24,TD!$B$54:$F$58,2,0)," ") -> NA | V24: =IFERROR(VLOOKUP(N24,TD!$B$54:$F$58,3,0)," ") -> NA | W24: =IFERROR(VLOOKUP(N24,TD!$B$54:$F$58,4,0)," ") -> NA | X24: N/A | Y24: =IFERROR(VLOOKUP(X24,TD!$J$55:$K$68,2,0)," ") -> N/A | Z24: =CONCATENATE(X24,"-",Y24) -> N/A-N/A | AA24: N/A | AB24: =IFERROR(VLOOKUP(AA24,TD!$N$55:$O$70,2,0)," ") -> N/A | AC24: =CONCATENATE(AA24,"_",AB24) -> N/A_N/A | AD24: =CONCATENATE(Z24," ",AC24) -> N/A-N/A N/A_N/A | AE24: =CONCATENATE(U24,V24,W24,X24,AA24) -> NANANAN/AN/A | AF24: =IFERROR(VLOOKUP(AD24,TD!$J$70:$K$93,2,0)," ") -> N/A | AG24: O21202020080383141 Servicios de diseño y desarrollo de aplicaciones en tecnologías de la información (TI) | AH24: Si Secop | AI24: =CONCATENATE(PAA[[#This Row],[Id Interno]],"-",PAA[[#This Row],[tipo de Contrato (TH talento humano - B/S bienes y/o servicios)]],"-",S24,"-",T24,"-",PAA[[#This Row],[Objeto de la contratación]]) -> 20260704-BS-No a-li-Contratar el servicio de actualización y soporte de licenciamiento ArcGIS para la U.A.E. Cuerpo Oficial de Bomberos de Bogotá.- TIC
B25: 20260706 | C25: Contratar la renovación de garantía y soporte de fabrica de los equipos activos que hacen parte de la infraestructura tecnológica de la U.A.E. Cuerpo Oficial de Bomberos de Bogotá. | D25: 03 - selec. abrev. subasta inversa | E25: BS | F25: 06 - contrato de compraventa | G25: OCTUBRE | H25: 12 | I25: 0 | J25: 55695000 | K25: NO | L25: Dirección Tic | M25: Paula Ximena Henao Escobar | N25: 131- Funcionamiento | O25: Subdirector@ de Gestión Corporativa | P25: 1-100-F001 VA-Recursos distrito | Q25: 43222635 | R25: No aplica | S25: =MID(PAA[[#This Row],[Meta Proyecto de Inversión]],1,4) -> No a | T25: =MID(PAA[[#This Row],[Meta Proyecto de Inversión]],6,2) -> li | U25: =IFERROR(VLOOKUP(N25,TD!$B$54:$F$58,2,0)," ") -> NA | V25: =IFERROR(VLOOKUP(N25,TD!$B$54:$F$58,3,0)," ") -> NA | W25: =IFERROR(VLOOKUP(N25,TD!$B$54:$F$58,4,0)," ") -> NA | X25: N/A | Y25: =IFERROR(VLOOKUP(X25,TD!$J$55:$K$68,2,0)," ") -> N/A | Z25: =CONCATENATE(X25,"-",Y25) -> N/A-N/A | AA25: N/A | AB25: =IFERROR(VLOOKUP(AA25,TD!$N$55:$O$70,2,0)," ") -> N/A | AC25: =CONCATENATE(AA25,"_",AB25) -> N/A_N/A | AD25: =CONCATENATE(Z25," ",AC25) -> N/A-N/A N/A_N/A | AE25: =CONCATENATE(U25,V25,W25,X25,AA25) -> NANANAN/AN/A | AF25: =IFERROR(VLOOKUP(AD25,TD!$J$70:$K$93,2,0)," ") -> N/A | AG25: O21202020080383141 Servicios de diseño y desarrollo de aplicaciones en tecnologías de la información (TI) | AH25: Si Secop | AI25: =CONCATENATE(PAA[[#This Row],[Id Interno]],"-",PAA[[#This Row],[tipo de Contrato (TH talento humano - B/S bienes y/o servicios)]],"-",S25,"-",T25,"-",PAA[[#This Row],[Objeto de la contratación]]) -> 20260706-BS-No a-li-Contratar la renovación de garantía y soporte de fabrica de los equipos activos que hacen parte de la infraestructura tecnológica de la U.A.E. Cuerpo Oficial de Bomberos de Bogotá.
B26: 20260714 | C26: Prestar los servicios de apoyo para el proceso de comunicaciones en emergencias del centro de coordinación y comunicaciones (c.c.c.), para el desarrollo de los programas a cargo de la Subdirección Operativa-S.O. | D26: 09 - contratación directa | E26: TH | F26: 26 - contrato de prestacion de servicios de apoyo a la gestion | G26: AGOSTO | H26: 4 | I26: 15 | J26: 10500000 | K26: NO | L26: Sub. Operativa | M26: Yenire Yohansy Lozano Ascanio | N26: 8173-Modernización de las capacidades del Cuerpo Oficial de Bomberos Bogotá D.C. | O26: Subdirector@ de Gestión del Riesgo | P26: 1-100-I087 VA-Sobretasa Bomberil | Q26: 80111600 | R26: 8173 2-Desarrollar un programa de renovación de equipos, herramientas, accesorios y elementos de protección personal en la UAECOB. | S26: =MID(PAA[[#This Row],[Meta Proyecto de Inversión]],1,4) -> 8173 | T26: =MID(PAA[[#This Row],[Meta Proyecto de Inversión]],6,2) -> 2- | U26: =IFERROR(VLOOKUP(N26,TD!$B$54:$F$58,2,0)," ") -> O230117 | V26: =IFERROR(VLOOKUP(N26,TD!$B$54:$F$58,3,0)," ") -> 4503 | W26: =IFERROR(VLOOKUP(N26,TD!$B$54:$F$58,4,0)," ") -> 20240255 | X26: 04 | Y26: =IFERROR(VLOOKUP(X26,TD!$J$55:$K$68,2,0)," ") -> Servicio de atención a incidentes y emergencias. | Z26: =CONCATENATE(X26,"-",Y26) -> 04-Servicio de atención a incidentes y emergencias. | AA26: 004 | AB26: =IFERROR(VLOOKUP(AA26,TD!$N$55:$O$70,2,0)," ") -> Servicio de atención a emergencias y desastres | AC26: =CONCATENATE(AA26,"_",AB26) -> 004_Servicio de atención a emergencias y desastres | AD26: =CONCATENATE(Z26," ",AC26) -> 04-Servicio de atención a incidentes y emergencias. 004_Servicio de atención a emergencias y desastres | AE26: =CONCATENATE(U26,V26,W26,X26,AA26) -> O23011745032024025504004 | AF26: =IFERROR(VLOOKUP(AD26,TD!$J$70:$K$93,2,0)," ") -> PM/0131/0104/45030040255 | AG26: O232020200991191 Servicios administrativos relacionados con los trabajadores estatales | AH26: Si Secop | AI26: =CONCATENATE(PAA[[#This Row],[Id Interno]],"-",PAA[[#This Row],[tipo de Contrato (TH talento humano - B/S bienes y/o servicios)]],"-",S26,"-",T26,"-",PAA[[#This Row],[Objeto de la contratación]]) -> 20260714-TH-8173-2--Prestar los servicios de apoyo para el proceso de comunicaciones en emergencias del centro de coordinación y comunicaciones (c.c.c.), para el desarrollo de los programas a cargo de la Subdirección Operativa-S.O.
B27: 20260762 | C27: Adición No. 1 prórroga No. 3 al contrato 703 de 2025 con objeto" Adquisición de elementos para el fortalecimiento de la imagen institucional y la identidad visual de la UAECOB-SGC. | D27: 03 - selec. abrev. subasta inversa | E27: BS | F27: 06 - contrato de compraventa | G27: JUNIO | H27: 1 | I27: 0 | J27: 10760832 | K27: NO | L27: Sub. Gestión Corporativa | M27: Fatima Veronica Quintero Nuñez | N27: 8173-Modernización de las capacidades del Cuerpo Oficial de Bomberos Bogotá D.C. | O27: Subdirector@ de Gestión del Riesgo | P27: 1-100-I087 VA-Sobretasa Bomberil | Q27: 72154000; 55121900; 60121400; 52101500; 55121700; | R27: 8173 11-Gestionar el 100% de las necesidades de bienes y servicios a la infraestructura en funcionamiento | S27: =MID(PAA[[#This Row],[Meta Proyecto de Inversión]],1,4) -> 8173 | T27: =MID(PAA[[#This Row],[Meta Proyecto de Inversión]],6,2) -> 11 | U27: =IFERROR(VLOOKUP(N27,TD!$B$54:$F$58,2,0)," ") -> O230117 | V27: =IFERROR(VLOOKUP(N27,TD!$B$54:$F$58,3,0)," ") -> 4503 | W27: =IFERROR(VLOOKUP(N27,TD!$B$54:$F$58,4,0)," ") -> 20240255 | X27: 14 | Y27: =IFERROR(VLOOKUP(X27,TD!$J$55:$K$68,2,0)," ") -> Infraestructura física misional construida mantenida y dotada | Z27: =CONCATENATE(X27,"-",Y27) -> 14-Infraestructura física misional construida mantenida y dotada | AA27: 014 | AB27: =IFERROR(VLOOKUP(AA27,TD!$N$55:$O$70,2,0)," ") -> Estaciones de bomberos adecuadas | AC27: =CONCATENATE(AA27,"_",AB27) -> 014_Estaciones de bomberos adecuadas | AD27: =CONCATENATE(Z27," ",AC27) -> 14-Infraestructura física misional construida mantenida y dotada 014_Estaciones de bomberos adecuadas | AE27: =CONCATENATE(U27,V27,W27,X27,AA27) -> O23011745032024025514014 | AF27: =IFERROR(VLOOKUP(AD27,TD!$J$70:$K$93,2,0)," ") -> PM/0131/0114/45030140255 | AG27: O2320201003023262002 Carteles y avisos | AH27: No Secop | AI27: =CONCATENATE(PAA[[#This Row],[Id Interno]],"-",PAA[[#This Row],[tipo de Contrato (TH talento humano - B/S bienes y/o servicios)]],"-",S27,"-",T27,"-",PAA[[#This Row],[Objeto de la contratación]]) -> 20260762-BS-8173-11-Adición No. 1 prórroga No. 3 al contrato 703 de 2025 con objeto" Adquisición de elementos para el fortalecimiento de la imagen institucional y la identidad visual de la UAECOB-SGC.
B28: 20260773 | C28: Prestar servicios profesionales para apoyar el seguimiento, fortalecimiento y mejora funcional de las herramientas misionales que sirven de soporte a los procesos y procedimientos de la U.A.E. Cuerpo Oficial de Bomberos de Bogotá. | D28: 09 - contratación directa | E28: TH | F28: 25 - contrato de prestacion de servicios profesionales | G28: NOVIEMBRE | H28: 2 | I28: 0 | J28: 10322174 | K28: NO | L28: Dirección Tic | M28: Paula Ximena Henao Escobar | N28: 8126-Fortalecimiento institucional de la UAECOB para un gobierno confiable Bogotá D.C. | O28: Subdirector@ de Gestión Corporativa | P28: 1-100-I087 VA-Sobretasa Bomberil | Q28: 80111600 | R28: 8126 4-Administrar, soportar y mantener el 100% del servicio de Herramientas de Colaboración y sistemas de información. | S28: =MID(PAA[[#This Row],[Meta Proyecto de Inversión]],1,4) -> 8126 | T28: =MID(PAA[[#This Row],[Meta Proyecto de Inversión]],6,2) -> 4- | U28: =IFERROR(VLOOKUP(N28,TD!$B$54:$F$58,2,0)," ") -> O230117 | V28: =IFERROR(VLOOKUP(N28,TD!$B$54:$F$58,3,0)," ") -> 4599 | W28: =IFERROR(VLOOKUP(N28,TD!$B$54:$F$58,4,0)," ") -> 20240207 | X28: 11 | Y28: =IFERROR(VLOOKUP(X28,TD!$J$55:$K$68,2,0)," ") -> Infraestructura Tecnológica (Sistemas de Información y Tecnologia) | Z28: =CONCATENATE(X28,"-",Y28) -> 11-Infraestructura Tecnológica (Sistemas de Información y Tecnologia) | AA28: 007 | AB28: =IFERROR(VLOOKUP(AA28,TD!$N$55:$O$70,2,0)," ") -> Servicios tecnológicos | AC28: =CONCATENATE(AA28,"_",AB28) -> 007_Servicios tecnológicos | AD28: =CONCATENATE(Z28," ",AC28) -> 11-Infraestructura Tecnológica (Sistemas de Información y Tecnologia) 007_Servicios tecnológicos | AE28: =CONCATENATE(U28,V28,W28,X28,AA28) -> O23011745992024020711007 | AF28: =IFERROR(VLOOKUP(AD28,TD!$J$70:$K$93,2,0)," ") -> PM/0131/0111/45990070207 | AG28: O232020200991191 Servicios administrativos relacionados con los trabajadores estatales | AH28: Si Secop | AI28: =CONCATENATE(PAA[[#This Row],[Id Interno]],"-",PAA[[#This Row],[tipo de Contrato (TH talento humano - B/S bienes y/o servicios)]],"-",S28,"-",T28,"-",PAA[[#This Row],[Objeto de la contratación]]) -> 20260773-TH-8126-4--Prestar servicios profesionales para apoyar el seguimiento, fortalecimiento y mejora funcional de las herramientas misionales que sirven de soporte a los procesos y procedimientos de la U.A.E. Cuerpo Oficial de Bomberos de Bogotá.
B29: 20260845 | C29: Adición CONTRATO DE PRESTACION DE SERVICIOS 458 DE 2026 cuyo objeto es "SGH - Contratar la Prestación de Servicios para desarrollar el Plan de Bienestar de la UAE Cuerpo Oficial de Bomberos para la Vigencia 2026" | D29: 09 - contratación directa | E29: BS | F29: 03 - contrato de prestacion de servicios | G29: AGOSTO | H29: 10 | I29: 0 | J29: 192652750 | K29: NO | L29: Sub. Gestión Humana | M29: Jose Andres Ponce Caicedo | N29: 131- Funcionamiento | O29: Subdirector@ de Gestión Corporativa | P29: 1-100-F001 VA-Recursos distrito | Q29: 90101600;90111600;90141700;90151700 | R29: No aplica | S29: =MID(PAA[[#This Row],[Meta Proyecto de Inversión]],1,4) -> No a | T29: =MID(PAA[[#This Row],[Meta Proyecto de Inversión]],6,2) -> li | U29: =IFERROR(VLOOKUP(N29,TD!$B$54:$F$58,2,0)," ") -> NA | V29: =IFERROR(VLOOKUP(N29,TD!$B$54:$F$58,3,0)," ") -> NA | W29: =IFERROR(VLOOKUP(N29,TD!$B$54:$F$58,4,0)," ") -> NA | X29: N/A | Y29: =IFERROR(VLOOKUP(X29,TD!$J$55:$K$68,2,0)," ") -> N/A | Z29: =CONCATENATE(X29,"-",Y29) -> N/A-N/A | AA29: N/A | AB29: =IFERROR(VLOOKUP(AA29,TD!$N$55:$O$70,2,0)," ") -> N/A | AC29: =CONCATENATE(AA29,"_",AB29) -> N/A_N/A | AD29: =CONCATENATE(Z29," ",AC29) -> N/A-N/A N/A_N/A | AE29: =CONCATENATE(U29,V29,W29,X29,AA29) -> NANANAN/AN/A | AF29: =IFERROR(VLOOKUP(AD29,TD!$J$70:$K$93,2,0)," ") -> N/A | AG29: No Aplica | AH29: No Secop | AI29: =CONCATENATE(PAA[[#This Row],[Id Interno]],"-",PAA[[#This Row],[tipo de Contrato (TH talento humano - B/S bienes y/o servicios)]],"-",S29,"-",T29,"-",PAA[[#This Row],[Objeto de la contratación]]) -> 20260845-BS-No a-li-Adición CONTRATO DE PRESTACION DE SERVICIOS 458 DE 2026 cuyo objeto es "SGH - Contratar la Prestación de Servicios para desarrollar el Plan de Bienestar de la UAE Cuerpo Oficial de Bomberos para la Vigencia 2026"
B30: 20260846 | C30: SGH - Contratar los servicios de aplicación, análisis y entrega de resultados de la Batería de Riesgo Psicosocial, en cumplimiento de la Resolución 2764 de 2022 o normatividad vigente, a los funcionarios y contratistas de la UAE Cuerpo Oficial de Bomberos de Bogotá | D30: 04 - contratación mínima cuantía | E30: BS | F30: 03 - contrato de prestacion de servicios | G30: AGOSTO | H30: 5 | I30: 0 | J30: 15347250 | K30: NO | L30: Sub. Gestión Humana | M30: Jose Andres Ponce Caicedo | N30: 131- Funcionamiento | O30: Subdirector@ de Gestión Corporativa | P30: 1-100-F001 VA-Recursos distrito | Q30: 85121600 85121500 85122000 85122201 85101600 | R30: No aplica | S30: =MID(PAA[[#This Row],[Meta Proyecto de Inversión]],1,4) -> No a | T30: =MID(PAA[[#This Row],[Meta Proyecto de Inversión]],6,2) -> li | U30: =IFERROR(VLOOKUP(N30,TD!$B$54:$F$58,2,0)," ") -> NA | V30: =IFERROR(VLOOKUP(N30,TD!$B$54:$F$58,3,0)," ") -> NA | W30: =IFERROR(VLOOKUP(N30,TD!$B$54:$F$58,4,0)," ") -> NA | X30: N/A | Y30: =IFERROR(VLOOKUP(X30,TD!$J$55:$K$68,2,0)," ") -> N/A | Z30: =CONCATENATE(X30,"-",Y30) -> N/A-N/A | AA30: N/A | AB30: =IFERROR(VLOOKUP(AA30,TD!$N$55:$O$70,2,0)," ") -> N/A | AC30: =CONCATENATE(AA30,"_",AB30) -> N/A_N/A | AD30: =CONCATENATE(Z30," ",AC30) -> N/A-N/A N/A_N/A | AE30: =CONCATENATE(U30,V30,W30,X30,AA30) -> NANANAN/AN/A | AF30: =IFERROR(VLOOKUP(AD30,TD!$J$70:$K$93,2,0)," ") -> N/A | AG30: No Aplica | AH30: Si Secop | AI30: =CONCATENATE(PAA[[#This Row],[Id Interno]],"-",PAA[[#This Row],[tipo de Contrato (TH talento humano - B/S bienes y/o servicios)]],"-",S30,"-",T30,"-",PAA[[#This Row],[Objeto de la contratación]]) -> 20260846-BS-No a-li-SGH - Contratar los servicios de aplicación, análisis y entrega de resultados de la Batería de Riesgo Psicosocial, en cumplimiento de la Resolución 2764 de 2022 o normatividad vigente, a los funcionarios y contratistas de la UAE Cuerpo Oficial de Bomberos de Bogotá
B31: 20260863 | C31: Adiciòn y pròrroga al contrato 404 de 2026 cuyo objeto es: "Prestar servicios profesionales para apoyar en la estructuración de las acciones de mejora, seguimiento a la gestión contractual de la Entidad y demás procedimientos, en el marco de las funciones de la Oficina Jurídica" | D31: 09 - contratación directa | E31: TH | F31: 25 - contrato de prestacion de servicios profesionales | G31: OCTUBRE | H31: 3 | I31: 0 | J31: =28960000 -> 28960000 | K31: NO | L31: Oficina Juridica | M31: Mónica María Pérez Barragán | N31: 8126-Fortalecimiento institucional de la UAECOB para un gobierno confiable Bogotá D.C. | O31: Subdirector@ de Gestión Corporativa | P31: 1-100-I087 VA-Sobretasa Bomberil | Q31: 80111600 | R31: 8126 9-Fortalecer el 100% de la gestión administrativa de las áreas de apoyo al cumplimiento de la misionalidad de la UAECOB | S31: =MID(PAA[[#This Row],[Meta Proyecto de Inversión]],1,4) -> 8126 | T31: =MID(PAA[[#This Row],[Meta Proyecto de Inversión]],6,2) -> 9- | U31: =IFERROR(VLOOKUP(N31,TD!$B$54:$F$58,2,0)," ") -> O230117 | V31: =IFERROR(VLOOKUP(N31,TD!$B$54:$F$58,3,0)," ") -> 4599 | W31: =IFERROR(VLOOKUP(N31,TD!$B$54:$F$58,4,0)," ") -> 20240207 | X31: 08 | Y31: =IFERROR(VLOOKUP(X31,TD!$J$55:$K$68,2,0)," ") -> Infraestructura física, mantenimiento y dotación (Sedes construidas, mantenidas reforzadas) | Z31: =CONCATENATE(X31,"-",Y31) -> 08-Infraestructura física, mantenimiento y dotación (Sedes construidas, mantenidas reforzadas) | AA31: 016 | AB31: =IFERROR(VLOOKUP(AA31,TD!$N$55:$O$70,2,0)," ") -> Sedes mantenidas | AC31: =CONCATENATE(AA31,"_",AB31) -> 016_Sedes mantenidas | AD31: =CONCATENATE(Z31," ",AC31) -> 08-Infraestructura física, mantenimiento y dotación (Sedes construidas, mantenidas reforzadas) 016_Sedes mantenidas | AE31: =CONCATENATE(U31,V31,W31,X31,AA31) -> O23011745992024020708016 | AF31: =IFERROR(VLOOKUP(AD31,TD!$J$70:$K$93,2,0)," ") -> PM/0131/0108/45990160207 | AG31: O232020200991191 Servicios administrativos relacionados con los trabajadores estatales | AH31: No Secop | AI31: =CONCATENATE(PAA[[#This Row],[Id Interno]],"-",PAA[[#This Row],[tipo de Contrato (TH talento humano - B/S bienes y/o servicios)]],"-",S31,"-",T31,"-",PAA[[#This Row],[Objeto de la contratación]]) -> 20260863-TH-8126-9--Adiciòn y pròrroga al contrato 404 de 2026 cuyo objeto es: "Prestar servicios profesionales para apoyar en la estructuración de las acciones de mejora, seguimiento a la gestión contractual de la Entidad y demás procedimientos, en el marco de las funciones de la Oficina Jurídica"
B32: 20260873 | C32: Prestar servicios profesionales especializados para apoyar la gestión contractual de la UAECOB, mediante la elaboración, revisión y trámite de los documentos requeridos en las etapas precontractuales de los procesos de selección, contribuyendo a la adecuada estructuración de la contratación y al cumplimiento de las metas y programas institucionales. | D32: 09 - contratación directa | E32: TH | F32: 25 - contrato de prestacion de servicios profesionales | G32: OCTUBRE | H32: 1 | I32: 22 | J32: 15600000 | K32: NO | L32: Sub. Gestión Corporativa | M32: Fatima Veronica Quintero Nuñez | N32: 8173-Modernización de las capacidades del Cuerpo Oficial de Bomberos Bogotá D.C. | O32: Subdirector@ de Gestión del Riesgo | P32: 1-100-I087 VA-Sobretasa Bomberil | Q32: 80111600 | R32: 8173 8-Construir 1 sede de bomberos de la UAECOB | S32: =MID(PAA[[#This Row],[Meta Proyecto de Inversión]],1,4) -> 8173 | T32: =MID(PAA[[#This Row],[Meta Proyecto de Inversión]],6,2) -> 8- | U32: =IFERROR(VLOOKUP(N32,TD!$B$54:$F$58,2,0)," ") -> O230117 | V32: =IFERROR(VLOOKUP(N32,TD!$B$54:$F$58,3,0)," ") -> 4503 | W32: =IFERROR(VLOOKUP(N32,TD!$B$54:$F$58,4,0)," ") -> 20240255 | X32: 14 | Y32: =IFERROR(VLOOKUP(X32,TD!$J$55:$K$68,2,0)," ") -> Infraestructura física misional construida mantenida y dotada | Z32: =CONCATENATE(X32,"-",Y32) -> 14-Infraestructura física misional construida mantenida y dotada | AA32: 015 | AB32: =IFERROR(VLOOKUP(AA32,TD!$N$55:$O$70,2,0)," ") -> Estaciones de bomberos construidas | AC32: =CONCATENATE(AA32,"_",AB32) -> 015_Estaciones de bomberos construidas | AD32: =CONCATENATE(Z32," ",AC32) -> 14-Infraestructura física misional construida mantenida y dotada 015_Estaciones de bomberos construidas | AE32: =CONCATENATE(U32,V32,W32,X32,AA32) -> O23011745032024025514015 | AF32: =IFERROR(VLOOKUP(AD32,TD!$J$70:$K$93,2,0)," ") -> PM/0131/0114/45030150255 | AG32: O232020200991191 Servicios administrativos relacionados con los trabajadores estatales | AH32: Si Secop | AI32: =CONCATENATE(PAA[[#This Row],[Id Interno]],"-",PAA[[#This Row],[tipo de Contrato (TH talento humano - B/S bienes y/o servicios)]],"-",S32,"-",T32,"-",PAA[[#This Row],[Objeto de la contratación]]) -> 20260873-TH-8173-8--Prestar servicios profesionales especializados para apoyar la gestión contractual de la UAECOB, mediante la elaboración, revisión y trámite de los documentos requeridos en las etapas precontractuales de los procesos de selección, contribuyendo a la adecuada estructuración de la contratación y al cumplimiento de las metas y programas institucionales.
B33: 20260958 | C33: Adición y Prorroga del Contrato 102 de 2026, cuyo objeto es "Prestar servicios profesionales de manera articulada en la gestión, seguimiento y control de los procedimientos, lineamientos ambientales y de SST de los procesos, así como del sistema de Gestión de Calidad para el desarrollo de las estrategías de la Subdirección Logística - SBGL." | D33: 09 - contratación directa | E33: TH | F33: 25 - contrato de prestacion de servicios profesionales | G33: NOVIEMBRE | H33: 3 | I33: 0 | J33: 16500000 | K33: NO | L33: Sub. Logística | M33: Omer Mauricio Rivera Ruiz | N33: 8173-Modernización de las capacidades del Cuerpo Oficial de Bomberos Bogotá D.C. | O33: Subdirector@ de Gestión del Riesgo | P33: 1-100-I087 VA-Sobretasa Bomberil | Q33: 80111600 | R33: 8173 4-Desarrollar 3 estrategias para el fortalecimiento de la logistica en la atención de emergencias. | S33: =MID(PAA[[#This Row],[Meta Proyecto de Inversión]],1,4) -> 8173 | T33: =MID(PAA[[#This Row],[Meta Proyecto de Inversión]],6,2) -> 4- | U33: =IFERROR(VLOOKUP(N33,TD!$B$54:$F$58,2,0)," ") -> O230117 | V33: =IFERROR(VLOOKUP(N33,TD!$B$54:$F$58,3,0)," ") -> 4503 | W33: =IFERROR(VLOOKUP(N33,TD!$B$54:$F$58,4,0)," ") -> 20240255 | X33: 12 | Y33: =IFERROR(VLOOKUP(X33,TD!$J$55:$K$68,2,0)," ") -> Servicio de apoyo logístico en eventos operativos y/o emergencias. | Z33: =CONCATENATE(X33,"-",Y33) -> 12-Servicio de apoyo logístico en eventos operativos y/o emergencias. | AA33: 004 | AB33: =IFERROR(VLOOKUP(AA33,TD!$N$55:$O$70,2,0)," ") -> Servicio de atención a emergencias y desastres | AC33: =CONCATENATE(AA33,"_",AB33) -> 004_Servicio de atención a emergencias y desastres | AD33: =CONCATENATE(Z33," ",AC33) -> 12-Servicio de apoyo logístico en eventos operativos y/o emergencias. 004_Servicio de atención a emergencias y desastres | AE33: =CONCATENATE(U33,V33,W33,X33,AA33) -> O23011745032024025512004 | AF33: =IFERROR(VLOOKUP(AD33,TD!$J$70:$K$93,2,0)," ") -> PM/0131/0112/45030040255 | AG33: O232020200991191 Servicios administrativos relacionados con los trabajadores estatales | AH33: Si Secop | AI33: =CONCATENATE(PAA[[#This Row],[Id Interno]],"-",PAA[[#This Row],[tipo de Contrato (TH talento humano - B/S bienes y/o servicios)]],"-",S33,"-",T33,"-",PAA[[#This Row],[Objeto de la contratación]]) -> 20260958-TH-8173-4--Adición y Prorroga del Contrato 102 de 2026, cuyo objeto es "Prestar servicios profesionales de manera articulada en la gestión, seguimiento y control de los procedimientos, lineamientos ambientales y de SST de los procesos, así como del sistema de Gestión de Calidad para el desarrollo de las estrategías de la Subdirección Logística - SBGL."
B34: 20260960 | C34: Adición y Prorroga del Contrato 014 de 2026, cuyo objeto es "Prestación de servicios profesionales, para apoyar la estructuración y elaboración de los asuntos contractuales en sus diferentes etapas en la adquisicion de bienes y servicios para el desarrollo de las estrategías de la Subdirección Logística.- SBLG" | D34: 09 - contratación directa | E34: TH | F34: 25 - contrato de prestacion de servicios profesionales | G34: NOVIEMBRE | H34: 3 | I34: 15 | J34: 24000000 | K34: NO | L34: Sub. Logística | M34: Omer Mauricio Rivera Ruiz | N34: 8173-Modernización de las capacidades del Cuerpo Oficial de Bomberos Bogotá D.C. | O34: Subdirector@ de Gestión del Riesgo | P34: 1-100-I087 VA-Sobretasa Bomberil | Q34: 80111600 | R34: 8173 4-Desarrollar 3 estrategias para el fortalecimiento de la logistica en la atención de emergencias. | S34: =MID(PAA[[#This Row],[Meta Proyecto de Inversión]],1,4) -> 8173 | T34: =MID(PAA[[#This Row],[Meta Proyecto de Inversión]],6,2) -> 4- | U34: =IFERROR(VLOOKUP(N34,TD!$B$54:$F$58,2,0)," ") -> O230117 | V34: =IFERROR(VLOOKUP(N34,TD!$B$54:$F$58,3,0)," ") -> 4503 | W34: =IFERROR(VLOOKUP(N34,TD!$B$54:$F$58,4,0)," ") -> 20240255 | X34: 12 | Y34: =IFERROR(VLOOKUP(X34,TD!$J$55:$K$68,2,0)," ") -> Servicio de apoyo logístico en eventos operativos y/o emergencias. | Z34: =CONCATENATE(X34,"-",Y34) -> 12-Servicio de apoyo logístico en eventos operativos y/o emergencias. | AA34: 004 | AB34: =IFERROR(VLOOKUP(AA34,TD!$N$55:$O$70,2,0)," ") -> Servicio de atención a emergencias y desastres | AC34: =CONCATENATE(AA34,"_",AB34) -> 004_Servicio de atención a emergencias y desastres | AD34: =CONCATENATE(Z34," ",AC34) -> 12-Servicio de apoyo logístico en eventos operativos y/o emergencias. 004_Servicio de atención a emergencias y desastres | AE34: =CONCATENATE(U34,V34,W34,X34,AA34) -> O23011745032024025512004 | AF34: =IFERROR(VLOOKUP(AD34,TD!$J$70:$K$93,2,0)," ") -> PM/0131/0112/45030040255 | AG34: O232020200991191 Servicios administrativos relacionados con los trabajadores estatales | AH34: Si Secop | AI34: =CONCATENATE(PAA[[#This Row],[Id Interno]],"-",PAA[[#This Row],[tipo de Contrato (TH talento humano - B/S bienes y/o servicios)]],"-",S34,"-",T34,"-",PAA[[#This Row],[Objeto de la contratación]]) -> 20260960-TH-8173-4--Adición y Prorroga del Contrato 014 de 2026, cuyo objeto es "Prestación de servicios profesionales, para apoyar la estructuración y elaboración de los asuntos contractuales en sus diferentes etapas en la adquisicion de bienes y servicios para el desarrollo de las estrategías de la Subdirección Logística.- SBLG"
B35: 20260961 | C35: Adición y Prorroga del Contrato 055 de 2026, cuyo objeto es "Prestar servicios profesionales apoyando a la gestión, seguimiento y control administrativo, financiero y contractual de las actividades necesarias para garantizar los insumos y suministros, para la operación durante las emergencias, eventos y capacitaciones a cargo de la Subdirección Logística - SBLG." | D35: 09 - contratación directa | E35: TH | F35: 25 - contrato de prestacion de servicios profesionales | G35: NOVIEMBRE | H35: 3 | I35: 0 | J35: 27000000 | K35: NO | L35: Sub. Logística | M35: Omer Mauricio Rivera Ruiz | N35: 8173-Modernización de las capacidades del Cuerpo Oficial de Bomberos Bogotá D.C. | O35: Subdirector@ de Gestión del Riesgo | P35: 1-100-I087 VA-Sobretasa Bomberil | Q35: 80111600 | R35: 8173 4-Desarrollar 3 estrategias para el fortalecimiento de la logistica en la atención de emergencias. | S35: =MID(PAA[[#This Row],[Meta Proyecto de Inversión]],1,4) -> 8173 | T35: =MID(PAA[[#This Row],[Meta Proyecto de Inversión]],6,2) -> 4- | U35: =IFERROR(VLOOKUP(N35,TD!$B$54:$F$58,2,0)," ") -> O230117 | V35: =IFERROR(VLOOKUP(N35,TD!$B$54:$F$58,3,0)," ") -> 4503 | W35: =IFERROR(VLOOKUP(N35,TD!$B$54:$F$58,4,0)," ") -> 20240255 | X35: 12 | Y35: =IFERROR(VLOOKUP(X35,TD!$J$55:$K$68,2,0)," ") -> Servicio de apoyo logístico en eventos operativos y/o emergencias. | Z35: =CONCATENATE(X35,"-",Y35) -> 12-Servicio de apoyo logístico en eventos operativos y/o emergencias. | AA35: 004 | AB35: =IFERROR(VLOOKUP(AA35,TD!$N$55:$O$70,2,0)," ") -> Servicio de atención a emergencias y desastres | AC35: =CONCATENATE(AA35,"_",AB35) -> 004_Servicio de atención a emergencias y desastres | AD35: =CONCATENATE(Z35," ",AC35) -> 12-Servicio de apoyo logístico en eventos operativos y/o emergencias. 004_Servicio de atención a emergencias y desastres | AE35: =CONCATENATE(U35,V35,W35,X35,AA35) -> O23011745032024025512004 | AF35: =IFERROR(VLOOKUP(AD35,TD!$J$70:$K$93,2,0)," ") -> PM/0131/0112/45030040255 | AG35: O232020200991191 Servicios administrativos relacionados con los trabajadores estatales | AH35: Si Secop | AI35: =CONCATENATE(PAA[[#This Row],[Id Interno]],"-",PAA[[#This Row],[tipo de Contrato (TH talento humano - B/S bienes y/o servicios)]],"-",S35,"-",T35,"-",PAA[[#This Row],[Objeto de la contratación]]) -> 20260961-TH-8173-4--Adición y Prorroga del Contrato 055 de 2026, cuyo objeto es "Prestar servicios profesionales apoyando a la gestión, seguimiento y control administrativo, financiero y contractual de las actividades necesarias para garantizar los insumos y suministros, para la operación durante las emergencias, eventos y capacitaciones a cargo de la Subdirección Logística - SBLG."
B36: 20260987 | C36: Reconocimientos de gastos de alimentación y hospedaje por desplazamientos de contratistas | D36: 91 - n/a acto administrativo (resolución, decreto, acuerdo, etc.) | E36: TH | F36: 12 - resolucion | G36: AGOSTO | H36: 0 | I36: 10 | J36: 5914175 | K36: NO | L36: Sub. Operativa | M36: Yenire Yohansy Lozano Ascanio | N36: 8173-Modernización de las capacidades del Cuerpo Oficial de Bomberos Bogotá D.C. | O36: Subdirector@ de Gestión del Riesgo | P36: 1-100-I087 VA-Sobretasa Bomberil | Q36: 80111600 | R36: 8173 1-Implementación 6 estrategias de reducción del riesgo de incendios, incidentes con materiales peligrosos y rescate en todas sus modalidades en la ciudad de Bogotá | S36: =MID(PAA[[#This Row],[Meta Proyecto de Inversión]],1,4) -> 8173 | T36: =MID(PAA[[#This Row],[Meta Proyecto de Inversión]],6,2) -> 1- | U36: =IFERROR(VLOOKUP(N36,TD!$B$54:$F$58,2,0)," ") -> O230117 | V36: =IFERROR(VLOOKUP(N36,TD!$B$54:$F$58,3,0)," ") -> 4503 | W36: =IFERROR(VLOOKUP(N36,TD!$B$54:$F$58,4,0)," ") -> 20240255 | X36: 04 | Y36: =IFERROR(VLOOKUP(X36,TD!$J$55:$K$68,2,0)," ") -> Servicio de atención a incidentes y emergencias. | Z36: =CONCATENATE(X36,"-",Y36) -> 04-Servicio de atención a incidentes y emergencias. | AA36: 004 | AB36: =IFERROR(VLOOKUP(AA36,TD!$N$55:$O$70,2,0)," ") -> Servicio de atención a emergencias y desastres | AC36: =CONCATENATE(AA36,"_",AB36) -> 004_Servicio de atención a emergencias y desastres | AD36: =CONCATENATE(Z36," ",AC36) -> 04-Servicio de atención a incidentes y emergencias. 004_Servicio de atención a emergencias y desastres | AE36: =CONCATENATE(U36,V36,W36,X36,AA36) -> O23011745032024025504004 | AF36: =IFERROR(VLOOKUP(AD36,TD!$J$70:$K$93,2,0)," ") -> PM/0131/0104/45030040255 | AG36: O232020200663111 Servicios de alojamiento en hoteles | AH36: Si Secop | AI36: =CONCATENATE(PAA[[#This Row],[Id Interno]],"-",PAA[[#This Row],[tipo de Contrato (TH talento humano - B/S bienes y/o servicios)]],"-",S36,"-",T36,"-",PAA[[#This Row],[Objeto de la contratación]]) -> 20260987-TH-8173-1--Reconocimientos de gastos de alimentación y hospedaje por desplazamientos de contratistas
B37: 20261037 | C37: Prestar servicios profesionales para apoyar las labores de Secretaría Común y las actividades administrativas, documentales y de seguimiento relacionadas con las actuaciones disciplinarias adelantadas por la Oficina de Control Disciplinario Interno. | D37: 09 - contratación directa | E37: TH | F37: 25 - contrato de prestacion de servicios profesionales | G37: NOVIEMBRE | H37: 2 | I37: 0 | J37: 8580000 | K37: NO | L37: Oficina de Control Disciplinario Interno | M37: Diana Marcela Zarabanda Suarez | N37: 8126-Fortalecimiento institucional de la UAECOB para un gobierno confiable Bogotá D.C. | O37: Subdirector@ de Gestión Corporativa | P37: 1-100-I087 VA-Sobretasa Bomberil | Q37: 80111600 | R37: 8126 9-Fortalecer el 100% de la gestión administrativa de las áreas de apoyo al cumplimiento de la misionalidad de la UAECOB | S37: =MID(PAA[[#This Row],[Meta Proyecto de Inversión]],1,4) -> 8126 | T37: =MID(PAA[[#This Row],[Meta Proyecto de Inversión]],6,2) -> 9- | U37: =IFERROR(VLOOKUP(N37,TD!$B$54:$F$58,2,0)," ") -> O230117 | V37: =IFERROR(VLOOKUP(N37,TD!$B$54:$F$58,3,0)," ") -> 4599 | W37: =IFERROR(VLOOKUP(N37,TD!$B$54:$F$58,4,0)," ") -> 20240207 | X37: 08 | Y37: =IFERROR(VLOOKUP(X37,TD!$J$55:$K$68,2,0)," ") -> Infraestructura física, mantenimiento y dotación (Sedes construidas, mantenidas reforzadas) | Z37: =CONCATENATE(X37,"-",Y37) -> 08-Infraestructura física, mantenimiento y dotación (Sedes construidas, mantenidas reforzadas) | AA37: 016 | AB37: =IFERROR(VLOOKUP(AA37,TD!$N$55:$O$70,2,0)," ") -> Sedes mantenidas | AC37: =CONCATENATE(AA37,"_",AB37) -> 016_Sedes mantenidas | AD37: =CONCATENATE(Z37," ",AC37) -> 08-Infraestructura física, mantenimiento y dotación (Sedes construidas, mantenidas reforzadas) 016_Sedes mantenidas | AE37: =CONCATENATE(U37,V37,W37,X37,AA37) -> O23011745992024020708016 | AF37: =IFERROR(VLOOKUP(AD37,TD!$J$70:$K$93,2,0)," ") -> PM/0131/0108/45990160207 | AG37: O232020200991191 Servicios administrativos relacionados con los trabajadores estatales | AH37: Si Secop | AI37: =CONCATENATE(PAA[[#This Row],[Id Interno]],"-",PAA[[#This Row],[tipo de Contrato (TH talento humano - B/S bienes y/o servicios)]],"-",S37,"-",T37,"-",PAA[[#This Row],[Objeto de la contratación]]) -> 20261037-TH-8126-9--Prestar servicios profesionales para apoyar las labores de Secretaría Común y las actividades administrativas, documentales y de seguimiento relacionadas con las actuaciones disciplinarias adelantadas por la Oficina de Control Disciplinario Interno.
B38: 20261057 | C38: Prestar servicios de apoyo a la gestión y documentación funcional y la realización de pruebas para las herramientas tecnológicas entregadas a la dependencia, así como la elaboración de reportes y gestión en las actividades de información y productos para los programas y metas a cargo de la Subdirección Operativa-S.O. | D38: 09 - contratación directa | E38: TH | F38: 26 - contrato de prestacion de servicios de apoyo a la gestion | G38: SEPTIEMBRE | H38: 3 | I38: 0 | J38: 135825 | K38: NO | L38: Sub. Operativa | M38: Yenire Yohansy Lozano Ascanio | N38: 8173-Modernización de las capacidades del Cuerpo Oficial de Bomberos Bogotá D.C. | O38: Subdirector@ de Gestión del Riesgo | P38: 1-100-I087 VA-Sobretasa Bomberil | Q38: 80111600 | R38: 8173 1-Implementación 6 estrategias de reducción del riesgo de incendios, incidentes con materiales peligrosos y rescate en todas sus modalidades en la ciudad de Bogotá | S38: =MID(PAA[[#This Row],[Meta Proyecto de Inversión]],1,4) -> 8173 | T38: =MID(PAA[[#This Row],[Meta Proyecto de Inversión]],6,2) -> 1- | U38: =IFERROR(VLOOKUP(N38,TD!$B$54:$F$58,2,0)," ") -> O230117 | V38: =IFERROR(VLOOKUP(N38,TD!$B$54:$F$58,3,0)," ") -> 4503 | W38: =IFERROR(VLOOKUP(N38,TD!$B$54:$F$58,4,0)," ") -> 20240255 | X38: 04 | Y38: =IFERROR(VLOOKUP(X38,TD!$J$55:$K$68,2,0)," ") -> Servicio de atención a incidentes y emergencias. | Z38: =CONCATENATE(X38,"-",Y38) -> 04-Servicio de atención a incidentes y emergencias. | AA38: 004 | AB38: =IFERROR(VLOOKUP(AA38,TD!$N$55:$O$70,2,0)," ") -> Servicio de atención a emergencias y desastres | AC38: =CONCATENATE(AA38,"_",AB38) -> 004_Servicio de atención a emergencias y desastres | AD38: =CONCATENATE(Z38," ",AC38) -> 04-Servicio de atención a incidentes y emergencias. 004_Servicio de atención a emergencias y desastres | AE38: =CONCATENATE(U38,V38,W38,X38,AA38) -> O23011745032024025504004 | AF38: =IFERROR(VLOOKUP(AD38,TD!$J$70:$K$93,2,0)," ") -> PM/0131/0104/45030040255 | AG38: O232020200991191 Servicios administrativos relacionados con los trabajadores estatales | AH38: Si Secop | AI38: =CONCATENATE(PAA[[#This Row],[Id Interno]],"-",PAA[[#This Row],[tipo de Contrato (TH talento humano - B/S bienes y/o servicios)]],"-",S38,"-",T38,"-",PAA[[#This Row],[Objeto de la contratación]]) -> 20261057-TH-8173-1--Prestar servicios de apoyo a la gestión y documentación funcional y la realización de pruebas para las herramientas tecnológicas entregadas a la dependencia, así como la elaboración de reportes y gestión en las actividades de información y productos para los programas y metas a cargo de la Subdirección Operativa-S.O.
B39: 20261063 | C39: Prestar servicios profesionales para apoyar el seguimiento, gestión, revisión, trámite y cierre de los procesos contractuales y administrativos a cargo de la dependencia, incluyendo la elaboración y revisión de liquidaciones y cierres contractuales, conforme a los procesos y procedimientos establecidos para la adecuada prestación del servicio de la Subdirección de Gestión CorporativA-SGC | D39: 09 - contratación directa | E39: TH | F39: 25 - contrato de prestacion de servicios profesionales | G39: OCTUBRE | H39: 4 | I39: 0 | J39: 15483261 | K39: NO | L39: Sub. Gestión Corporativa | M39: Fatima Veronica Quintero Nuñez | N39: 8173-Modernización de las capacidades del Cuerpo Oficial de Bomberos Bogotá D.C. | O39: Subdirector@ de Gestión del Riesgo | P39: 1-100-I087 VA-Sobretasa Bomberil | Q39: 80111600; | R39: 8173 7-Adecuar 4 Sedes de la UAECOB | S39: 8173 | T39: 7- | U39: O230117 | V39: 4503 | W39: 20240255 | X39: 14 | Y39: =IFERROR(VLOOKUP(X39,TD!$J$55:$K$68,2,0)," ") -> Infraestructura física misional construida mantenida y dotada | Z39: 14-Infraestructura física misional construida mantenida y dotada | AA39: 014 | AB39: =IFERROR(VLOOKUP(AA39,TD!$N$55:$O$70,2,0)," ") -> Estaciones de bomberos adecuadas | AC39: 014_Estaciones de bomberos adecuadas | AD39: 14-Infraestructura física misional construida mantenida y dotada 014_Estaciones de bomberos adecuadas | AE39: =CONCATENATE(U39,V39,W39,X39,AA39) -> O23011745032024025514014 | AF39: =IFERROR(VLOOKUP(AD39,TD!$J$70:$K$93,2,0)," ") -> PM/0131/0114/45030140255 | AG39: O232020200991191 Servicios administrativos relacionados con los trabajadores estatales | AH39: Si Secop | AI39: =CONCATENATE(PAA[[#This Row],[Id Interno]],"-",PAA[[#This Row],[tipo de Contrato (TH talento humano - B/S bienes y/o servicios)]],"-",S39,"-",T39,"-",PAA[[#This Row],[Objeto de la contratación]]) -> 20261063-TH-8173-7--Prestar servicios profesionales para apoyar el seguimiento, gestión, revisión, trámite y cierre de los procesos contractuales y administrativos a cargo de la dependencia, incluyendo la elaboración y revisión de liquidaciones y cierres contractuales, conforme a los procesos y procedimientos establecidos para la adecuada prestación del servicio de la Subdirección de Gestión CorporativA-SGC
B40: 20261073 | C40: Aduqisición de botas para el uso diario para el personal uniformado de la UAE Cuerpo Oficial de Bomberos de Bogotá. | D40: 04 - contratación mínima cuantía | E40: BS | F40: 06 - contrato de compraventa | G40: OCTUBRE | H40: 5 | I40: 0 | J40: 46837000 | K40: NO | L40: Sub. Operativa | M40: Yenire Yohansy Lozano Ascanio | N40: 8173-Modernización de las capacidades del Cuerpo Oficial de Bomberos Bogotá D.C. | O40: Subdirector@ de Gestión del Riesgo | P40: 1-100-I087 VA-Sobretasa Bomberil | Q40: 80111600 | R40: 8173 2-Desarrollar un programa de renovación de equipos, herramientas, accesorios y elementos de protección personal en la UAECOB. | S40: =MID(PAA[[#This Row],[Meta Proyecto de Inversión]],1,4) -> 8173 | T40: =MID(PAA[[#This Row],[Meta Proyecto de Inversión]],6,2) -> 2- | U40: =IFERROR(VLOOKUP(N40,TD!$B$54:$F$58,2,0)," ") -> O230117 | V40: =IFERROR(VLOOKUP(N40,TD!$B$54:$F$58,3,0)," ") -> 4503 | W40: =IFERROR(VLOOKUP(N40,TD!$B$54:$F$58,4,0)," ") -> 20240255 | X40: 10 | Y40: =IFERROR(VLOOKUP(X40,TD!$J$55:$K$68,2,0)," ") -> Servicio de dotación y equipamento para el personal operativo | Z40: =CONCATENATE(X40,"-",Y40) -> 10-Servicio de dotación y equipamento para el personal operativo | AA40: 004 | AB40: =IFERROR(VLOOKUP(AA40,TD!$N$55:$O$70,2,0)," ") -> Servicio de atención a emergencias y desastres | AC40: =CONCATENATE(AA40,"_",AB40) -> 004_Servicio de atención a emergencias y desastres | AD40: =CONCATENATE(Z40," ",AC40) -> 10-Servicio de dotación y equipamento para el personal operativo 004_Servicio de atención a emergencias y desastres | AE40: =CONCATENATE(U40,V40,W40,X40,AA40) -> O23011745032024025510004 | AF40: =IFERROR(VLOOKUP(AD40,TD!$J$70:$K$93,2,0)," ") -> PM/0131/0110/45030040255 | AG40: O2320201002092929012 Partes y accesorios para artículos de protección personal | AH40: Si Secop | AI40: =CONCATENATE(PAA[[#This Row],[Id Interno]],"-",PAA[[#This Row],[tipo de Contrato (TH talento humano - B/S bienes y/o servicios)]],"-",S40,"-",T40,"-",PAA[[#This Row],[Objeto de la contratación]]) -> 20261073-BS-8173-2--Aduqisición de botas para el uso diario para el personal uniformado de la UAE Cuerpo Oficial de Bomberos de Bogotá.
B41: 20261083 | C41: Prestar servicios profesionales para apoyar la ejecución de actividades orientadas a la implementación de las políticas establecidas en el marco del Modelo Integrado de Planeación y Gestión - MIPG, liderado por la Oficina Asesora de Planeación. | D41: 09 - contratación directa | E41: TH | F41: 25 - contrato de prestacion de servicios profesionales | G41: NOVIEMBRE | H41: 2 | I41: 0 | J41: 13118368 | K41: NO | L41: Oficina Asesora de Planeación | M41: Manuel Eduardo Castillo Guzman | N41: 8126-Fortalecimiento institucional de la UAECOB para un gobierno confiable Bogotá D.C. | O41: Subdirector@ de Gestión Corporativa | P41: 1-100-I087 VA-Sobretasa Bomberil | Q41: 80111600 | R41: 8126 1-Implementar el 100% de las actividades de seguimiento y control de los requisitos y directrices de las políticas del Modelo integrado de Planeación y Gestión - MIPG | S41: =MID(PAA[[#This Row],[Meta Proyecto de Inversión]],1,4) -> 8126 | T41: =MID(PAA[[#This Row],[Meta Proyecto de Inversión]],6,2) -> 1- | U41: =IFERROR(VLOOKUP(N41,TD!$B$54:$F$58,2,0)," ") -> O230117 | V41: =IFERROR(VLOOKUP(N41,TD!$B$54:$F$58,3,0)," ") -> 4599 | W41: =IFERROR(VLOOKUP(N41,TD!$B$54:$F$58,4,0)," ") -> 20240207 | X41: 13 | Y41: =IFERROR(VLOOKUP(X41,TD!$J$55:$K$68,2,0)," ") -> Servicios para la planeación y sistemas de gestión y comunicación estratégica | Z41: =CONCATENATE(X41,"-",Y41) -> 13-Servicios para la planeación y sistemas de gestión y comunicación estratégica | AA41: 031 | AB41: =IFERROR(VLOOKUP(AA41,TD!$N$55:$O$70,2,0)," ") -> Servicio de asistencia técnica | AC41: =CONCATENATE(AA41,"_",AB41) -> 031_Servicio de asistencia técnica | AD41: =CONCATENATE(Z41," ",AC41) -> 13-Servicios para la planeación y sistemas de gestión y comunicación estratégica 031_Servicio de asistencia técnica | AE41: =CONCATENATE(U41,V41,W41,X41,AA41) -> O23011745992024020713031 | AF41: =IFERROR(VLOOKUP(AD41,TD!$J$70:$K$93,2,0)," ") -> PM/0131/0113/45990310207 | AG41: O232020200991191 Servicios administrativos relacionados con los trabajadores estatales | AH41: Si Secop | AI41: =CONCATENATE(PAA[[#This Row],[Id Interno]],"-",PAA[[#This Row],[tipo de Contrato (TH talento humano - B/S bienes y/o servicios)]],"-",S41,"-",T41,"-",PAA[[#This Row],[Objeto de la contratación]]) -> 20261083-TH-8126-1--Prestar servicios profesionales para apoyar la ejecución de actividades orientadas a la implementación de las políticas establecidas en el marco del Modelo Integrado de Planeación y Gestión - MIPG, liderado por la Oficina Asesora de Planeación.
B42: 20261084 | C42: Prestar servicios profesionales para apoyar jurídicamente la gestión contractual y administrativa de la Oficina Asesora de Planeación, de conformidad con los lineamientos internos y en el marco del Modelo Integrado de Planeación y Gestión - MIPG. | D42: 09 - contratación directa | E42: TH | F42: 25 - contrato de prestacion de servicios profesionales | G42: NOVIEMBRE | H42: 2 | I42: 0 | J42: 13118368 | K42: NO | L42: Oficina Asesora de Planeación | M42: Manuel Eduardo Castillo Guzman | N42: 8126-Fortalecimiento institucional de la UAECOB para un gobierno confiable Bogotá D.C. | O42: Subdirector@ de Gestión Corporativa | P42: 1-100-I087 VA-Sobretasa Bomberil | Q42: 80111600 | R42: 8126 1-Implementar el 100% de las actividades de seguimiento y control de los requisitos y directrices de las políticas del Modelo integrado de Planeación y Gestión - MIPG | S42: =MID(PAA[[#This Row],[Meta Proyecto de Inversión]],1,4) -> 8126 | T42: =MID(PAA[[#This Row],[Meta Proyecto de Inversión]],6,2) -> 1- | U42: =IFERROR(VLOOKUP(N42,TD!$B$54:$F$58,2,0)," ") -> O230117 | V42: =IFERROR(VLOOKUP(N42,TD!$B$54:$F$58,3,0)," ") -> 4599 | W42: =IFERROR(VLOOKUP(N42,TD!$B$54:$F$58,4,0)," ") -> 20240207 | X42: 13 | Y42: =IFERROR(VLOOKUP(X42,TD!$J$55:$K$68,2,0)," ") -> Servicios para la planeación y sistemas de gestión y comunicación estratégica | Z42: =CONCATENATE(X42,"-",Y42) -> 13-Servicios para la planeación y sistemas de gestión y comunicación estratégica | AA42: 031 | AB42: =IFERROR(VLOOKUP(AA42,TD!$N$55:$O$70,2,0)," ") -> Servicio de asistencia técnica | AC42: =CONCATENATE(AA42,"_",AB42) -> 031_Servicio de asistencia técnica | AD42: =CONCATENATE(Z42," ",AC42) -> 13-Servicios para la planeación y sistemas de gestión y comunicación estratégica 031_Servicio de asistencia técnica | AE42: =CONCATENATE(U42,V42,W42,X42,AA42) -> O23011745992024020713031 | AF42: =IFERROR(VLOOKUP(AD42,TD!$J$70:$K$93,2,0)," ") -> PM/0131/0113/45990310207 | AG42: O232020200991191 Servicios administrativos relacionados con los trabajadores estatales | AH42: Si Secop | AI42: =CONCATENATE(PAA[[#This Row],[Id Interno]],"-",PAA[[#This Row],[tipo de Contrato (TH talento humano - B/S bienes y/o servicios)]],"-",S42,"-",T42,"-",PAA[[#This Row],[Objeto de la contratación]]) -> 20261084-TH-8126-1--Prestar servicios profesionales para apoyar jurídicamente la gestión contractual y administrativa de la Oficina Asesora de Planeación, de conformidad con los lineamientos internos y en el marco del Modelo Integrado de Planeación y Gestión - MIPG.
B43: 20261088 | C43: Adición y prórroga al contrato 370 de 2026 cuyo objeto es: "Prestar los servicios profesionales para apoyar la depuración de la cartera de cobro coactivo, así como actividades propias de la defensa judicial de la Entidad y demas actiuaciones relacionadas que requiera la Oficina Jurídica" | D43: 09 - contratación directa | E43: TH | F43: 25 - contrato de prestacion de servicios profesionales | G43: OCTUBRE | H43: 2 | I43: 15 | J43: 18750000 | K43: NO | L43: Oficina Juridica | M43: Mónica María Pérez Barragán | N43: 8126-Fortalecimiento institucional de la UAECOB para un gobierno confiable Bogotá D.C. | O43: Subdirector@ de Gestión Corporativa | P43: 1-100-I087 VA-Sobretasa Bomberil | Q43: 80111600 | R43: 8126 9-Fortalecer el 100% de la gestión administrativa de las áreas de apoyo al cumplimiento de la misionalidad de la UAECOB | S43: =MID(PAA[[#This Row],[Meta Proyecto de Inversión]],1,4) -> 8126 | T43: =MID(PAA[[#This Row],[Meta Proyecto de Inversión]],6,2) -> 9- | U43: =IFERROR(VLOOKUP(N43,TD!$B$54:$F$58,2,0)," ") -> O230117 | V43: =IFERROR(VLOOKUP(N43,TD!$B$54:$F$58,3,0)," ") -> 4599 | W43: =IFERROR(VLOOKUP(N43,TD!$B$54:$F$58,4,0)," ") -> 20240207 | X43: 08 | Y43: =IFERROR(VLOOKUP(X43,TD!$J$55:$K$68,2,0)," ") -> Infraestructura física, mantenimiento y dotación (Sedes construidas, mantenidas reforzadas) | Z43: =CONCATENATE(X43,"-",Y43) -> 08-Infraestructura física, mantenimiento y dotación (Sedes construidas, mantenidas reforzadas) | AA43: 016 | AB43: =IFERROR(VLOOKUP(AA43,TD!$N$55:$O$70,2,0)," ") -> Sedes mantenidas | AC43: =CONCATENATE(AA43,"_",AB43) -> 016_Sedes mantenidas | AD43: =CONCATENATE(Z43," ",AC43) -> 08-Infraestructura física, mantenimiento y dotación (Sedes construidas, mantenidas reforzadas) 016_Sedes mantenidas | AE43: =CONCATENATE(U43,V43,W43,X43,AA43) -> O23011745992024020708016 | AF43: =IFERROR(VLOOKUP(AD43,TD!$J$70:$K$93,2,0)," ") -> PM/0131/0108/45990160207 | AG43: O232020200991191 Servicios administrativos relacionados con los trabajadores estatales | AH43: No Secop | AI43: =CONCATENATE(PAA[[#This Row],[Id Interno]],"-",PAA[[#This Row],[tipo de Contrato (TH talento humano - B/S bienes y/o servicios)]],"-",S43,"-",T43,"-",PAA[[#This Row],[Objeto de la contratación]]) -> 20261088-TH-8126-9--Adición y prórroga al contrato 370 de 2026 cuyo objeto es: "Prestar los servicios profesionales para apoyar la depuración de la cartera de cobro coactivo, así como actividades propias de la defensa judicial de la Entidad y demas actiuaciones relacionadas que requiera la Oficina Jurídica"
B44: 20261089 | C44: Adición y prórroga al contrato 413 de 2026 cuyo objeto es: "Prestar los servicios de apoyo para las gestiones documentales y administrativas requerida por la Oficina Jurídica". | D44: 09 - contratación directa | E44: TH | F44: 26 - contrato de prestacion de servicios de apoyo a la gestion | G44: OCTUBRE | H44: 2 | I44: 18 | J44: 9377500 | K44: NO | L44: Oficina Juridica | M44: Mónica María Pérez Barragán | N44: 8126-Fortalecimiento institucional de la UAECOB para un gobierno confiable Bogotá D.C. | O44: Subdirector@ de Gestión Corporativa | P44: 1-100-I087 VA-Sobretasa Bomberil | Q44: 80111600 | R44: 8126 9-Fortalecer el 100% de la gestión administrativa de las áreas de apoyo al cumplimiento de la misionalidad de la UAECOB | S44: =MID(PAA[[#This Row],[Meta Proyecto de Inversión]],1,4) -> 8126 | T44: =MID(PAA[[#This Row],[Meta Proyecto de Inversión]],6,2) -> 9- | U44: =IFERROR(VLOOKUP(N44,TD!$B$54:$F$58,2,0)," ") -> O230117 | V44: =IFERROR(VLOOKUP(N44,TD!$B$54:$F$58,3,0)," ") -> 4599 | W44: =IFERROR(VLOOKUP(N44,TD!$B$54:$F$58,4,0)," ") -> 20240207 | X44: 08 | Y44: =IFERROR(VLOOKUP(X44,TD!$J$55:$K$68,2,0)," ") -> Infraestructura física, mantenimiento y dotación (Sedes construidas, mantenidas reforzadas) | Z44: =CONCATENATE(X44,"-",Y44) -> 08-Infraestructura física, mantenimiento y dotación (Sedes construidas, mantenidas reforzadas) | AA44: 016 | AB44: =IFERROR(VLOOKUP(AA44,TD!$N$55:$O$70,2,0)," ") -> Sedes mantenidas | AC44: =CONCATENATE(AA44,"_",AB44) -> 016_Sedes mantenidas | AD44: =CONCATENATE(Z44," ",AC44) -> 08-Infraestructura física, mantenimiento y dotación (Sedes construidas, mantenidas reforzadas) 016_Sedes mantenidas | AE44: =CONCATENATE(U44,V44,W44,X44,AA44) -> O23011745992024020708016 | AF44: =IFERROR(VLOOKUP(AD44,TD!$J$70:$K$93,2,0)," ") -> PM/0131/0108/45990160207 | AG44: O232020200991191 Servicios administrativos relacionados con los trabajadores estatales | AH44: No Secop | AI44: =CONCATENATE(PAA[[#This Row],[Id Interno]],"-",PAA[[#This Row],[tipo de Contrato (TH talento humano - B/S bienes y/o servicios)]],"-",S44,"-",T44,"-",PAA[[#This Row],[Objeto de la contratación]]) -> 20261089-TH-8126-9--Adición y prórroga al contrato 413 de 2026 cuyo objeto es: "Prestar los servicios de apoyo para las gestiones documentales y administrativas requerida por la Oficina Jurídica".
B45: 20261090 | C45: Prestar los servicios de apoyo para las gestiones administrativas requeridas en la Oficina Jurídica. | D45: 09 - contratación directa | E45: TH | F45: 26 - contrato de prestacion de servicios de apoyo a la gestion | G45: OCTUBRE | H45: 2 | I45: 15 | J45: 9000000 | K45: NO | L45: Oficina Juridica | M45: Mónica María Pérez Barragán | N45: 8126-Fortalecimiento institucional de la UAECOB para un gobierno confiable Bogotá D.C. | O45: Subdirector@ de Gestión Corporativa | P45: 1-100-I087 VA-Sobretasa Bomberil | Q45: 80111600 | R45: 8126 9-Fortalecer el 100% de la gestión administrativa de las áreas de apoyo al cumplimiento de la misionalidad de la UAECOB | S45: =MID(PAA[[#This Row],[Meta Proyecto de Inversión]],1,4) -> 8126 | T45: =MID(PAA[[#This Row],[Meta Proyecto de Inversión]],6,2) -> 9- | U45: =IFERROR(VLOOKUP(N45,TD!$B$54:$F$58,2,0)," ") -> O230117 | V45: =IFERROR(VLOOKUP(N45,TD!$B$54:$F$58,3,0)," ") -> 4599 | W45: =IFERROR(VLOOKUP(N45,TD!$B$54:$F$58,4,0)," ") -> 20240207 | X45: 08 | Y45: =IFERROR(VLOOKUP(X45,TD!$J$55:$K$68,2,0)," ") -> Infraestructura física, mantenimiento y dotación (Sedes construidas, mantenidas reforzadas) | Z45: =CONCATENATE(X45,"-",Y45) -> 08-Infraestructura física, mantenimiento y dotación (Sedes construidas, mantenidas reforzadas) | AA45: 016 | AB45: =IFERROR(VLOOKUP(AA45,TD!$N$55:$O$70,2,0)," ") -> Sedes mantenidas | AC45: =CONCATENATE(AA45,"_",AB45) -> 016_Sedes mantenidas | AD45: =CONCATENATE(Z45," ",AC45) -> 08-Infraestructura física, mantenimiento y dotación (Sedes construidas, mantenidas reforzadas) 016_Sedes mantenidas | AE45: =CONCATENATE(U45,V45,W45,X45,AA45) -> O23011745992024020708016 | AF45: =IFERROR(VLOOKUP(AD45,TD!$J$70:$K$93,2,0)," ") -> PM/0131/0108/45990160207 | AG45: O232020200991191 Servicios administrativos relacionados con los trabajadores estatales | AH45: Si Secop | AI45: =CONCATENATE(PAA[[#This Row],[Id Interno]],"-",PAA[[#This Row],[tipo de Contrato (TH talento humano - B/S bienes y/o servicios)]],"-",S45,"-",T45,"-",PAA[[#This Row],[Objeto de la contratación]]) -> 20261090-TH-8126-9--Prestar los servicios de apoyo para las gestiones administrativas requeridas en la Oficina Jurídica.
B46: 20261091 | C46: Adición y prórroga al contrato 340 de 2026 cuyo objeto es: "Prestar los servicios profesionales para realizar el acompañamiento administrativo y financiero en temas de liquidación y cierre de expedientes, como demás actuaciones administrativas requeridas de los procesos contractuales" | D46: 09 - contratación directa | E46: TH | F46: 25 - contrato de prestacion de servicios profesionales | G46: OCTUBRE | H46: 2 | I46: 15 | J46: 22500000 | K46: NO | L46: Oficina Juridica | M46: Mónica María Pérez Barragán | N46: 8126-Fortalecimiento institucional de la UAECOB para un gobierno confiable Bogotá D.C. | O46: Subdirector@ de Gestión Corporativa | P46: 1-100-I087 VA-Sobretasa Bomberil | Q46: 80111600 | R46: 8126 9-Fortalecer el 100% de la gestión administrativa de las áreas de apoyo al cumplimiento de la misionalidad de la UAECOB | S46: =MID(PAA[[#This Row],[Meta Proyecto de Inversión]],1,4) -> 8126 | T46: =MID(PAA[[#This Row],[Meta Proyecto de Inversión]],6,2) -> 9- | U46: =IFERROR(VLOOKUP(N46,TD!$B$54:$F$58,2,0)," ") -> O230117 | V46: =IFERROR(VLOOKUP(N46,TD!$B$54:$F$58,3,0)," ") -> 4599 | W46: =IFERROR(VLOOKUP(N46,TD!$B$54:$F$58,4,0)," ") -> 20240207 | X46: 08 | Y46: =IFERROR(VLOOKUP(X46,TD!$J$55:$K$68,2,0)," ") -> Infraestructura física, mantenimiento y dotación (Sedes construidas, mantenidas reforzadas) | Z46: =CONCATENATE(X46,"-",Y46) -> 08-Infraestructura física, mantenimiento y dotación (Sedes construidas, mantenidas reforzadas) | AA46: 016 | AB46: =IFERROR(VLOOKUP(AA46,TD!$N$55:$O$70,2,0)," ") -> Sedes mantenidas | AC46: =CONCATENATE(AA46,"_",AB46) -> 016_Sedes mantenidas | AD46: =CONCATENATE(Z46," ",AC46) -> 08-Infraestructura física, mantenimiento y dotación (Sedes construidas, mantenidas reforzadas) 016_Sedes mantenidas | AE46: =CONCATENATE(U46,V46,W46,X46,AA46) -> O23011745992024020708016 | AF46: =IFERROR(VLOOKUP(AD46,TD!$J$70:$K$93,2,0)," ") -> PM/0131/0108/45990160207 | AG46: O232020200991191 Servicios administrativos relacionados con los trabajadores estatales | AH46: No Secop | AI46: =CONCATENATE(PAA[[#This Row],[Id Interno]],"-",PAA[[#This Row],[tipo de Contrato (TH talento humano - B/S bienes y/o servicios)]],"-",S46,"-",T46,"-",PAA[[#This Row],[Objeto de la contratación]]) -> 20261091-TH-8126-9--Adición y prórroga al contrato 340 de 2026 cuyo objeto es: "Prestar los servicios profesionales para realizar el acompañamiento administrativo y financiero en temas de liquidación y cierre de expedientes, como demás actuaciones administrativas requeridas de los procesos contractuales"
B47: 20261092 | C47: Adición y prórroga al contrato 443 de 2026 cuyo objeto es: "Prestar servicios profesionales para realizar la gestión de tramites y actividades que se requieran en los diferentes procesos disciplinarios propios de la etapa de juzgamiento de la Oficina Jurídica en la UAECOB" | D47: 09 - contratación directa | E47: TH | F47: 25 - contrato de prestacion de servicios profesionales | G47: OCTUBRE | H47: 1 | I47: 24 | J47: 10372500 | K47: NO | L47: Oficina Juridica | M47: Mónica María Pérez Barragán | N47: 8126-Fortalecimiento institucional de la UAECOB para un gobierno confiable Bogotá D.C. | O47: Subdirector@ de Gestión Corporativa | P47: 1-100-I087 VA-Sobretasa Bomberil | Q47: 80111600 | R47: 8126 9-Fortalecer el 100% de la gestión administrativa de las áreas de apoyo al cumplimiento de la misionalidad de la UAECOB | S47: =MID(PAA[[#This Row],[Meta Proyecto de Inversión]],1,4) -> 8126 | T47: =MID(PAA[[#This Row],[Meta Proyecto de Inversión]],6,2) -> 9- | U47: =IFERROR(VLOOKUP(N47,TD!$B$54:$F$58,2,0)," ") -> O230117 | V47: =IFERROR(VLOOKUP(N47,TD!$B$54:$F$58,3,0)," ") -> 4599 | W47: =IFERROR(VLOOKUP(N47,TD!$B$54:$F$58,4,0)," ") -> 20240207 | X47: 08 | Y47: =IFERROR(VLOOKUP(X47,TD!$J$55:$K$68,2,0)," ") -> Infraestructura física, mantenimiento y dotación (Sedes construidas, mantenidas reforzadas) | Z47: =CONCATENATE(X47,"-",Y47) -> 08-Infraestructura física, mantenimiento y dotación (Sedes construidas, mantenidas reforzadas) | AA47: 016 | AB47: =IFERROR(VLOOKUP(AA47,TD!$N$55:$O$70,2,0)," ") -> Sedes mantenidas | AC47: =CONCATENATE(AA47,"_",AB47) -> 016_Sedes mantenidas | AD47: =CONCATENATE(Z47," ",AC47) -> 08-Infraestructura física, mantenimiento y dotación (Sedes construidas, mantenidas reforzadas) 016_Sedes mantenidas | AE47: =CONCATENATE(U47,V47,W47,X47,AA47) -> O23011745992024020708016 | AF47: =IFERROR(VLOOKUP(AD47,TD!$J$70:$K$93,2,0)," ") -> PM/0131/0108/45990160207 | AG47: O232020200991191 Servicios administrativos relacionados con los trabajadores estatales | AH47: No Secop | AI47: =CONCATENATE(PAA[[#This Row],[Id Interno]],"-",PAA[[#This Row],[tipo de Contrato (TH talento humano - B/S bienes y/o servicios)]],"-",S47,"-",T47,"-",PAA[[#This Row],[Objeto de la contratación]]) -> 20261092-TH-8126-9--Adición y prórroga al contrato 443 de 2026 cuyo objeto es: "Prestar servicios profesionales para realizar la gestión de tramites y actividades que se requieran en los diferentes procesos disciplinarios propios de la etapa de juzgamiento de la Oficina Jurídica en la UAECOB"
B48: 20261093 | C48: Adición Cto 603-2026 cuyo objeto es "SGH - Adquirir elementos de protección personal para prevenir la aparición de enfermedades ocupacionales en el oido, de los funcionarios de la UAE Cuerpo Oficial de Bomberos de Bogotá" | D48: 02 - selec. abrev. menor cuantía | E48: BS | F48: 06 - contrato de compraventa | G48: NOVIEMBRE | H48: 4 | I48: 0 | J48: 11080000 | K48: NO | L48: Sub. Gestión Humana | M48: Jose Andres Ponce Caicedo | N48: 131- Funcionamiento | O48: Subdirector@ de Gestión Corporativa | P48: 1-100-F001 VA-Recursos distrito | Q48: 46181900;46181901 | R48: No aplica | S48: No aplica | T48: No aplica | U48: =IFERROR(VLOOKUP(N48,TD!$B$54:$F$58,2,0)," ") -> NA | V48: =IFERROR(VLOOKUP(N48,TD!$B$54:$F$58,3,0)," ") -> NA | W48: =IFERROR(VLOOKUP(N48,TD!$B$54:$F$58,4,0)," ") -> NA | X48: N/A | Y48: =IFERROR(VLOOKUP(X48,TD!$J$55:$K$68,2,0)," ") -> N/A | Z48: =CONCATENATE(X48,"-",Y48) -> N/A-N/A | AA48: N/A | AB48: =IFERROR(VLOOKUP(AA48,TD!$N$55:$O$70,2,0)," ") -> N/A | AC48: =CONCATENATE(AA48,"_",AB48) -> N/A_N/A | AD48: =CONCATENATE(Z48," ",AC48) -> N/A-N/A N/A_N/A | AE48: =CONCATENATE(U48,V48,W48,X48,AA48) -> NANANAN/AN/A | AF48: =IFERROR(VLOOKUP(AD48,TD!$J$70:$K$93,2,0)," ") -> N/A | AG48: No Aplica | AH48: No Secop | AI48: =CONCATENATE(PAA[[#This Row],[Id Interno]],"-",PAA[[#This Row],[tipo de Contrato (TH talento humano - B/S bienes y/o servicios)]],"-",S48,"-",T48,"-",PAA[[#This Row],[Objeto de la contratación]]) -> 20261093-BS-No aplica-No aplica-Adición Cto 603-2026 cuyo objeto es "SGH - Adquirir elementos de protección personal para prevenir la aparición de enfermedades ocupacionales en el oido, de los funcionarios de la UAE Cuerpo Oficial de Bomberos de Bogotá"
B49: 20261094 | C49: Adicion y prórroga al contrato No. 36 de 2026 cuyo objeto es: Prestar servicios profesionales orientados al fortalecimiento, administración y soporte de los sistemas, plataformas, infraestructura tecnológica y servicios informáticos a cargo de la Dirección de Tics de la U.A.E Cuerpo Oficial de Bomberos de Bogotá D.C | D49: 09 - contratación directa | E49: TH | F49: 25 - contrato de prestacion de servicios profesionales | G49: DICIEMBRE | H49: 0 | I49: 17 | J49: 3150274 | K49: NO | L49: Dirección Tic | M49: Paula Ximena Henao Escobar | N49: 8126-Fortalecimiento institucional de la UAECOB para un gobierno confiable Bogotá D.C. | O49: Subdirector@ de Gestión Corporativa | P49: 1-100-I087 VA-Sobretasa Bomberil | Q49: 80111600 | R49: 8126 5-Desarrollar el 100% de las acciones asociadas al fortalecimiento de la infraestructura tecnológica y de comunicaciones de la UAECOB | S49: =MID(PAA[[#This Row],[Meta Proyecto de Inversión]],1,4) -> 8126 | T49: =MID(PAA[[#This Row],[Meta Proyecto de Inversión]],6,2) -> 5- | U49: =IFERROR(VLOOKUP(N49,TD!$B$54:$F$58,2,0)," ") -> O230117 | V49: =IFERROR(VLOOKUP(N49,TD!$B$54:$F$58,3,0)," ") -> 4599 | W49: =IFERROR(VLOOKUP(N49,TD!$B$54:$F$58,4,0)," ") -> 20240207 | X49: 11 | Y49: =IFERROR(VLOOKUP(X49,TD!$J$55:$K$68,2,0)," ") -> Infraestructura Tecnológica (Sistemas de Información y Tecnologia) | Z49: =CONCATENATE(X49,"-",Y49) -> 11-Infraestructura Tecnológica (Sistemas de Información y Tecnologia) | AA49: 007 | AB49: =IFERROR(VLOOKUP(AA49,TD!$N$55:$O$70,2,0)," ") -> Servicios tecnológicos | AC49: =CONCATENATE(AA49,"_",AB49) -> 007_Servicios tecnológicos | AD49: =CONCATENATE(Z49," ",AC49) -> 11-Infraestructura Tecnológica (Sistemas de Información y Tecnologia) 007_Servicios tecnológicos | AE49: =CONCATENATE(U49,V49,W49,X49,AA49) -> O23011745992024020711007 | AF49: =IFERROR(VLOOKUP(AD49,TD!$J$70:$K$93,2,0)," ") -> PM/0131/0111/45990070207 | AG49: O232020200991191 Servicios administrativos relacionados con los trabajadores estatales | AH49: No Secop | AI49: =CONCATENATE(PAA[[#This Row],[Id Interno]],"-",PAA[[#This Row],[tipo de Contrato (TH talento humano - B/S bienes y/o servicios)]],"-",S49,"-",T49,"-",PAA[[#This Row],[Objeto de la contratación]]) -> 20261094-TH-8126-5--Adicion y prórroga al contrato No. 36 de 2026 cuyo objeto es: Prestar servicios profesionales orientados al fortalecimiento, administración y soporte de los sistemas, plataformas, infraestructura tecnológica y servicios informáticos a cargo de la Dirección de Tics de la U.A.E Cuerpo Oficial de Bomberos de Bogotá D.C
B50: 20261095 | C50: Prestar servicios profesionales de carácter jurídico apoyando la consolidación y estructuración de procesos para la adquisición de bienes , obras y servicios y las demás actuaciones de carácter precontractual y contractual que se desprendan de las necesidades identificadas para el desarrollo de los programas a cargo de la Subdirección Operativa-S.O. | D50: 09 - contratación directa | E50: TH | F50: 25 - contrato de prestacion de servicios profesionales | G50: OCTUBRE | H50: 2 | I50: 0 | J50: 16000000 | K50: NO | L50: Sub. Operativa | M50: Yenire Yohansy Lozano Ascanio | N50: 8173-Modernización de las capacidades del Cuerpo Oficial de Bomberos Bogotá D.C. | O50: Subdirector@ de Gestión del Riesgo | P50: 1-100-I087 VA-Sobretasa Bomberil | Q50: 80111600 | R50: 8173 2-Desarrollar un programa de renovación de equipos, herramientas, accesorios y elementos de protección personal en la UAECOB. | S50: =MID(PAA[[#This Row],[Meta Proyecto de Inversión]],1,4) -> 8173 | T50: =MID(PAA[[#This Row],[Meta Proyecto de Inversión]],6,2) -> 2- | U50: =IFERROR(VLOOKUP(N50,TD!$B$54:$F$58,2,0)," ") -> O230117 | V50: =IFERROR(VLOOKUP(N50,TD!$B$54:$F$58,3,0)," ") -> 4503 | W50: =IFERROR(VLOOKUP(N50,TD!$B$54:$F$58,4,0)," ") -> 20240255 | X50: 04 | Y50: =IFERROR(VLOOKUP(X50,TD!$J$55:$K$68,2,0)," ") -> Servicio de atención a incidentes y emergencias. | Z50: =CONCATENATE(X50,"-",Y50) -> 04-Servicio de atención a incidentes y emergencias. | AA50: 004 | AB50: =IFERROR(VLOOKUP(AA50,TD!$N$55:$O$70,2,0)," ") -> Servicio de atención a emergencias y desastres | AC50: =CONCATENATE(AA50,"_",AB50) -> 004_Servicio de atención a emergencias y desastres | AD50: =CONCATENATE(Z50," ",AC50) -> 04-Servicio de atención a incidentes y emergencias. 004_Servicio de atención a emergencias y desastres | AE50: =CONCATENATE(U50,V50,W50,X50,AA50) -> O23011745032024025504004 | AF50: =IFERROR(VLOOKUP(AD50,TD!$J$70:$K$93,2,0)," ") -> PM/0131/0104/45030040255 | AG50: O232020200991191 Servicios administrativos relacionados con los trabajadores estatales | AH50: Si Secop | AI50: =CONCATENATE(PAA[[#This Row],[Id Interno]],"-",PAA[[#This Row],[tipo de Contrato (TH talento humano - B/S bienes y/o servicios)]],"-",S50,"-",T50,"-",PAA[[#This Row],[Objeto de la contratación]]) -> 20261095-TH-8173-2--Prestar servicios profesionales de carácter jurídico apoyando la consolidación y estructuración de procesos para la adquisición de bienes , obras y servicios y las demás actuaciones de carácter precontractual y contractual que se desprendan de las necesidades identificadas para el desarrollo de los programas a cargo de la Subdirección Operativa-S.O.
B51: 20261096 | C51: Adición y Prorroga del Contrato 115 de 2026, cuyo objeto es "Prestación de servicios profesionales para la gestión, seguimiento y control administrativo, técnico y operativo del proceso de mantenimiento del parque automotor a cargo de la Subdirección Logística - SBLG." | D51: 09 - contratación directa | E51: TH | F51: 25 - contrato de prestacion de servicios profesionales | G51: OCTUBRE | H51: 3 | I51: 0 | J51: 27900000 | K51: NO | L51: Sub. Logística | M51: Omer Mauricio Rivera Ruiz | N51: 8173-Modernización de las capacidades del Cuerpo Oficial de Bomberos Bogotá D.C. | O51: Subdirector@ de Gestión del Riesgo | P51: 1-100-I087 VA-Sobretasa Bomberil | Q51: 80111600 | R51: 8173 4-Desarrollar 3 estrategias para el fortalecimiento de la logistica en la atención de emergencias. | S51: =MID(PAA[[#This Row],[Meta Proyecto de Inversión]],1,4) -> 8173 | T51: =MID(PAA[[#This Row],[Meta Proyecto de Inversión]],6,2) -> 4- | U51: =IFERROR(VLOOKUP(N51,TD!$B$54:$F$58,2,0)," ") -> O230117 | V51: =IFERROR(VLOOKUP(N51,TD!$B$54:$F$58,3,0)," ") -> 4503 | W51: =IFERROR(VLOOKUP(N51,TD!$B$54:$F$58,4,0)," ") -> 20240255 | X51: 09 | Y51: =IFERROR(VLOOKUP(X51,TD!$J$55:$K$68,2,0)," ") -> Servicio de mantenimiento, dotación (HEA´s y equipo menor) y adquisición de vehiculos especializados para la atención de emergencias. | Z51: =CONCATENATE(X51,"-",Y51) -> 09-Servicio de mantenimiento, dotación (HEA´s y equipo menor) y adquisición de vehiculos especializados para la atención de emergencias. | AA51: 004 | AB51: =IFERROR(VLOOKUP(AA51,TD!$N$55:$O$70,2,0)," ") -> Servicio de atención a emergencias y desastres | AC51: =CONCATENATE(AA51,"_",AB51) -> 004_Servicio de atención a emergencias y desastres | AD51: =CONCATENATE(Z51," ",AC51) -> 09-Servicio de mantenimiento, dotación (HEA´s y equipo menor) y adquisición de vehiculos especializados para la atención de emergencias. 004_Servicio de atención a emergencias y desastres | AE51: =CONCATENATE(U51,V51,W51,X51,AA51) -> O23011745032024025509004 | AF51: =IFERROR(VLOOKUP(AD51,TD!$J$70:$K$93,2,0)," ") -> PM/0131/0109/45030040255 | AG51: O232020200991191 Servicios administrativos relacionados con los trabajadores estatales | AH51: No Secop | AI51: =CONCATENATE(PAA[[#This Row],[Id Interno]],"-",PAA[[#This Row],[tipo de Contrato (TH talento humano - B/S bienes y/o servicios)]],"-",S51,"-",T51,"-",PAA[[#This Row],[Objeto de la contratación]]) -> 20261096-TH-8173-4--Adición y Prorroga del Contrato 115 de 2026, cuyo objeto es "Prestación de servicios profesionales para la gestión, seguimiento y control administrativo, técnico y operativo del proceso de mantenimiento del parque automotor a cargo de la Subdirección Logística - SBLG."
B52: 20261097 | C52: Prestar servicios profesionales para apoyar en las actividades administrativas y tecnicas de los elementos e inventario a cargo Subdirección Logistica – SBLG. | D52: 09 - contratación directa | E52: TH | F52: 25 - contrato de prestacion de servicios profesionales | G52: AGOSTO | H52: 2 | I52: 0 | J52: 11000000 | K52: NO | L52: Sub. Logística | M52: Omer Mauricio Rivera Ruiz | N52: 8173-Modernización de las capacidades del Cuerpo Oficial de Bomberos Bogotá D.C. | O52: Subdirector@ de Gestión del Riesgo | P52: 1-100-I087 VA-Sobretasa Bomberil | Q52: 80111600 | R52: 8173 4-Desarrollar 3 estrategias para el fortalecimiento de la logistica en la atención de emergencias. | S52: =MID(PAA[[#This Row],[Meta Proyecto de Inversión]],1,4) -> 8173 | T52: =MID(PAA[[#This Row],[Meta Proyecto de Inversión]],6,2) -> 4- | U52: =IFERROR(VLOOKUP(N52,TD!$B$54:$F$58,2,0)," ") -> O230117 | V52: =IFERROR(VLOOKUP(N52,TD!$B$54:$F$58,3,0)," ") -> 4503 | W52: =IFERROR(VLOOKUP(N52,TD!$B$54:$F$58,4,0)," ") -> 20240255 | X52: 12 | Y52: =IFERROR(VLOOKUP(X52,TD!$J$55:$K$68,2,0)," ") -> Servicio de apoyo logístico en eventos operativos y/o emergencias. | Z52: =CONCATENATE(X52,"-",Y52) -> 12-Servicio de apoyo logístico en eventos operativos y/o emergencias. | AA52: 004 | AB52: =IFERROR(VLOOKUP(AA52,TD!$N$55:$O$70,2,0)," ") -> Servicio de atención a emergencias y desastres | AC52: =CONCATENATE(AA52,"_",AB52) -> 004_Servicio de atención a emergencias y desastres | AD52: =CONCATENATE(Z52," ",AC52) -> 12-Servicio de apoyo logístico en eventos operativos y/o emergencias. 004_Servicio de atención a emergencias y desastres | AE52: =CONCATENATE(U52,V52,W52,X52,AA52) -> O23011745032024025512004 | AF52: =IFERROR(VLOOKUP(AD52,TD!$J$70:$K$93,2,0)," ") -> PM/0131/0112/45030040255 | AG52: O232020200991191 Servicios administrativos relacionados con los trabajadores estatales | AH52: Si Secop | AI52: =CONCATENATE(PAA[[#This Row],[Id Interno]],"-",PAA[[#This Row],[tipo de Contrato (TH talento humano - B/S bienes y/o servicios)]],"-",S52,"-",T52,"-",PAA[[#This Row],[Objeto de la contratación]]) -> 20261097-TH-8173-4--Prestar servicios profesionales para apoyar en las actividades administrativas y tecnicas de los elementos e inventario a cargo Subdirección Logistica – SBLG.
B53: 20261098 | C53: Prestación de servicios profesionales para apoyar la gestión administrativa, financiera y documental requerida en el desarrollo de los temas estratégicos y de planeación de los procesos y procedimientos a cargo de la Subdirección Logística – SBLG. | D53: 09 - contratación directa | E53: TH | F53: 25 - contrato de prestacion de servicios profesionales | G53: OCTUBRE | H53: 2 | I53: 15 | J53: 17500000 | K53: NO | L53: Sub. Logística | M53: Omer Mauricio Rivera Ruiz | N53: 8173-Modernización de las capacidades del Cuerpo Oficial de Bomberos Bogotá D.C. | O53: Subdirector@ de Gestión del Riesgo | P53: 1-100-I087 VA-Sobretasa Bomberil | Q53: 80111600 | R53: 8173 4-Desarrollar 3 estrategias para el fortalecimiento de la logistica en la atención de emergencias. | S53: =MID(PAA[[#This Row],[Meta Proyecto de Inversión]],1,4) -> 8173 | T53: =MID(PAA[[#This Row],[Meta Proyecto de Inversión]],6,2) -> 4- | U53: =IFERROR(VLOOKUP(N53,TD!$B$54:$F$58,2,0)," ") -> O230117 | V53: =IFERROR(VLOOKUP(N53,TD!$B$54:$F$58,3,0)," ") -> 4503 | W53: =IFERROR(VLOOKUP(N53,TD!$B$54:$F$58,4,0)," ") -> 20240255 | X53: 12 | Y53: =IFERROR(VLOOKUP(X53,TD!$J$55:$K$68,2,0)," ") -> Servicio de apoyo logístico en eventos operativos y/o emergencias. | Z53: =CONCATENATE(X53,"-",Y53) -> 12-Servicio de apoyo logístico en eventos operativos y/o emergencias. | AA53: 004 | AB53: =IFERROR(VLOOKUP(AA53,TD!$N$55:$O$70,2,0)," ") -> Servicio de atención a emergencias y desastres | AC53: =CONCATENATE(AA53,"_",AB53) -> 004_Servicio de atención a emergencias y desastres | AD53: =CONCATENATE(Z53," ",AC53) -> 12-Servicio de apoyo logístico en eventos operativos y/o emergencias. 004_Servicio de atención a emergencias y desastres | AE53: =CONCATENATE(U53,V53,W53,X53,AA53) -> O23011745032024025512004 | AF53: =IFERROR(VLOOKUP(AD53,TD!$J$70:$K$93,2,0)," ") -> PM/0131/0112/45030040255 | AG53: O232020200991191 Servicios administrativos relacionados con los trabajadores estatales | AH53: Si Secop | AI53: =CONCATENATE(PAA[[#This Row],[Id Interno]],"-",PAA[[#This Row],[tipo de Contrato (TH talento humano - B/S bienes y/o servicios)]],"-",S53,"-",T53,"-",PAA[[#This Row],[Objeto de la contratación]]) -> 20261098-TH-8173-4--Prestación de servicios profesionales para apoyar la gestión administrativa, financiera y documental requerida en el desarrollo de los temas estratégicos y de planeación de los procesos y procedimientos a cargo de la Subdirección Logística – SBLG.
B54: 20261099 | C54: Prestación de servicios profesionales para apoyar la gestión administrativa, documental y de trámites relacionados con el parque automotor a cargo de la Subdirección Logística – SBLG, requeridos para su adecuado funcionamiento, operación y gestión. | D54: 09 - contratación directa | E54: TH | F54: 25 - contrato de prestacion de servicios profesionales | G54: OCTUBRE | H54: 2 | I54: 15 | J54: 15000000 | K54: NO | L54: Sub. Logística | M54: Omer Mauricio Rivera Ruiz | N54: 8173-Modernización de las capacidades del Cuerpo Oficial de Bomberos Bogotá D.C. | O54: Subdirector@ de Gestión del Riesgo | P54: 1-100-I087 VA-Sobretasa Bomberil | Q54: 80111600 | R54: 8173 4-Desarrollar 3 estrategias para el fortalecimiento de la logistica en la atención de emergencias. | S54: =MID(PAA[[#This Row],[Meta Proyecto de Inversión]],1,4) -> 8173 | T54: =MID(PAA[[#This Row],[Meta Proyecto de Inversión]],6,2) -> 4- | U54: =IFERROR(VLOOKUP(N54,TD!$B$54:$F$58,2,0)," ") -> O230117 | V54: =IFERROR(VLOOKUP(N54,TD!$B$54:$F$58,3,0)," ") -> 4503 | W54: =IFERROR(VLOOKUP(N54,TD!$B$54:$F$58,4,0)," ") -> 20240255 | X54: 12 | Y54: =IFERROR(VLOOKUP(X54,TD!$J$55:$K$68,2,0)," ") -> Servicio de apoyo logístico en eventos operativos y/o emergencias. | Z54: =CONCATENATE(X54,"-",Y54) -> 12-Servicio de apoyo logístico en eventos operativos y/o emergencias. | AA54: 004 | AB54: =IFERROR(VLOOKUP(AA54,TD!$N$55:$O$70,2,0)," ") -> Servicio de atención a emergencias y desastres | AC54: =CONCATENATE(AA54,"_",AB54) -> 004_Servicio de atención a emergencias y desastres | AD54: =CONCATENATE(Z54," ",AC54) -> 12-Servicio de apoyo logístico en eventos operativos y/o emergencias. 004_Servicio de atención a emergencias y desastres | AE54: =CONCATENATE(U54,V54,W54,X54,AA54) -> O23011745032024025512004 | AF54: =IFERROR(VLOOKUP(AD54,TD!$J$70:$K$93,2,0)," ") -> PM/0131/0112/45030040255 | AG54: O232020200991191 Servicios administrativos relacionados con los trabajadores estatales | AH54: Si Secop | AI54: =CONCATENATE(PAA[[#This Row],[Id Interno]],"-",PAA[[#This Row],[tipo de Contrato (TH talento humano - B/S bienes y/o servicios)]],"-",S54,"-",T54,"-",PAA[[#This Row],[Objeto de la contratación]]) -> 20261099-TH-8173-4--Prestación de servicios profesionales para apoyar la gestión administrativa, documental y de trámites relacionados con el parque automotor a cargo de la Subdirección Logística – SBLG, requeridos para su adecuado funcionamiento, operación y gestión.
B55: 20261100 | C55: Prestación de servicios profesionales para realizar la revisión, análisis y trámite jurídico de las diferentes actuaciones contractuales y procesales que se adelanten en las distintas etapas de los procesos de contratación de bienes y servicios, en el marco del desarrollo de las estrategias y necesidades de la Subdirección Logística – SBLG. | D55: 09 - contratación directa | E55: TH | F55: 25 - contrato de prestacion de servicios profesionales | G55: OCTUBRE | H55: 3 | I55: 0 | J55: 24000000 | K55: NO | L55: Sub. Logística | M55: Omer Mauricio Rivera Ruiz | N55: 8173-Modernización de las capacidades del Cuerpo Oficial de Bomberos Bogotá D.C. | O55: Subdirector@ de Gestión del Riesgo | P55: 1-100-I087 VA-Sobretasa Bomberil | Q55: 80111600 | R55: 8173 4-Desarrollar 3 estrategias para el fortalecimiento de la logistica en la atención de emergencias. | S55: =MID(PAA[[#This Row],[Meta Proyecto de Inversión]],1,4) -> 8173 | T55: =MID(PAA[[#This Row],[Meta Proyecto de Inversión]],6,2) -> 4- | U55: =IFERROR(VLOOKUP(N55,TD!$B$54:$F$58,2,0)," ") -> O230117 | V55: =IFERROR(VLOOKUP(N55,TD!$B$54:$F$58,3,0)," ") -> 4503 | W55: =IFERROR(VLOOKUP(N55,TD!$B$54:$F$58,4,0)," ") -> 20240255 | X55: 12 | Y55: =IFERROR(VLOOKUP(X55,TD!$J$55:$K$68,2,0)," ") -> Servicio de apoyo logístico en eventos operativos y/o emergencias. | Z55: =CONCATENATE(X55,"-",Y55) -> 12-Servicio de apoyo logístico en eventos operativos y/o emergencias. | AA55: 004 | AB55: =IFERROR(VLOOKUP(AA55,TD!$N$55:$O$70,2,0)," ") -> Servicio de atención a emergencias y desastres | AC55: =CONCATENATE(AA55,"_",AB55) -> 004_Servicio de atención a emergencias y desastres | AD55: =CONCATENATE(Z55," ",AC55) -> 12-Servicio de apoyo logístico en eventos operativos y/o emergencias. 004_Servicio de atención a emergencias y desastres | AE55: =CONCATENATE(U55,V55,W55,X55,AA55) -> O23011745032024025512004 | AF55: =IFERROR(VLOOKUP(AD55,TD!$J$70:$K$93,2,0)," ") -> PM/0131/0112/45030040255 | AG55: O232020200991191 Servicios administrativos relacionados con los trabajadores estatales | AH55: Si Secop | AI55: =CONCATENATE(PAA[[#This Row],[Id Interno]],"-",PAA[[#This Row],[tipo de Contrato (TH talento humano - B/S bienes y/o servicios)]],"-",S55,"-",T55,"-",PAA[[#This Row],[Objeto de la contratación]]) -> 20261100-TH-8173-4--Prestación de servicios profesionales para realizar la revisión, análisis y trámite jurídico de las diferentes actuaciones contractuales y procesales que se adelanten en las distintas etapas de los procesos de contratación de bienes y servicios, en el marco del desarrollo de las estrategias y necesidades de la Subdirección Logística – SBLG.
B56: 20261101 | C56: Prestar servicios profesionales liderando las actividades de proyeccion e innovacion para la Subdirección de Gestión del Riesgo._SGR | D56: 09 - contratación directa | E56: TH | F56: 25 - contrato de prestacion de servicios profesionales | G56: OCTUBRE | H56: 3 | I56: 0 | J56: 27300000 | K56: NO | L56: Sub. Gestión Riesgos | M56: William Tovar Segura | N56: 8173-Modernización de las capacidades del Cuerpo Oficial de Bomberos Bogotá D.C. | O56: Subdirector@ de Gestión del Riesgo | P56: 1-100-I087 VA-Sobretasa Bomberil | Q56: 80111600 | R56: 8173 5-Realizar 3 Estrategias de Investigación, desarrollo e innovación en gestión del riesgo | S56: =MID(PAA[[#This Row],[Meta Proyecto de Inversión]],1,4) -> 8173 | T56: =MID(PAA[[#This Row],[Meta Proyecto de Inversión]],6,2) -> 5- | U56: =IFERROR(VLOOKUP(N56,TD!$B$54:$F$58,2,0)," ") -> O230117 | V56: =IFERROR(VLOOKUP(N56,TD!$B$54:$F$58,3,0)," ") -> 4503 | W56: =IFERROR(VLOOKUP(N56,TD!$B$54:$F$58,4,0)," ") -> 20240255 | X56: 16 | Y56: =IFERROR(VLOOKUP(X56,TD!$J$55:$K$68,2,0)," ") -> Servicio de monitoreo y seguimiento para la gestión del riesgo | Z56: =CONCATENATE(X56,"-",Y56) -> 16-Servicio de monitoreo y seguimiento para la gestión del riesgo | AA56: 018 | AB56: =IFERROR(VLOOKUP(AA56,TD!$N$55:$O$70,2,0)," ") -> Servicio de monitoreo y seguimiento para la gestión del riesgo | AC56: =CONCATENATE(AA56,"_",AB56) -> 018_Servicio de monitoreo y seguimiento para la gestión del riesgo | AD56: =CONCATENATE(Z56," ",AC56) -> 16-Servicio de monitoreo y seguimiento para la gestión del riesgo 018_Servicio de monitoreo y seguimiento para la gestión del riesgo | AE56: =CONCATENATE(U56,V56,W56,X56,AA56) -> O23011745032024025516018 | AF56: =IFERROR(VLOOKUP(AD56,TD!$J$70:$K$93,2,0)," ") -> PM/0131/0116/45030180255 | AG56: O232020200991191 Servicios administrativos relacionados con los trabajadores estatales | AH56: Si Secop | AI56: =CONCATENATE(PAA[[#This Row],[Id Interno]],"-",PAA[[#This Row],[tipo de Contrato (TH talento humano - B/S bienes y/o servicios)]],"-",S56,"-",T56,"-",PAA[[#This Row],[Objeto de la contratación]]) -> 20261101-TH-8173-5--Prestar servicios profesionales liderando las actividades de proyeccion e innovacion para la Subdirección de Gestión del Riesgo._SGR
B57: 20261102 | C57: Prestación de servicios de apoyo a la gestión en la ejecución de los planes y programas de servicio al ciudadano a cargo de la Subdirección de Gestión Corporativa.-SGC | D57: 09 - contratación directa | E57: TH | F57: 26 - contrato de prestacion de servicios de apoyo a la gestion | G57: NOVIEMBRE | H57: 3 | I57: 0 | J57: 9852984 | K57: NO | L57: Sub. Gestión Corporativa | M57: Fatima Veronica Quintero Nuñez | N57: 8126-Fortalecimiento institucional de la UAECOB para un gobierno confiable Bogotá D.C. | O57: Subdirector@ de Gestión Corporativa | P57: 1-100-I087 VA-Sobretasa Bomberil | Q57: 80111600; | R57: 8126 9-Fortalecer el 100% de la gestión administrativa de las áreas de apoyo al cumplimiento de la misionalidad de la UAECOB | S57: =MID(PAA[[#This Row],[Meta Proyecto de Inversión]],1,4) -> 8126 | T57: =MID(PAA[[#This Row],[Meta Proyecto de Inversión]],6,2) -> 9- | U57: =IFERROR(VLOOKUP(N57,TD!$B$54:$F$58,2,0)," ") -> O230117 | V57: =IFERROR(VLOOKUP(N57,TD!$B$54:$F$58,3,0)," ") -> 4599 | W57: =IFERROR(VLOOKUP(N57,TD!$B$54:$F$58,4,0)," ") -> 20240207 | X57: 08 | Y57: =IFERROR(VLOOKUP(X57,TD!$J$55:$K$68,2,0)," ") -> Infraestructura física, mantenimiento y dotación (Sedes construidas, mantenidas reforzadas) | Z57: =CONCATENATE(X57,"-",Y57) -> 08-Infraestructura física, mantenimiento y dotación (Sedes construidas, mantenidas reforzadas) | AA57: 016 | AB57: =IFERROR(VLOOKUP(AA57,TD!$N$55:$O$70,2,0)," ") -> Sedes mantenidas | AC57: =CONCATENATE(AA57,"_",AB57) -> 016_Sedes mantenidas | AD57: =CONCATENATE(Z57," ",AC57) -> 08-Infraestructura física, mantenimiento y dotación (Sedes construidas, mantenidas reforzadas) 016_Sedes mantenidas | AE57: =CONCATENATE(U57,V57,W57,X57,AA57) -> O23011745992024020708016 | AF57: =IFERROR(VLOOKUP(AD57,TD!$J$70:$K$93,2,0)," ") -> PM/0131/0108/45990160207 | AG57: O232020200991191 Servicios administrativos relacionados con los trabajadores estatales | AH57: Si Secop | AI57: =CONCATENATE(PAA[[#This Row],[Id Interno]],"-",PAA[[#This Row],[tipo de Contrato (TH talento humano - B/S bienes y/o servicios)]],"-",S57,"-",T57,"-",PAA[[#This Row],[Objeto de la contratación]]) -> 20261102-TH-8126-9--Prestación de servicios de apoyo a la gestión en la ejecución de los planes y programas de servicio al ciudadano a cargo de la Subdirección de Gestión Corporativa.-SGC
B58: 20261103 | C58: Adición y prórroga No. 1 al contrato 423 de 2026 con objeto" Prestación de servicios profesionales especializados para desarrollar las actividades técnicas y administrativas del Área de Infraestructura de la Subdirección de Gestión Corporativa-SGC. | D58: 09 - contratación directa | E58: TH | F58: 25 - contrato de prestacion de servicios profesionales | G58: NOVIEMBRE | H58: 1 | I58: 4 | J58: 9066667 | K58: NO | L58: Sub. Gestión Corporativa | M58: Fatima Veronica Quintero Nuñez | N58: 8126-Fortalecimiento institucional de la UAECOB para un gobierno confiable Bogotá D.C. | O58: Subdirector@ de Gestión Corporativa | P58: 1-100-I087 VA-Sobretasa Bomberil | Q58: 80111600; | R58: 8126 8-Implementar el 100% del programa de mantenimiento a las sedes de Bomberos de Bogotá | S58: =MID(PAA[[#This Row],[Meta Proyecto de Inversión]],1,4) -> 8126 | T58: =MID(PAA[[#This Row],[Meta Proyecto de Inversión]],6,2) -> 8- | U58: =IFERROR(VLOOKUP(N58,TD!$B$54:$F$58,2,0)," ") -> O230117 | V58: =IFERROR(VLOOKUP(N58,TD!$B$54:$F$58,3,0)," ") -> 4599 | W58: =IFERROR(VLOOKUP(N58,TD!$B$54:$F$58,4,0)," ") -> 20240207 | X58: 08 | Y58: =IFERROR(VLOOKUP(X58,TD!$J$55:$K$68,2,0)," ") -> Infraestructura física, mantenimiento y dotación (Sedes construidas, mantenidas reforzadas) | Z58: =CONCATENATE(X58,"-",Y58) -> 08-Infraestructura física, mantenimiento y dotación (Sedes construidas, mantenidas reforzadas) | AA58: 016 | AB58: =IFERROR(VLOOKUP(AA58,TD!$N$55:$O$70,2,0)," ") -> Sedes mantenidas | AC58: =CONCATENATE(AA58,"_",AB58) -> 016_Sedes mantenidas | AD58: =CONCATENATE(Z58," ",AC58) -> 08-Infraestructura física, mantenimiento y dotación (Sedes construidas, mantenidas reforzadas) 016_Sedes mantenidas | AE58: =CONCATENATE(U58,V58,W58,X58,AA58) -> O23011745992024020708016 | AF58: =IFERROR(VLOOKUP(AD58,TD!$J$70:$K$93,2,0)," ") -> PM/0131/0108/45990160207 | AG58: O232020200991191 Servicios administrativos relacionados con los trabajadores estatales | AH58: No Secop | AI58: =CONCATENATE(PAA[[#This Row],[Id Interno]],"-",PAA[[#This Row],[tipo de Contrato (TH talento humano - B/S bienes y/o servicios)]],"-",S58,"-",T58,"-",PAA[[#This Row],[Objeto de la contratación]]) -> 20261103-TH-8126-8--Adición y prórroga No. 1 al contrato 423 de 2026 con objeto" Prestación de servicios profesionales especializados para desarrollar las actividades técnicas y administrativas del Área de Infraestructura de la Subdirección de Gestión Corporativa-SGC.
B59: 20261104 | C59: Prestar servicios profesionales para apoyar el desarrollo, la construcción, revisión y gestión de los documentos previos requerido en los procesos de selección adelantados por la UAECOB, garantizando la adecuada estructuración financiera, de mercado y económica, necesarios para la contratación para la adquisición de bienes, obras y servicios esenciales para el cumplimiento de sus funciones y misionalidad-SGC | D59: 09 - contratación directa | E59: TH | F59: 25 - contrato de prestacion de servicios profesionales | G59: NOVIEMBRE | H59: 3 | I59: 0 | J59: 22500000 | K59: NO | L59: Sub. Gestión Corporativa | M59: Fatima Veronica Quintero Nuñez | N59: 8173-Modernización de las capacidades del Cuerpo Oficial de Bomberos Bogotá D.C. | O59: Subdirector@ de Gestión del Riesgo | P59: 1-100-I087 VA-Sobretasa Bomberil | Q59: 80111600; | R59: 8173 11-Gestionar el 100% de las necesidades de bienes y servicios a la infraestructura en funcionamiento | S59: =MID(PAA[[#This Row],[Meta Proyecto de Inversión]],1,4) -> 8173 | T59: =MID(PAA[[#This Row],[Meta Proyecto de Inversión]],6,2) -> 11 | U59: =IFERROR(VLOOKUP(N59,TD!$B$54:$F$58,2,0)," ") -> O230117 | V59: =IFERROR(VLOOKUP(N59,TD!$B$54:$F$58,3,0)," ") -> 4503 | W59: =IFERROR(VLOOKUP(N59,TD!$B$54:$F$58,4,0)," ") -> 20240255 | X59: 14 | Y59: =IFERROR(VLOOKUP(X59,TD!$J$55:$K$68,2,0)," ") -> Infraestructura física misional construida mantenida y dotada | Z59: =CONCATENATE(X59,"-",Y59) -> 14-Infraestructura física misional construida mantenida y dotada | AA59: 014 | AB59: =IFERROR(VLOOKUP(AA59,TD!$N$55:$O$70,2,0)," ") -> Estaciones de bomberos adecuadas | AC59: =CONCATENATE(AA59,"_",AB59) -> 014_Estaciones de bomberos adecuadas | AD59: =CONCATENATE(Z59," ",AC59) -> 14-Infraestructura física misional construida mantenida y dotada 014_Estaciones de bomberos adecuadas | AE59: =CONCATENATE(U59,V59,W59,X59,AA59) -> O23011745032024025514014 | AF59: =IFERROR(VLOOKUP(AD59,TD!$J$70:$K$93,2,0)," ") -> PM/0131/0114/45030140255 | AG59: O232020200991191 Servicios administrativos relacionados con los trabajadores estatales | AH59: Si Secop | AI59: =CONCATENATE(PAA[[#This Row],[Id Interno]],"-",PAA[[#This Row],[tipo de Contrato (TH talento humano - B/S bienes y/o servicios)]],"-",S59,"-",T59,"-",PAA[[#This Row],[Objeto de la contratación]]) -> 20261104-TH-8173-11-Prestar servicios profesionales para apoyar el desarrollo, la construcción, revisión y gestión de los documentos previos requerido en los procesos de selección adelantados por la UAECOB, garantizando la adecuada estructuración financiera, de mercado y económica, necesarios para la contratación para la adquisición de bienes, obras y servicios esenciales para el cumplimiento de sus funciones y misionalidad-SGC
B60: 20261105 | C60: Prestación de servicios de apoyo a la gestión en la ejecución de los planes y programas de servicio al ciudadano a cargo de la Subdirección de Gestión Corporativa.-SGC | D60: 09 - contratación directa | E60: TH | F60: 26 - contrato de prestacion de servicios de apoyo a la gestion | G60: OCTUBRE | H60: 3 | I60: 0 | J60: 9852984 | K60: NO | L60: Sub. Gestión Corporativa | M60: Fatima Veronica Quintero Nuñez | N60: 8126-Fortalecimiento institucional de la UAECOB para un gobierno confiable Bogotá D.C. | O60: Subdirector@ de Gestión Corporativa | P60: 1-100-I087 VA-Sobretasa Bomberil | Q60: 80111600; | R60: 8126 9-Fortalecer el 100% de la gestión administrativa de las áreas de apoyo al cumplimiento de la misionalidad de la UAECOB | S60: =MID(PAA[[#This Row],[Meta Proyecto de Inversión]],1,4) -> 8126 | T60: =MID(PAA[[#This Row],[Meta Proyecto de Inversión]],6,2) -> 9- | U60: =IFERROR(VLOOKUP(N60,TD!$B$54:$F$58,2,0)," ") -> O230117 | V60: =IFERROR(VLOOKUP(N60,TD!$B$54:$F$58,3,0)," ") -> 4599 | W60: =IFERROR(VLOOKUP(N60,TD!$B$54:$F$58,4,0)," ") -> 20240207 | X60: 08 | Y60: =IFERROR(VLOOKUP(X60,TD!$J$55:$K$68,2,0)," ") -> Infraestructura física, mantenimiento y dotación (Sedes construidas, mantenidas reforzadas) | Z60: =CONCATENATE(X60,"-",Y60) -> 08-Infraestructura física, mantenimiento y dotación (Sedes construidas, mantenidas reforzadas) | AA60: 016 | AB60: =IFERROR(VLOOKUP(AA60,TD!$N$55:$O$70,2,0)," ") -> Sedes mantenidas | AC60: =CONCATENATE(AA60,"_",AB60) -> 016_Sedes mantenidas | AD60: =CONCATENATE(Z60," ",AC60) -> 08-Infraestructura física, mantenimiento y dotación (Sedes construidas, mantenidas reforzadas) 016_Sedes mantenidas | AE60: =CONCATENATE(U60,V60,W60,X60,AA60) -> O23011745992024020708016 | AF60: =IFERROR(VLOOKUP(AD60,TD!$J$70:$K$93,2,0)," ") -> PM/0131/0108/45990160207 | AG60: O232020200991191 Servicios administrativos relacionados con los trabajadores estatales | AH60: Si Secop | AI60: =CONCATENATE(PAA[[#This Row],[Id Interno]],"-",PAA[[#This Row],[tipo de Contrato (TH talento humano - B/S bienes y/o servicios)]],"-",S60,"-",T60,"-",PAA[[#This Row],[Objeto de la contratación]]) -> 20261105-TH-8126-9--Prestación de servicios de apoyo a la gestión en la ejecución de los planes y programas de servicio al ciudadano a cargo de la Subdirección de Gestión Corporativa.-SGC
B61: 20260001 | C61: Prestar servicios profesionales especializado estableciendo lineamientos en el seguimiento y fortalecimiento de los procesos, proyectos y contratos tecnológicos a cargo del área de Tecnologías de la Información y las Comunicaciones de la U.A.E. Cuerpo Oficial de Bomberos de Bogotá. | D61: 09 - contratación directa | E61: TH | F61: 25 - contrato de prestacion de servicios profesionales | G61: ENERO | H61: 11 | I61: 0 | J61: 119999000 | K61: NO | L61: Dirección Tic | M61: Paula Ximena Henao Escobar | N61: 8126-Fortalecimiento institucional de la UAECOB para un gobierno confiable Bogotá D.C. | O61: Subdirector@ de Gestión Corporativa | P61: 1-100-I087 VA-Sobretasa Bomberil | Q61: 80111600 | R61: 8126 5-Desarrollar el 100% de las acciones asociadas al fortalecimiento de la infraestructura tecnológica y de comunicaciones de la UAECOB | S61: =MID(PAA[[#This Row],[Meta Proyecto de Inversión]],1,4) -> 8126 | T61: =MID(PAA[[#This Row],[Meta Proyecto de Inversión]],6,2) -> 5- | U61: =IFERROR(VLOOKUP(N61,TD!$B$54:$F$58,2,0)," ") -> O230117 | V61: =IFERROR(VLOOKUP(N61,TD!$B$54:$F$58,3,0)," ") -> 4599 | W61: =IFERROR(VLOOKUP(N61,TD!$B$54:$F$58,4,0)," ") -> 20240207 | X61: 11 | Y61: =IFERROR(VLOOKUP(X61,TD!$J$55:$K$68,2,0)," ") -> Infraestructura Tecnológica (Sistemas de Información y Tecnologia) | Z61: =CONCATENATE(X61,"-",Y61) -> 11-Infraestructura Tecnológica (Sistemas de Información y Tecnologia) | AA61: 007 | AB61: =IFERROR(VLOOKUP(AA61,TD!$N$55:$O$70,2,0)," ") -> Servicios tecnológicos | AC61: =CONCATENATE(AA61,"_",AB61) -> 007_Servicios tecnológicos | AD61: =CONCATENATE(Z61," ",AC61) -> 11-Infraestructura Tecnológica (Sistemas de Información y Tecnologia) 007_Servicios tecnológicos | AE61: =CONCATENATE(U61,V61,W61,X61,AA61) -> O23011745992024020711007 | AF61: =IFERROR(VLOOKUP(AD61,TD!$J$70:$K$93,2,0)," ") -> PM/0131/0111/45990070207 | AG61: O232020200991191 Servicios administrativos relacionados con los trabajadores estatales | AH61: Si Secop | AI61: =CONCATENATE(PAA[[#This Row],[Id Interno]],"-",PAA[[#This Row],[tipo de Contrato (TH talento humano - B/S bienes y/o servicios)]],"-",S61,"-",T61,"-",PAA[[#This Row],[Objeto de la contratación]]) -> 20260001-TH-8126-5--Prestar servicios profesionales especializado estableciendo lineamientos en el seguimiento y fortalecimiento de los procesos, proyectos y contratos tecnológicos a cargo del área de Tecnologías de la Información y las Comunicaciones de la U.A.E. Cuerpo Oficial de Bomberos de Bogotá.
B62: 20260002 | C62: Brindar apoyo profesional en la planeación, control y seguimiento del presupuesto asignado al área de Tecnologías de la Información y las Comunicaciones, garantizando que los recursos se asignen conforme a las metas establecidas y asignadas en el plan de desarrollo adoptado, para el cumplimiento de la misionalidad. | D62: 09 - contratación directa | E62: TH | F62: 25 - contrato de prestacion de servicios profesionales | G62: ENERO | H62: 6 | I62: 0 | J62: 45000000 | K62: NO | L62: Dirección Tic | M62: Paula Ximena Henao Escobar | N62: 8126-Fortalecimiento institucional de la UAECOB para un gobierno confiable Bogotá D.C. | O62: Subdirector@ de Gestión Corporativa | P62: 1-100-I087 VA-Sobretasa Bomberil | Q62: 80111600 | R62: 8126 5-Desarrollar el 100% de las acciones asociadas al fortalecimiento de la infraestructura tecnológica y de comunicaciones de la UAECOB | S62: =MID(PAA[[#This Row],[Meta Proyecto de Inversión]],1,4) -> 8126 | T62: =MID(PAA[[#This Row],[Meta Proyecto de Inversión]],6,2) -> 5- | U62: =IFERROR(VLOOKUP(N62,TD!$B$54:$F$58,2,0)," ") -> O230117 | V62: =IFERROR(VLOOKUP(N62,TD!$B$54:$F$58,3,0)," ") -> 4599 | W62: =IFERROR(VLOOKUP(N62,TD!$B$54:$F$58,4,0)," ") -> 20240207 | X62: 11 | Y62: =IFERROR(VLOOKUP(X62,TD!$J$55:$K$68,2,0)," ") -> Infraestructura Tecnológica (Sistemas de Información y Tecnologia) | Z62: =CONCATENATE(X62,"-",Y62) -> 11-Infraestructura Tecnológica (Sistemas de Información y Tecnologia) | AA62: 007 | AB62: =IFERROR(VLOOKUP(AA62,TD!$N$55:$O$70,2,0)," ") -> Servicios tecnológicos | AC62: =CONCATENATE(AA62,"_",AB62) -> 007_Servicios tecnológicos | AD62: =CONCATENATE(Z62," ",AC62) -> 11-Infraestructura Tecnológica (Sistemas de Información y Tecnologia) 007_Servicios tecnológicos | AE62: =CONCATENATE(U62,V62,W62,X62,AA62) -> O23011745992024020711007 | AF62: =IFERROR(VLOOKUP(AD62,TD!$J$70:$K$93,2,0)," ") -> PM/0131/0111/45990070207 | AG62: O232020200991191 Servicios administrativos relacionados con los trabajadores estatales | AH62: Si Secop | AI62: =CONCATENATE(PAA[[#This Row],[Id Interno]],"-",PAA[[#This Row],[tipo de Contrato (TH talento humano - B/S bienes y/o servicios)]],"-",S62,"-",T62,"-",PAA[[#This Row],[Objeto de la contratación]]) -> 20260002-TH-8126-5--Brindar apoyo profesional en la planeación, control y seguimiento del presupuesto asignado al área de Tecnologías de la Información y las Comunicaciones, garantizando que los recursos se asignen conforme a las metas establecidas y asignadas en el plan de desarrollo adoptado, para el cumplimiento de la misionalidad.
B63: 20260003 | C63: Prestar servicios profesionales orientadas al soporte, mantenimiento funcional y aseguramiento de la disponibilidad de los servicios tecnológicos que respaldan el funcionamiento institucional en sus diferentes sedes y puntos de atención, a cargo del área de tecnología de la información y las comunicaciones de la U.A.E Cuerpo Oficial de Bomberos de Bogotá D.C. | D63: 09 - contratación directa | E63: TH | F63: 25 - contrato de prestacion de servicios profesionales | G63: ENERO | H63: 6 | I63: 0 | J63: 33000000 | K63: NO | L63: Dirección Tic | M63: Paula Ximena Henao Escobar | N63: 8126-Fortalecimiento institucional de la UAECOB para un gobierno confiable Bogotá D.C. | O63: Subdirector@ de Gestión Corporativa | P63: 1-100-I087 VA-Sobretasa Bomberil | Q63: 80111600 | R63: 8126 4-Administrar, soportar y mantener el 100% del servicio de Herramientas de Colaboración y sistemas de información. | S63: =MID(PAA[[#This Row],[Meta Proyecto de Inversión]],1,4) -> 8126 | T63: =MID(PAA[[#This Row],[Meta Proyecto de Inversión]],6,2) -> 4- | U63: =IFERROR(VLOOKUP(N63,TD!$B$54:$F$58,2,0)," ") -> O230117 | V63: =IFERROR(VLOOKUP(N63,TD!$B$54:$F$58,3,0)," ") -> 4599 | W63: =IFERROR(VLOOKUP(N63,TD!$B$54:$F$58,4,0)," ") -> 20240207 | X63: 11 | Y63: =IFERROR(VLOOKUP(X63,TD!$J$55:$K$68,2,0)," ") -> Infraestructura Tecnológica (Sistemas de Información y Tecnologia) | Z63: =CONCATENATE(X63,"-",Y63) -> 11-Infraestructura Tecnológica (Sistemas de Información y Tecnologia) | AA63: 007 | AB63: =IFERROR(VLOOKUP(AA63,TD!$N$55:$O$70,2,0)," ") -> Servicios tecnológicos | AC63: =CONCATENATE(AA63,"_",AB63) -> 007_Servicios tecnológicos | AD63: =CONCATENATE(Z63," ",AC63) -> 11-Infraestructura Tecnológica (Sistemas de Información y Tecnologia) 007_Servicios tecnológicos | AE63: =CONCATENATE(U63,V63,W63,X63,AA63) -> O23011745992024020711007 | AF63: =IFERROR(VLOOKUP(AD63,TD!$J$70:$K$93,2,0)," ") -> PM/0131/0111/45990070207 | AG63: O232020200991191 Servicios administrativos relacionados con los trabajadores estatales | AH63: Si Secop | AI63: =CONCATENATE(PAA[[#This Row],[Id Interno]],"-",PAA[[#This Row],[tipo de Contrato (TH talento humano - B/S bienes y/o servicios)]],"-",S63,"-",T63,"-",PAA[[#This Row],[Objeto de la contratación]]) -> 20260003-TH-8126-4--Prestar servicios profesionales orientadas al soporte, mantenimiento funcional y aseguramiento de la disponibilidad de los servicios tecnológicos que respaldan el funcionamiento institucional en sus diferentes sedes y puntos de atención, a cargo del área de tecnología de la información y las comunicaciones de la U.A.E Cuerpo Oficial de Bomberos de Bogotá D.C.
B64: 20260004 | C64: Prestar los servicios profesionales para realizar las actividades tendientes a soportar el Sistema Integrado de Administración de Personal - SIAP a cargo del área de Tecnologías de la Información y las Comunicaciones de la U.A.E. Cuerpo Oficial de Bomberos Bogotá | D64: 09 - contratación directa | E64: TH | F64: 25 - contrato de prestacion de servicios profesionales | G64: ENERO | H64: 6 | I64: 0 | J64: 57000000 | K64: NO | L64: Dirección Tic | M64: Paula Ximena Henao Escobar | N64: 8126-Fortalecimiento institucional de la UAECOB para un gobierno confiable Bogotá D.C. | O64: Subdirector@ de Gestión Corporativa | P64: 1-100-I087 VA-Sobretasa Bomberil | Q64: 80111600 | R64: 8126 4-Administrar, soportar y mantener el 100% del servicio de Herramientas de Colaboración y sistemas de información. | S64: =MID(PAA[[#This Row],[Meta Proyecto de Inversión]],1,4) -> 8126 | T64: =MID(PAA[[#This Row],[Meta Proyecto de Inversión]],6,2) -> 4- | U64: =IFERROR(VLOOKUP(N64,TD!$B$54:$F$58,2,0)," ") -> O230117 | V64: =IFERROR(VLOOKUP(N64,TD!$B$54:$F$58,3,0)," ") -> 4599 | W64: =IFERROR(VLOOKUP(N64,TD!$B$54:$F$58,4,0)," ") -> 20240207 | X64: 11 | Y64: =IFERROR(VLOOKUP(X64,TD!$J$55:$K$68,2,0)," ") -> Infraestructura Tecnológica (Sistemas de Información y Tecnologia) | Z64: =CONCATENATE(X64,"-",Y64) -> 11-Infraestructura Tecnológica (Sistemas de Información y Tecnologia) | AA64: 007 | AB64: =IFERROR(VLOOKUP(AA64,TD!$N$55:$O$70,2,0)," ") -> Servicios tecnológicos | AC64: =CONCATENATE(AA64,"_",AB64) -> 007_Servicios tecnológicos | AD64: =CONCATENATE(Z64," ",AC64) -> 11-Infraestructura Tecnológica (Sistemas de Información y Tecnologia) 007_Servicios tecnológicos | AE64: =CONCATENATE(U64,V64,W64,X64,AA64) -> O23011745992024020711007 | AF64: =IFERROR(VLOOKUP(AD64,TD!$J$70:$K$93,2,0)," ") -> PM/0131/0111/45990070207 | AG64: O232020200991191 Servicios administrativos relacionados con los trabajadores estatales | AH64: Si Secop | AI64: =CONCATENATE(PAA[[#This Row],[Id Interno]],"-",PAA[[#This Row],[tipo de Contrato (TH talento humano - B/S bienes y/o servicios)]],"-",S64,"-",T64,"-",PAA[[#This Row],[Objeto de la contratación]]) -> 20260004-TH-8126-4--Prestar los servicios profesionales para realizar las actividades tendientes a soportar el Sistema Integrado de Administración de Personal - SIAP a cargo del área de Tecnologías de la Información y las Comunicaciones de la U.A.E. Cuerpo Oficial de Bomberos Bogotá
B65: 20260005 | C65: Prestar servicios profesionales apoyando los lineamientos tecnológicos necesarios para la administración y gestión de los servicios desarrollados por el área de Tecnologías de la Información y las Comunicaciones de la U.A.E. Cuerpo Oficial de Bomberos Bogotá. | D65: 09 - contratación directa | E65: TH | F65: 25 - contrato de prestacion de servicios profesionales | G65: ENERO | H65: 12 | I65: 0 | J65: 93600000 | K65: NO | L65: Dirección Tic | M65: Paula Ximena Henao Escobar | N65: 8126-Fortalecimiento institucional de la UAECOB para un gobierno confiable Bogotá D.C. | O65: Subdirector@ de Gestión Corporativa | P65: 1-100-I087 VA-Sobretasa Bomberil | Q65: 80111600 | R65: 8126 5-Desarrollar el 100% de las acciones asociadas al fortalecimiento de la infraestructura tecnológica y de comunicaciones de la UAECOB | S65: =MID(PAA[[#This Row],[Meta Proyecto de Inversión]],1,4) -> 8126 | T65: =MID(PAA[[#This Row],[Meta Proyecto de Inversión]],6,2) -> 5- | U65: =IFERROR(VLOOKUP(N65,TD!$B$54:$F$58,2,0)," ") -> O230117 | V65: =IFERROR(VLOOKUP(N65,TD!$B$54:$F$58,3,0)," ") -> 4599 | W65: =IFERROR(VLOOKUP(N65,TD!$B$54:$F$58,4,0)," ") -> 20240207 | X65: 11 | Y65: =IFERROR(VLOOKUP(X65,TD!$J$55:$K$68,2,0)," ") -> Infraestructura Tecnológica (Sistemas de Información y Tecnologia) | Z65: =CONCATENATE(X65,"-",Y65) -> 11-Infraestructura Tecnológica (Sistemas de Información y Tecnologia) | AA65: 007 | AB65: =IFERROR(VLOOKUP(AA65,TD!$N$55:$O$70,2,0)," ") -> Servicios tecnológicos | AC65: =CONCATENATE(AA65,"_",AB65) -> 007_Servicios tecnológicos | AD65: =CONCATENATE(Z65," ",AC65) -> 11-Infraestructura Tecnológica (Sistemas de Información y Tecnologia) 007_Servicios tecnológicos | AE65: =CONCATENATE(U65,V65,W65,X65,AA65) -> O23011745992024020711007 | AF65: =IFERROR(VLOOKUP(AD65,TD!$J$70:$K$93,2,0)," ") -> PM/0131/0111/45990070207 | AG65: O232020200991191 Servicios administrativos relacionados con los trabajadores estatales | AH65: Si Secop | AI65: =CONCATENATE(PAA[[#This Row],[Id Interno]],"-",PAA[[#This Row],[tipo de Contrato (TH talento humano - B/S bienes y/o servicios)]],"-",S65,"-",T65,"-",PAA[[#This Row],[Objeto de la contratación]]) -> 20260005-TH-8126-5--Prestar servicios profesionales apoyando los lineamientos tecnológicos necesarios para la administración y gestión de los servicios desarrollados por el área de Tecnologías de la Información y las Comunicaciones de la U.A.E. Cuerpo Oficial de Bomberos Bogotá.
B66: 20260006 | C66: Prestar servicios profesionales de carácter jurídico apoyando las actividades de gestión contractual en cada una de las diferentes etapas de los bienes, obras o servicios que se adelanten el área de Tecnologías de la Información y las Comunicaciones de la U.A.E. Cuerpo Oficial de Bomberos Bogotá. | D66: 09 - contratación directa | E66: TH | F66: 25 - contrato de prestacion de servicios profesionales | G66: ENERO | H66: 10 | I66: 0 | J66: 78000000 | K66: NO | L66: Dirección Tic | M66: Paula Ximena Henao Escobar | N66: 8126-Fortalecimiento institucional de la UAECOB para un gobierno confiable Bogotá D.C. | O66: Subdirector@ de Gestión Corporativa | P66: 1-100-I087 VA-Sobretasa Bomberil | Q66: 80111600 | R66: 8126 5-Desarrollar el 100% de las acciones asociadas al fortalecimiento de la infraestructura tecnológica y de comunicaciones de la UAECOB | S66: =MID(PAA[[#This Row],[Meta Proyecto de Inversión]],1,4) -> 8126 | T66: =MID(PAA[[#This Row],[Meta Proyecto de Inversión]],6,2) -> 5- | U66: =IFERROR(VLOOKUP(N66,TD!$B$54:$F$58,2,0)," ") -> O230117 | V66: =IFERROR(VLOOKUP(N66,TD!$B$54:$F$58,3,0)," ") -> 4599 | W66: =IFERROR(VLOOKUP(N66,TD!$B$54:$F$58,4,0)," ") -> 20240207 | X66: 11 | Y66: =IFERROR(VLOOKUP(X66,TD!$J$55:$K$68,2,0)," ") -> Infraestructura Tecnológica (Sistemas de Información y Tecnologia) | Z66: =CONCATENATE(X66,"-",Y66) -> 11-Infraestructura Tecnológica (Sistemas de Información y Tecnologia) | AA66: 007 | AB66: =IFERROR(VLOOKUP(AA66,TD!$N$55:$O$70,2,0)," ") -> Servicios tecnológicos | AC66: =CONCATENATE(AA66,"_",AB66) -> 007_Servicios tecnológicos | AD66: =CONCATENATE(Z66," ",AC66) -> 11-Infraestructura Tecnológica (Sistemas de Información y Tecnologia) 007_Servicios tecnológicos | AE66: =CONCATENATE(U66,V66,W66,X66,AA66) -> O23011745992024020711007 | AF66: =IFERROR(VLOOKUP(AD66,TD!$J$70:$K$93,2,0)," ") -> PM/0131/0111/45990070207 | AG66: O232020200991191 Servicios administrativos relacionados con los trabajadores estatales | AH66: Si Secop | AI66: =CONCATENATE(PAA[[#This Row],[Id Interno]],"-",PAA[[#This Row],[tipo de Contrato (TH talento humano - B/S bienes y/o servicios)]],"-",S66,"-",T66,"-",PAA[[#This Row],[Objeto de la contratación]]) -> 20260006-TH-8126-5--Prestar servicios profesionales de carácter jurídico apoyando las actividades de gestión contractual en cada una de las diferentes etapas de los bienes, obras o servicios que se adelanten el área de Tecnologías de la Información y las Comunicaciones de la U.A.E. Cuerpo Oficial de Bomberos Bogotá.
B67: 20260007 | C67: Prestar servicios profesionales orientados al fortalecimiento, administración y soporte de los sistemas, plataformas, infraestructura tecnológica y servicios informáticos a cargo de la Dirección de Tics de la U.A.E Cuerpo Oficial de Bomberos de Bogotá D.C | D67: 09 - contratación directa | E67: TH | F67: 25 - contrato de prestacion de servicios profesionales | G67: ENERO | H67: 11 | I67: 0 | J67: 60500000 | K67: NO | L67: Dirección Tic | M67: Paula Ximena Henao Escobar | N67: 8126-Fortalecimiento institucional de la UAECOB para un gobierno confiable Bogotá D.C. | O67: Subdirector@ de Gestión Corporativa | P67: 1-100-I087 VA-Sobretasa Bomberil | Q67: 80111600 | R67: 8126 5-Desarrollar el 100% de las acciones asociadas al fortalecimiento de la infraestructura tecnológica y de comunicaciones de la UAECOB | S67: =MID(PAA[[#This Row],[Meta Proyecto de Inversión]],1,4) -> 8126 | T67: =MID(PAA[[#This Row],[Meta Proyecto de Inversión]],6,2) -> 5- | U67: =IFERROR(VLOOKUP(N67,TD!$B$54:$F$58,2,0)," ") -> O230117 | V67: =IFERROR(VLOOKUP(N67,TD!$B$54:$F$58,3,0)," ") -> 4599 | W67: =IFERROR(VLOOKUP(N67,TD!$B$54:$F$58,4,0)," ") -> 20240207 | X67: 11 | Y67: =IFERROR(VLOOKUP(X67,TD!$J$55:$K$68,2,0)," ") -> Infraestructura Tecnológica (Sistemas de Información y Tecnologia) | Z67: =CONCATENATE(X67,"-",Y67) -> 11-Infraestructura Tecnológica (Sistemas de Información y Tecnologia) | AA67: 007 | AB67: =IFERROR(VLOOKUP(AA67,TD!$N$55:$O$70,2,0)," ") -> Servicios tecnológicos | AC67: =CONCATENATE(AA67,"_",AB67) -> 007_Servicios tecnológicos | AD67: =CONCATENATE(Z67," ",AC67) -> 11-Infraestructura Tecnológica (Sistemas de Información y Tecnologia) 007_Servicios tecnológicos | AE67: =CONCATENATE(U67,V67,W67,X67,AA67) -> O23011745992024020711007 | AF67: =IFERROR(VLOOKUP(AD67,TD!$J$70:$K$93,2,0)," ") -> PM/0131/0111/45990070207 | AG67: O232020200991191 Servicios administrativos relacionados con los trabajadores estatales | AH67: Si Secop | AI67: =CONCATENATE(PAA[[#This Row],[Id Interno]],"-",PAA[[#This Row],[tipo de Contrato (TH talento humano - B/S bienes y/o servicios)]],"-",S67,"-",T67,"-",PAA[[#This Row],[Objeto de la contratación]]) -> 20260007-TH-8126-5--Prestar servicios profesionales orientados al fortalecimiento, administración y soporte de los sistemas, plataformas, infraestructura tecnológica y servicios informáticos a cargo de la Dirección de Tics de la U.A.E Cuerpo Oficial de Bomberos de Bogotá D.C
B68: 20260008 | C68: Prestar los servicios de apoyo a la gestión para desarrollar actividades de soporte técnico nivel (1 y 2) que requiera el área de Tecnologías de la Información y las Comunicaciones de la U.A.E. Cuerpo Oficial de Bomberos Bogotá | D68: 09 - contratación directa | E68: TH | F68: 26 - contrato de prestacion de servicios de apoyo a la gestion | G68: FEBRERO | H68: 10 | I68: 0 | J68: 40000000 | K68: NO | L68: Dirección Tic | M68: Paula Ximena Henao Escobar | N68: 8126-Fortalecimiento institucional de la UAECOB para un gobierno confiable Bogotá D.C. | O68: Subdirector@ de Gestión Corporativa | P68: 1-100-I087 VA-Sobretasa Bomberil | Q68: 80111600 | R68: 8126 5-Desarrollar el 100% de las acciones asociadas al fortalecimiento de la infraestructura tecnológica y de comunicaciones de la UAECOB | S68: =MID(PAA[[#This Row],[Meta Proyecto de Inversión]],1,4) -> 8126 | T68: =MID(PAA[[#This Row],[Meta Proyecto de Inversión]],6,2) -> 5- | U68: =IFERROR(VLOOKUP(N68,TD!$B$54:$F$58,2,0)," ") -> O230117 | V68: =IFERROR(VLOOKUP(N68,TD!$B$54:$F$58,3,0)," ") -> 4599 | W68: =IFERROR(VLOOKUP(N68,TD!$B$54:$F$58,4,0)," ") -> 20240207 | X68: 11 | Y68: =IFERROR(VLOOKUP(X68,TD!$J$55:$K$68,2,0)," ") -> Infraestructura Tecnológica (Sistemas de Información y Tecnologia) | Z68: =CONCATENATE(X68,"-",Y68) -> 11-Infraestructura Tecnológica (Sistemas de Información y Tecnologia) | AA68: 007 | AB68: =IFERROR(VLOOKUP(AA68,TD!$N$55:$O$70,2,0)," ") -> Servicios tecnológicos | AC68: =CONCATENATE(AA68,"_",AB68) -> 007_Servicios tecnológicos | AD68: =CONCATENATE(Z68," ",AC68) -> 11-Infraestructura Tecnológica (Sistemas de Información y Tecnologia) 007_Servicios tecnológicos | AE68: =CONCATENATE(U68,V68,W68,X68,AA68) -> O23011745992024020711007 | AF68: =IFERROR(VLOOKUP(AD68,TD!$J$70:$K$93,2,0)," ") -> PM/0131/0111/45990070207 | AG68: O232020200991191 Servicios administrativos relacionados con los trabajadores estatales | AH68: Si Secop | AI68: =CONCATENATE(PAA[[#This Row],[Id Interno]],"-",PAA[[#This Row],[tipo de Contrato (TH talento humano - B/S bienes y/o servicios)]],"-",S68,"-",T68,"-",PAA[[#This Row],[Objeto de la contratación]]) -> 20260008-TH-8126-5--Prestar los servicios de apoyo a la gestión para desarrollar actividades de soporte técnico nivel (1 y 2) que requiera el área de Tecnologías de la Información y las Comunicaciones de la U.A.E. Cuerpo Oficial de Bomberos Bogotá
B69: 20260009 | C69: Prestar los servicios de apoyo a la gestión para desarrollar actividades de soporte técnico nivel (1 y 2) que requiera el área de Tecnologías de la Información y las Comunicaciones de la U.A.E. Cuerpo Oficial de Bomberos Bogotá | D69: 09 - contratación directa | E69: TH | F69: 26 - contrato de prestacion de servicios de apoyo a la gestion | G69: ENERO | H69: 6 | I69: 0 | J69: 24000000 | K69: NO | L69: Dirección Tic | M69: Paula Ximena Henao Escobar | N69: 8126-Fortalecimiento institucional de la UAECOB para un gobierno confiable Bogotá D.C. | O69: Subdirector@ de Gestión Corporativa | P69: 1-100-I087 VA-Sobretasa Bomberil | Q69: 80111600 | R69: 8126 5-Desarrollar el 100% de las acciones asociadas al fortalecimiento de la infraestructura tecnológica y de comunicaciones de la UAECOB | S69: =MID(PAA[[#This Row],[Meta Proyecto de Inversión]],1,4) -> 8126 | T69: =MID(PAA[[#This Row],[Meta Proyecto de Inversión]],6,2) -> 5- | U69: =IFERROR(VLOOKUP(N69,TD!$B$54:$F$58,2,0)," ") -> O230117 | V69: =IFERROR(VLOOKUP(N69,TD!$B$54:$F$58,3,0)," ") -> 4599 | W69: =IFERROR(VLOOKUP(N69,TD!$B$54:$F$58,4,0)," ") -> 20240207 | X69: 11 | Y69: =IFERROR(VLOOKUP(X69,TD!$J$55:$K$68,2,0)," ") -> Infraestructura Tecnológica (Sistemas de Información y Tecnologia) | Z69: =CONCATENATE(X69,"-",Y69) -> 11-Infraestructura Tecnológica (Sistemas de Información y Tecnologia) | AA69: 007 | AB69: =IFERROR(VLOOKUP(AA69,TD!$N$55:$O$70,2,0)," ") -> Servicios tecnológicos | AC69: =CONCATENATE(AA69,"_",AB69) -> 007_Servicios tecnológicos | AD69: =CONCATENATE(Z69," ",AC69) -> 11-Infraestructura Tecnológica (Sistemas de Información y Tecnologia) 007_Servicios tecnológicos | AE69: =CONCATENATE(U69,V69,W69,X69,AA69) -> O23011745992024020711007 | AF69: =IFERROR(VLOOKUP(AD69,TD!$J$70:$K$93,2,0)," ") -> PM/0131/0111/45990070207 | AG69: O232020200991191 Servicios administrativos relacionados con los trabajadores estatales | AH69: Si Secop | AI69: =CONCATENATE(PAA[[#This Row],[Id Interno]],"-",PAA[[#This Row],[tipo de Contrato (TH talento humano - B/S bienes y/o servicios)]],"-",S69,"-",T69,"-",PAA[[#This Row],[Objeto de la contratación]]) -> 20260009-TH-8126-5--Prestar los servicios de apoyo a la gestión para desarrollar actividades de soporte técnico nivel (1 y 2) que requiera el área de Tecnologías de la Información y las Comunicaciones de la U.A.E. Cuerpo Oficial de Bomberos Bogotá
B70: 20260010 | C70: Prestar servicios profesionales para apoyar el seguimiento, control y gestión de los servicios tecnológicos asociados a la herramienta de mesa de ayuda, directorio activo y herramientas de gestión que le sean asignados por la UAE Cuerpo Oficial de Bomberos de Bogotá - TIC. | D70: 09 - contratación directa | E70: TH | F70: 25 - contrato de prestacion de servicios profesionales | G70: ENERO | H70: 12 | I70: 0 | J70: 84000000 | K70: NO | L70: Dirección Tic | M70: Paula Ximena Henao Escobar | N70: 8126-Fortalecimiento institucional de la UAECOB para un gobierno confiable Bogotá D.C. | O70: Subdirector@ de Gestión Corporativa | P70: 1-100-I087 VA-Sobretasa Bomberil | Q70: 80111600 | R70: 8126 4-Administrar, soportar y mantener el 100% del servicio de Herramientas de Colaboración y sistemas de información. | S70: =MID(PAA[[#This Row],[Meta Proyecto de Inversión]],1,4) -> 8126 | T70: =MID(PAA[[#This Row],[Meta Proyecto de Inversión]],6,2) -> 4- | U70: =IFERROR(VLOOKUP(N70,TD!$B$54:$F$58,2,0)," ") -> O230117 | V70: =IFERROR(VLOOKUP(N70,TD!$B$54:$F$58,3,0)," ") -> 4599 | W70: =IFERROR(VLOOKUP(N70,TD!$B$54:$F$58,4,0)," ") -> 20240207 | X70: 11 | Y70: =IFERROR(VLOOKUP(X70,TD!$J$55:$K$68,2,0)," ") -> Infraestructura Tecnológica (Sistemas de Información y Tecnologia) | Z70: =CONCATENATE(X70,"-",Y70) -> 11-Infraestructura Tecnológica (Sistemas de Información y Tecnologia) | AA70: 007 | AB70: =IFERROR(VLOOKUP(AA70,TD!$N$55:$O$70,2,0)," ") -> Servicios tecnológicos | AC70: =CONCATENATE(AA70,"_",AB70) -> 007_Servicios tecnológicos | AD70: =CONCATENATE(Z70," ",AC70) -> 11-Infraestructura Tecnológica (Sistemas de Información y Tecnologia) 007_Servicios tecnológicos | AE70: =CONCATENATE(U70,V70,W70,X70,AA70) -> O23011745992024020711007 | AF70: =IFERROR(VLOOKUP(AD70,TD!$J$70:$K$93,2,0)," ") -> PM/0131/0111/45990070207 | AG70: O232020200991191 Servicios administrativos relacionados con los trabajadores estatales | AH70: Si Secop | AI70: =CONCATENATE(PAA[[#This Row],[Id Interno]],"-",PAA[[#This Row],[tipo de Contrato (TH talento humano - B/S bienes y/o servicios)]],"-",S70,"-",T70,"-",PAA[[#This Row],[Objeto de la contratación]]) -> 20260010-TH-8126-4--Prestar servicios profesionales para apoyar el seguimiento, control y gestión de los servicios tecnológicos asociados a la herramienta de mesa de ayuda, directorio activo y herramientas de gestión que le sean asignados por la UAE Cuerpo Oficial de Bomberos de Bogotá - TIC.
B71: 20260011 | C71: Prestar los servicios profesionales como oficial de seguridad, gestionando la implementación y mejora del Sistema de gestión de Seguridad de la información (SGSI) de la Entidad a cargo del área de Tecnologías de la Información y las Comunicaciones de la U.A.E. Cuerpo Oficial de Bomberos Bogotá | D71: 09 - contratación directa | E71: TH | F71: 25 - contrato de prestacion de servicios profesionales | G71: FEBRERO | H71: 10 | I71: 0 | J71: 78000000 | K71: NO | L71: Dirección Tic | M71: Paula Ximena Henao Escobar | N71: 8126-Fortalecimiento institucional de la UAECOB para un gobierno confiable Bogotá D.C. | O71: Subdirector@ de Gestión Corporativa | P71: 1-100-I087 VA-Sobretasa Bomberil | Q71: 80111600 | R71: 8126 7-Actualizar e implementar el 100% del Plan Anual de Seguridad y Privacidad de la Información. | S71: =MID(PAA[[#This Row],[Meta Proyecto de Inversión]],1,4) -> 8126 | T71: =MID(PAA[[#This Row],[Meta Proyecto de Inversión]],6,2) -> 7- | U71: =IFERROR(VLOOKUP(N71,TD!$B$54:$F$58,2,0)," ") -> O230117 | V71: =IFERROR(VLOOKUP(N71,TD!$B$54:$F$58,3,0)," ") -> 4599 | W71: =IFERROR(VLOOKUP(N71,TD!$B$54:$F$58,4,0)," ") -> 20240207 | X71: 11 | Y71: =IFERROR(VLOOKUP(X71,TD!$J$55:$K$68,2,0)," ") -> Infraestructura Tecnológica (Sistemas de Información y Tecnologia) | Z71: =CONCATENATE(X71,"-",Y71) -> 11-Infraestructura Tecnológica (Sistemas de Información y Tecnologia) | AA71: 007 | AB71: =IFERROR(VLOOKUP(AA71,TD!$N$55:$O$70,2,0)," ") -> Servicios tecnológicos | AC71: =CONCATENATE(AA71,"_",AB71) -> 007_Servicios tecnológicos | AD71: =CONCATENATE(Z71," ",AC71) -> 11-Infraestructura Tecnológica (Sistemas de Información y Tecnologia) 007_Servicios tecnológicos | AE71: =CONCATENATE(U71,V71,W71,X71,AA71) -> O23011745992024020711007 | AF71: =IFERROR(VLOOKUP(AD71,TD!$J$70:$K$93,2,0)," ") -> PM/0131/0111/45990070207 | AG71: O232020200991191 Servicios administrativos relacionados con los trabajadores estatales | AH71: Si Secop | AI71: =CONCATENATE(PAA[[#This Row],[Id Interno]],"-",PAA[[#This Row],[tipo de Contrato (TH talento humano - B/S bienes y/o servicios)]],"-",S71,"-",T71,"-",PAA[[#This Row],[Objeto de la contratación]]) -> 20260011-TH-8126-7--Prestar los servicios profesionales como oficial de seguridad, gestionando la implementación y mejora del Sistema de gestión de Seguridad de la información (SGSI) de la Entidad a cargo del área de Tecnologías de la Información y las Comunicaciones de la U.A.E. Cuerpo Oficial de Bomberos Bogotá
B72: 20260012 | C72: Prestar los servicios profesionales para el levantamiento de requerimientos, documentación y soporte de análisis de datos relacionados con los procesos y procedimientos a cargo del área de Tecnologías de la Información y las Comunicaciones de la U.A.E. Cuerpo Oficial de Bomberos Bogotá | D72: 09 - contratación directa | E72: TH | F72: 25 - contrato de prestacion de servicios profesionales | G72: ENERO | H72: 12 | I72: 0 | J72: 61920000 | K72: NO | L72: Dirección Tic | M72: Paula Ximena Henao Escobar | N72: 8126-Fortalecimiento institucional de la UAECOB para un gobierno confiable Bogotá D.C. | O72: Subdirector@ de Gestión Corporativa | P72: 1-100-I087 VA-Sobretasa Bomberil | Q72: 80111600 | R72: 8126 6-Formular e Implementar 1 Plan Estratégico de Tecnologías de la Información y Transformación Digital de la UAECOB. | S72: =MID(PAA[[#This Row],[Meta Proyecto de Inversión]],1,4) -> 8126 | T72: =MID(PAA[[#This Row],[Meta Proyecto de Inversión]],6,2) -> 6- | U72: =IFERROR(VLOOKUP(N72,TD!$B$54:$F$58,2,0)," ") -> O230117 | V72: =IFERROR(VLOOKUP(N72,TD!$B$54:$F$58,3,0)," ") -> 4599 | W72: =IFERROR(VLOOKUP(N72,TD!$B$54:$F$58,4,0)," ") -> 20240207 | X72: 11 | Y72: =IFERROR(VLOOKUP(X72,TD!$J$55:$K$68,2,0)," ") -> Infraestructura Tecnológica (Sistemas de Información y Tecnologia) | Z72: =CONCATENATE(X72,"-",Y72) -> 11-Infraestructura Tecnológica (Sistemas de Información y Tecnologia) | AA72: 007 | AB72: =IFERROR(VLOOKUP(AA72,TD!$N$55:$O$70,2,0)," ") -> Servicios tecnológicos | AC72: =CONCATENATE(AA72,"_",AB72) -> 007_Servicios tecnológicos | AD72: =CONCATENATE(Z72," ",AC72) -> 11-Infraestructura Tecnológica (Sistemas de Información y Tecnologia) 007_Servicios tecnológicos | AE72: =CONCATENATE(U72,V72,W72,X72,AA72) -> O23011745992024020711007 | AF72: =IFERROR(VLOOKUP(AD72,TD!$J$70:$K$93,2,0)," ") -> PM/0131/0111/45990070207 | AG72: O232020200991191 Servicios administrativos relacionados con los trabajadores estatales | AH72: Si Secop | AI72: =CONCATENATE(PAA[[#This Row],[Id Interno]],"-",PAA[[#This Row],[tipo de Contrato (TH talento humano - B/S bienes y/o servicios)]],"-",S72,"-",T72,"-",PAA[[#This Row],[Objeto de la contratación]]) -> 20260012-TH-8126-6--Prestar los servicios profesionales para el levantamiento de requerimientos, documentación y soporte de análisis de datos relacionados con los procesos y procedimientos a cargo del área de Tecnologías de la Información y las Comunicaciones de la U.A.E. Cuerpo Oficial de Bomberos Bogotá
B73: 20260013 | C73: Prestar los servicios profesionales en la implementación y mejoramiento de las herramientas tecnológicas de colaboración, creadas como soporte a los procesos y procedimientos misionales de la entidad, a cargo del área de Tecnologías de la Información y las Comunicaciones de la U.A.E. Cuerpo Oficial de Bomberos Bogotá | D73: 09 - contratación directa | E73: TH | F73: 25 - contrato de prestacion de servicios profesionales | G73: FEBRERO | H73: 6 | I73: 0 | J73: 42000000 | K73: NO | L73: Dirección Tic | M73: Paula Ximena Henao Escobar | N73: 8126-Fortalecimiento institucional de la UAECOB para un gobierno confiable Bogotá D.C. | O73: Subdirector@ de Gestión Corporativa | P73: 1-100-I087 VA-Sobretasa Bomberil | Q73: 80111600 | R73: 8126 4-Administrar, soportar y mantener el 100% del servicio de Herramientas de Colaboración y sistemas de información. | S73: =MID(PAA[[#This Row],[Meta Proyecto de Inversión]],1,4) -> 8126 | T73: =MID(PAA[[#This Row],[Meta Proyecto de Inversión]],6,2) -> 4- | U73: =IFERROR(VLOOKUP(N73,TD!$B$54:$F$58,2,0)," ") -> O230117 | V73: =IFERROR(VLOOKUP(N73,TD!$B$54:$F$58,3,0)," ") -> 4599 | W73: =IFERROR(VLOOKUP(N73,TD!$B$54:$F$58,4,0)," ") -> 20240207 | X73: 11 | Y73: =IFERROR(VLOOKUP(X73,TD!$J$55:$K$68,2,0)," ") -> Infraestructura Tecnológica (Sistemas de Información y Tecnologia) | Z73: =CONCATENATE(X73,"-",Y73) -> 11-Infraestructura Tecnológica (Sistemas de Información y Tecnologia) | AA73: 007 | AB73: =IFERROR(VLOOKUP(AA73,TD!$N$55:$O$70,2,0)," ") -> Servicios tecnológicos | AC73: =CONCATENATE(AA73,"_",AB73) -> 007_Servicios tecnológicos | AD73: =CONCATENATE(Z73," ",AC73) -> 11-Infraestructura Tecnológica (Sistemas de Información y Tecnologia) 007_Servicios tecnológicos | AE73: =CONCATENATE(U73,V73,W73,X73,AA73) -> O23011745992024020711007 | AF73: =IFERROR(VLOOKUP(AD73,TD!$J$70:$K$93,2,0)," ") -> PM/0131/0111/45990070207 | AG73: O232020200991191 Servicios administrativos relacionados con los trabajadores estatales | AH73: Si Secop | AI73: =CONCATENATE(PAA[[#This Row],[Id Interno]],"-",PAA[[#This Row],[tipo de Contrato (TH talento humano - B/S bienes y/o servicios)]],"-",S73,"-",T73,"-",PAA[[#This Row],[Objeto de la contratación]]) -> 20260013-TH-8126-4--Prestar los servicios profesionales en la implementación y mejoramiento de las herramientas tecnológicas de colaboración, creadas como soporte a los procesos y procedimientos misionales de la entidad, a cargo del área de Tecnologías de la Información y las Comunicaciones de la U.A.E. Cuerpo Oficial de Bomberos Bogotá
B74: 20260014 | C74: Prestar los servicios de apoyo a la gestión, en el proceso de implementación, análisis, levantamiento de información, parametrización y testeo de las herramientas tecnológicas a cargo del área de Tecnologías de la Información y las Comunicaciones de la U.A.E. Cuerpo Oficial de Bomberos Bogotá | D74: 09 - contratación directa | E74: TH | F74: 26 - contrato de prestacion de servicios de apoyo a la gestion | G74: ENERO | H74: 6 | I74: 0 | J74: 26940000 | K74: NO | L74: Dirección Tic | M74: Paula Ximena Henao Escobar | N74: 8126-Fortalecimiento institucional de la UAECOB para un gobierno confiable Bogotá D.C. | O74: Subdirector@ de Gestión Corporativa | P74: 1-100-I087 VA-Sobretasa Bomberil | Q74: 80111600 | R74: 8126 4-Administrar, soportar y mantener el 100% del servicio de Herramientas de Colaboración y sistemas de información. | S74: =MID(PAA[[#This Row],[Meta Proyecto de Inversión]],1,4) -> 8126 | T74: =MID(PAA[[#This Row],[Meta Proyecto de Inversión]],6,2) -> 4- | U74: =IFERROR(VLOOKUP(N74,TD!$B$54:$F$58,2,0)," ") -> O230117 | V74: =IFERROR(VLOOKUP(N74,TD!$B$54:$F$58,3,0)," ") -> 4599 | W74: =IFERROR(VLOOKUP(N74,TD!$B$54:$F$58,4,0)," ") -> 20240207 | X74: 11 | Y74: =IFERROR(VLOOKUP(X74,TD!$J$55:$K$68,2,0)," ") -> Infraestructura Tecnológica (Sistemas de Información y Tecnologia) | Z74: =CONCATENATE(X74,"-",Y74) -> 11-Infraestructura Tecnológica (Sistemas de Información y Tecnologia) | AA74: 007 | AB74: =IFERROR(VLOOKUP(AA74,TD!$N$55:$O$70,2,0)," ") -> Servicios tecnológicos | AC74: =CONCATENATE(AA74,"_",AB74) -> 007_Servicios tecnológicos | AD74: =CONCATENATE(Z74," ",AC74) -> 11-Infraestructura Tecnológica (Sistemas de Información y Tecnologia) 007_Servicios tecnológicos | AE74: =CONCATENATE(U74,V74,W74,X74,AA74) -> O23011745992024020711007 | AF74: =IFERROR(VLOOKUP(AD74,TD!$J$70:$K$93,2,0)," ") -> PM/0131/0111/45990070207 | AG74: O232020200991191 Servicios administrativos relacionados con los trabajadores estatales | AH74: Si Secop | AI74: =CONCATENATE(PAA[[#This Row],[Id Interno]],"-",PAA[[#This Row],[tipo de Contrato (TH talento humano - B/S bienes y/o servicios)]],"-",S74,"-",T74,"-",PAA[[#This Row],[Objeto de la contratación]]) -> 20260014-TH-8126-4--Prestar los servicios de apoyo a la gestión, en el proceso de implementación, análisis, levantamiento de información, parametrización y testeo de las herramientas tecnológicas a cargo del área de Tecnologías de la Información y las Comunicaciones de la U.A.E. Cuerpo Oficial de Bomberos Bogotá
B75: 20260015 | C75: Prestar los servicios de apoyo a la gestión para desarrollar actividades de soporte técnico nivel (1 y 2) que requiera el área de Tecnologías de la Información y las Comunicaciones de la U.A.E. Cuerpo Oficial de Bomberos Bogotá | D75: 09 - contratación directa | E75: TH | F75: 26 - contrato de prestacion de servicios de apoyo a la gestion | G75: ENERO | H75: 11 | I75: 0 | J75: 44000000 | K75: NO | L75: Dirección Tic | M75: Paula Ximena Henao Escobar | N75: 8126-Fortalecimiento institucional de la UAECOB para un gobierno confiable Bogotá D.C. | O75: Subdirector@ de Gestión Corporativa | P75: 1-100-I087 VA-Sobretasa Bomberil | Q75: 80111600 | R75: 8126 5-Desarrollar el 100% de las acciones asociadas al fortalecimiento de la infraestructura tecnológica y de comunicaciones de la UAECOB | S75: =MID(PAA[[#This Row],[Meta Proyecto de Inversión]],1,4) -> 8126 | T75: =MID(PAA[[#This Row],[Meta Proyecto de Inversión]],6,2) -> 5- | U75: =IFERROR(VLOOKUP(N75,TD!$B$54:$F$58,2,0)," ") -> O230117 | V75: =IFERROR(VLOOKUP(N75,TD!$B$54:$F$58,3,0)," ") -> 4599 | W75: =IFERROR(VLOOKUP(N75,TD!$B$54:$F$58,4,0)," ") -> 20240207 | X75: 11 | Y75: =IFERROR(VLOOKUP(X75,TD!$J$55:$K$68,2,0)," ") -> Infraestructura Tecnológica (Sistemas de Información y Tecnologia) | Z75: =CONCATENATE(X75,"-",Y75) -> 11-Infraestructura Tecnológica (Sistemas de Información y Tecnologia) | AA75: 007 | AB75: =IFERROR(VLOOKUP(AA75,TD!$N$55:$O$70,2,0)," ") -> Servicios tecnológicos | AC75: =CONCATENATE(AA75,"_",AB75) -> 007_Servicios tecnológicos | AD75: =CONCATENATE(Z75," ",AC75) -> 11-Infraestructura Tecnológica (Sistemas de Información y Tecnologia) 007_Servicios tecnológicos | AE75: =CONCATENATE(U75,V75,W75,X75,AA75) -> O23011745992024020711007 | AF75: =IFERROR(VLOOKUP(AD75,TD!$J$70:$K$93,2,0)," ") -> PM/0131/0111/45990070207 | AG75: O232020200991191 Servicios administrativos relacionados con los trabajadores estatales | AH75: Si Secop | AI75: =CONCATENATE(PAA[[#This Row],[Id Interno]],"-",PAA[[#This Row],[tipo de Contrato (TH talento humano - B/S bienes y/o servicios)]],"-",S75,"-",T75,"-",PAA[[#This Row],[Objeto de la contratación]]) -> 20260015-TH-8126-5--Prestar los servicios de apoyo a la gestión para desarrollar actividades de soporte técnico nivel (1 y 2) que requiera el área de Tecnologías de la Información y las Comunicaciones de la U.A.E. Cuerpo Oficial de Bomberos Bogotá
B76: 20260016 | C76: Prestar servicios de apoyo a la gestión en el desarrollo de actividades asistenciales administrativas, asociadas a los procesos y procedimientos a cargo del área de Tecnologías de la Información y las Comunicaciones de la U.A.E. Cuerpo Oficial de Bomberos Bogotá. | D76: 09 - contratación directa | E76: TH | F76: 26 - contrato de prestacion de servicios de apoyo a la gestion | G76: ENERO | H76: 11 | I76: 0 | J76: 44000000 | K76: NO | L76: Dirección Tic | M76: Paula Ximena Henao Escobar | N76: 8126-Fortalecimiento institucional de la UAECOB para un gobierno confiable Bogotá D.C. | O76: Subdirector@ de Gestión Corporativa | P76: 1-100-I087 VA-Sobretasa Bomberil | Q76: 80111600 | R76: 8126 6-Formular e Implementar 1 Plan Estratégico de Tecnologías de la Información y Transformación Digital de la UAECOB. | S76: =MID(PAA[[#This Row],[Meta Proyecto de Inversión]],1,4) -> 8126 | T76: =MID(PAA[[#This Row],[Meta Proyecto de Inversión]],6,2) -> 6- | U76: =IFERROR(VLOOKUP(N76,TD!$B$54:$F$58,2,0)," ") -> O230117 | V76: =IFERROR(VLOOKUP(N76,TD!$B$54:$F$58,3,0)," ") -> 4599 | W76: =IFERROR(VLOOKUP(N76,TD!$B$54:$F$58,4,0)," ") -> 20240207 | X76: 11 | Y76: =IFERROR(VLOOKUP(X76,TD!$J$55:$K$68,2,0)," ") -> Infraestructura Tecnológica (Sistemas de Información y Tecnologia) | Z76: =CONCATENATE(X76,"-",Y76) -> 11-Infraestructura Tecnológica (Sistemas de Información y Tecnologia) | AA76: 007 | AB76: =IFERROR(VLOOKUP(AA76,TD!$N$55:$O$70,2,0)," ") -> Servicios tecnológicos | AC76: =CONCATENATE(AA76,"_",AB76) -> 007_Servicios tecnológicos | AD76: =CONCATENATE(Z76," ",AC76) -> 11-Infraestructura Tecnológica (Sistemas de Información y Tecnologia) 007_Servicios tecnológicos | AE76: =CONCATENATE(U76,V76,W76,X76,AA76) -> O23011745992024020711007 | AF76: =IFERROR(VLOOKUP(AD76,TD!$J$70:$K$93,2,0)," ") -> PM/0131/0111/45990070207 | AG76: O232020200991191 Servicios administrativos relacionados con los trabajadores estatales | AH76: Si Secop | AI76: =CONCATENATE(PAA[[#This Row],[Id Interno]],"-",PAA[[#This Row],[tipo de Contrato (TH talento humano - B/S bienes y/o servicios)]],"-",S76,"-",T76,"-",PAA[[#This Row],[Objeto de la contratación]]) -> 20260016-TH-8126-6--Prestar servicios de apoyo a la gestión en el desarrollo de actividades asistenciales administrativas, asociadas a los procesos y procedimientos a cargo del área de Tecnologías de la Información y las Comunicaciones de la U.A.E. Cuerpo Oficial de Bomberos Bogotá.
B77: 20260017 | C77: Prestar servicios profesionales para apoyar la implementación, seguimiento y fortalecimiento del Sistema de Gestión de Seguridad de la Información (SGSI) y de la política de Gobierno Digital de la UAE Cuerpo Oficial de Bomberos de Bogotá | D77: 09 - contratación directa | E77: TH | F77: 25 - contrato de prestacion de servicios profesionales | G77: ENERO | H77: 10 | I77: 0 | J77: 78000000 | K77: NO | L77: Dirección Tic | M77: Paula Ximena Henao Escobar | N77: 8126-Fortalecimiento institucional de la UAECOB para un gobierno confiable Bogotá D.C. | O77: Subdirector@ de Gestión Corporativa | P77: 1-100-I087 VA-Sobretasa Bomberil | Q77: 80111600 | R77: 8126 6-Formular e Implementar 1 Plan Estratégico de Tecnologías de la Información y Transformación Digital de la UAECOB. | S77: =MID(PAA[[#This Row],[Meta Proyecto de Inversión]],1,4) -> 8126 | T77: =MID(PAA[[#This Row],[Meta Proyecto de Inversión]],6,2) -> 6- | U77: =IFERROR(VLOOKUP(N77,TD!$B$54:$F$58,2,0)," ") -> O230117 | V77: =IFERROR(VLOOKUP(N77,TD!$B$54:$F$58,3,0)," ") -> 4599 | W77: =IFERROR(VLOOKUP(N77,TD!$B$54:$F$58,4,0)," ") -> 20240207 | X77: 11 | Y77: =IFERROR(VLOOKUP(X77,TD!$J$55:$K$68,2,0)," ") -> Infraestructura Tecnológica (Sistemas de Información y Tecnologia) | Z77: =CONCATENATE(X77,"-",Y77) -> 11-Infraestructura Tecnológica (Sistemas de Información y Tecnologia) | AA77: 007 | AB77: =IFERROR(VLOOKUP(AA77,TD!$N$55:$O$70,2,0)," ") -> Servicios tecnológicos | AC77: =CONCATENATE(AA77,"_",AB77) -> 007_Servicios tecnológicos | AD77: =CONCATENATE(Z77," ",AC77) -> 11-Infraestructura Tecnológica (Sistemas de Información y Tecnologia) 007_Servicios tecnológicos | AE77: =CONCATENATE(U77,V77,W77,X77,AA77) -> O23011745992024020711007 | AF77: =IFERROR(VLOOKUP(AD77,TD!$J$70:$K$93,2,0)," ") -> PM/0131/0111/45990070207 | AG77: O232020200991191 Servicios administrativos relacionados con los trabajadores estatales | AH77: Si Secop | AI77: =CONCATENATE(PAA[[#This Row],[Id Interno]],"-",PAA[[#This Row],[tipo de Contrato (TH talento humano - B/S bienes y/o servicios)]],"-",S77,"-",T77,"-",PAA[[#This Row],[Objeto de la contratación]]) -> 20260017-TH-8126-6--Prestar servicios profesionales para apoyar la implementación, seguimiento y fortalecimiento del Sistema de Gestión de Seguridad de la Información (SGSI) y de la política de Gobierno Digital de la UAE Cuerpo Oficial de Bomberos de Bogotá
B78: 20260018 | C78: Prestar servicios profesionales, orientados al fortalecimiento de los procesos de planeación, estructuración, revisión, trámite y seguimiento de la gestión contractual y administrativa del área de tecnología de la información y las comunicaciones de la U.A.E Cuerpo Oficial de Bomberos de Bogotá D.C. | D78: 09 - contratación directa | E78: TH | F78: 25 - contrato de prestacion de servicios profesionales | G78: ENERO | H78: 10 | I78: 0 | J78: 49000000 | K78: NO | L78: Dirección Tic | M78: Paula Ximena Henao Escobar | N78: 8126-Fortalecimiento institucional de la UAECOB para un gobierno confiable Bogotá D.C. | O78: Subdirector@ de Gestión Corporativa | P78: 1-100-I087 VA-Sobretasa Bomberil | Q78: 80111600 | R78: 8126 5-Desarrollar el 100% de las acciones asociadas al fortalecimiento de la infraestructura tecnológica y de comunicaciones de la UAECOB | S78: =MID(PAA[[#This Row],[Meta Proyecto de Inversión]],1,4) -> 8126 | T78: =MID(PAA[[#This Row],[Meta Proyecto de Inversión]],6,2) -> 5- | U78: =IFERROR(VLOOKUP(N78,TD!$B$54:$F$58,2,0)," ") -> O230117 | V78: =IFERROR(VLOOKUP(N78,TD!$B$54:$F$58,3,0)," ") -> 4599 | W78: =IFERROR(VLOOKUP(N78,TD!$B$54:$F$58,4,0)," ") -> 20240207 | X78: 11 | Y78: =IFERROR(VLOOKUP(X78,TD!$J$55:$K$68,2,0)," ") -> Infraestructura Tecnológica (Sistemas de Información y Tecnologia) | Z78: =CONCATENATE(X78,"-",Y78) -> 11-Infraestructura Tecnológica (Sistemas de Información y Tecnologia) | AA78: 007 | AB78: =IFERROR(VLOOKUP(AA78,TD!$N$55:$O$70,2,0)," ") -> Servicios tecnológicos | AC78: =CONCATENATE(AA78,"_",AB78) -> 007_Servicios tecnológicos | AD78: =CONCATENATE(Z78," ",AC78) -> 11-Infraestructura Tecnológica (Sistemas de Información y Tecnologia) 007_Servicios tecnológicos | AE78: =CONCATENATE(U78,V78,W78,X78,AA78) -> O23011745992024020711007 | AF78: =IFERROR(VLOOKUP(AD78,TD!$J$70:$K$93,2,0)," ") -> PM/0131/0111/45990070207 | AG78: O232020200991191 Servicios administrativos relacionados con los trabajadores estatales | AH78: Si Secop | AI78: =CONCATENATE(PAA[[#This Row],[Id Interno]],"-",PAA[[#This Row],[tipo de Contrato (TH talento humano - B/S bienes y/o servicios)]],"-",S78,"-",T78,"-",PAA[[#This Row],[Objeto de la contratación]]) -> 20260018-TH-8126-5--Prestar servicios profesionales, orientados al fortalecimiento de los procesos de planeación, estructuración, revisión, trámite y seguimiento de la gestión contractual y administrativa del área de tecnología de la información y las comunicaciones de la U.A.E Cuerpo Oficial de Bomberos de Bogotá D.C.
B79: 20260019 | C79: Prestar los servicios profesionales en la implementación y mejoramiento de las herramientas tecnológicas de colaboración, creadas como soporte a los procesos y procedimientos misionales de la entidad, a cargo del área de Tecnologías de la Información y las Comunicaciones de la U.A.E. Cuerpo Oficial de Bomberos Bogotá | D79: 09 - contratación directa | E79: TH | F79: 25 - contrato de prestacion de servicios profesionales | G79: FEBRERO | H79: 6 | I79: 0 | J79: 42000000 | K79: NO | L79: Dirección Tic | M79: Paula Ximena Henao Escobar | N79: 8126-Fortalecimiento institucional de la UAECOB para un gobierno confiable Bogotá D.C. | O79: Subdirector@ de Gestión Corporativa | P79: 1-100-I087 VA-Sobretasa Bomberil | Q79: 80111600 | R79: 8126 4-Administrar, soportar y mantener el 100% del servicio de Herramientas de Colaboración y sistemas de información. | S79: =MID(PAA[[#This Row],[Meta Proyecto de Inversión]],1,4) -> 8126 | T79: =MID(PAA[[#This Row],[Meta Proyecto de Inversión]],6,2) -> 4- | U79: =IFERROR(VLOOKUP(N79,TD!$B$54:$F$58,2,0)," ") -> O230117 | V79: =IFERROR(VLOOKUP(N79,TD!$B$54:$F$58,3,0)," ") -> 4599 | W79: =IFERROR(VLOOKUP(N79,TD!$B$54:$F$58,4,0)," ") -> 20240207 | X79: 11 | Y79: =IFERROR(VLOOKUP(X79,TD!$J$55:$K$68,2,0)," ") -> Infraestructura Tecnológica (Sistemas de Información y Tecnologia) | Z79: =CONCATENATE(X79,"-",Y79) -> 11-Infraestructura Tecnológica (Sistemas de Información y Tecnologia) | AA79: 007 | AB79: =IFERROR(VLOOKUP(AA79,TD!$N$55:$O$70,2,0)," ") -> Servicios tecnológicos | AC79: =CONCATENATE(AA79,"_",AB79) -> 007_Servicios tecnológicos | AD79: =CONCATENATE(Z79," ",AC79) -> 11-Infraestructura Tecnológica (Sistemas de Información y Tecnologia) 007_Servicios tecnológicos | AE79: =CONCATENATE(U79,V79,W79,X79,AA79) -> O23011745992024020711007 | AF79: =IFERROR(VLOOKUP(AD79,TD!$J$70:$K$93,2,0)," ") -> PM/0131/0111/45990070207 | AG79: O232020200991191 Servicios administrativos relacionados con los trabajadores estatales | AH79: Si Secop | AI79: =CONCATENATE(PAA[[#This Row],[Id Interno]],"-",PAA[[#This Row],[tipo de Contrato (TH talento humano - B/S bienes y/o servicios)]],"-",S79,"-",T79,"-",PAA[[#This Row],[Objeto de la contratación]]) -> 20260019-TH-8126-4--Prestar los servicios profesionales en la implementación y mejoramiento de las herramientas tecnológicas de colaboración, creadas como soporte a los procesos y procedimientos misionales de la entidad, a cargo del área de Tecnologías de la Información y las Comunicaciones de la U.A.E. Cuerpo Oficial de Bomberos Bogotá
... B91: 20260031 | C91: Prestar servicios profesionales, orientados al fortalecimiento de los procesos de análisis, desarrollo, implementación y soporte tecnológico que contribuyan a la modernización institucional a cargo del área de tecnología de la información y las comunicaciones de la U.A.E Cuerpo Oficial de Bomberos de Bogotá D.C. | D91: 09 - contratación directa | E91: TH | F91: 25 - contrato de prestacion de servicios profesionales | G91: ENERO | H91: 10 | I91: 0 | J91: 75000000 | K91: NO | L91: Dirección Tic | M91: Paula Ximena Henao Escobar | N91: 8126-Fortalecimiento institucional de la UAECOB para un gobierno confiable Bogotá D.C. | O91: Subdirector@ de Gestión Corporativa | P91: 1-100-I087 VA-Sobretasa Bomberil | Q91: 80111600 | R91: 8126 6-Formular e Implementar 1 Plan Estratégico de Tecnologías de la Información y Transformación Digital de la UAECOB. | S91: =MID(PAA[[#This Row],[Meta Proyecto de Inversión]],1,4) -> 8126 | T91: =MID(PAA[[#This Row],[Meta Proyecto de Inversión]],6,2) -> 6- | U91: =IFERROR(VLOOKUP(N91,TD!$B$54:$F$58,2,0)," ") -> O230117 | V91: =IFERROR(VLOOKUP(N91,TD!$B$54:$F$58,3,0)," ") -> 4599 | W91: =IFERROR(VLOOKUP(N91,TD!$B$54:$F$58,4,0)," ") -> 20240207 | X91: 11 | Y91: =IFERROR(VLOOKUP(X91,TD!$J$55:$K$68,2,0)," ") -> Infraestructura Tecnológica (Sistemas de Información y Tecnologia) | Z91: =CONCATENATE(X91,"-",Y91) -> 11-Infraestructura Tecnológica (Sistemas de Información y Tecnologia) | AA91: 007 | AB91: =IFERROR(VLOOKUP(AA91,TD!$N$55:$O$70,2,0)," ") -> Servicios tecnológicos | AC91: =CONCATENATE(AA91,"_",AB91) -> 007_Servicios tecnológicos | AD91: =CONCATENATE(Z91," ",AC91) -> 11-Infraestructura Tecnológica (Sistemas de Información y Tecnologia) 007_Servicios tecnológicos | AE91: =CONCATENATE(U91,V91,W91,X91,AA91) -> O23011745992024020711007 | AF91: =IFERROR(VLOOKUP(AD91,TD!$J$70:$K$93,2,0)," ") -> PM/0131/0111/45990070207 | AG91: O232020200991191 Servicios administrativos relacionados con los trabajadores estatales | AH91: Si Secop | AI91: =CONCATENATE(PAA[[#This Row],[Id Interno]],"-",PAA[[#This Row],[tipo de Contrato (TH talento humano - B/S bienes y/o servicios)]],"-",S91,"-",T91,"-",PAA[[#This Row],[Objeto de la contratación]]) -> 20260031-TH-8126-6--Prestar servicios profesionales, orientados al fortalecimiento de los procesos de análisis, desarrollo, implementación y soporte tecnológico que contribuyan a la modernización institucional a cargo del área de tecnología de la información y las comunicaciones de la U.A.E Cuerpo Oficial de Bomberos de Bogotá D.C.
B92: 20260032 | C92: Contratar la prestación del servicio de monitoreo, control y seguimiento satelital a los vehículos de propiedad de la U.A.E. Cuerpo Oficial de Bomberos de Bogotá - TIC | D92: 03 - selec. abrev. subasta inversa | E92: BS | F92: 03 - contrato de prestacion de servicios | G92: MAYO | H92: 9 | I92: 0 | J92: 21336000 | K92: NO | L92: Dirección Tic | M92: Paula Ximena Henao Escobar | N92: 8126-Fortalecimiento institucional de la UAECOB para un gobierno confiable Bogotá D.C. | O92: Subdirector@ de Gestión Corporativa | P92: 1-100-I087 VA-Sobretasa Bomberil | Q92: 83121700; 83111600; 43221700; 25173100; 81112000; 32101600 | R92: 8126 4-Administrar, soportar y mantener el 100% del servicio de Herramientas de Colaboración y sistemas de información. | S92: =MID(PAA[[#This Row],[Meta Proyecto de Inversión]],1,4) -> 8126 | T92: =MID(PAA[[#This Row],[Meta Proyecto de Inversión]],6,2) -> 4- | U92: =IFERROR(VLOOKUP(N92,TD!$B$54:$F$58,2,0)," ") -> O230117 | V92: =IFERROR(VLOOKUP(N92,TD!$B$54:$F$58,3,0)," ") -> 4599 | W92: =IFERROR(VLOOKUP(N92,TD!$B$54:$F$58,4,0)," ") -> 20240207 | X92: 11 | Y92: =IFERROR(VLOOKUP(X92,TD!$J$55:$K$68,2,0)," ") -> Infraestructura Tecnológica (Sistemas de Información y Tecnologia) | Z92: =CONCATENATE(X92,"-",Y92) -> 11-Infraestructura Tecnológica (Sistemas de Información y Tecnologia) | AA92: 007 | AB92: =IFERROR(VLOOKUP(AA92,TD!$N$55:$O$70,2,0)," ") -> Servicios tecnológicos | AC92: =CONCATENATE(AA92,"_",AB92) -> 007_Servicios tecnológicos | AD92: =CONCATENATE(Z92," ",AC92) -> 11-Infraestructura Tecnológica (Sistemas de Información y Tecnologia) 007_Servicios tecnológicos | AE92: =CONCATENATE(U92,V92,W92,X92,AA92) -> O23011745992024020711007 | AF92: =IFERROR(VLOOKUP(AD92,TD!$J$70:$K$93,2,0)," ") -> PM/0131/0111/45990070207 | AG92: O232020200883132 Servicios de soporte en tecnologías de la información (TI) | AH92: Si Secop | AI92: =CONCATENATE(PAA[[#This Row],[Id Interno]],"-",PAA[[#This Row],[tipo de Contrato (TH talento humano - B/S bienes y/o servicios)]],"-",S92,"-",T92,"-",PAA[[#This Row],[Objeto de la contratación]]) -> 20260032-BS-8126-4--Contratar la prestación del servicio de monitoreo, control y seguimiento satelital a los vehículos de propiedad de la U.A.E. Cuerpo Oficial de Bomberos de Bogotá - TIC
B93: 20260033 | C93: Adición y prorroga del contrato 624 - 2025 cuyo objeto es: Adquisición, actualización y configuración de la plataforma de comunicaciones de Voz IP compatible con la solución actual con la que cuenta la entidad. | D93: 02 - selec. abrev. menor cuantía | E93: BS | F93: 03 - contrato de prestacion de servicios | G93: OCTUBRE | H93: 6 | I93: 0 | J93: 121002500 | K93: NO | L93: Dirección Tic | M93: Paula Ximena Henao Escobar | N93: 8126-Fortalecimiento institucional de la UAECOB para un gobierno confiable Bogotá D.C. | O93: Subdirector@ de Gestión Corporativa | P93: 1-100-I087 VA-Sobretasa Bomberil | Q93: 43191500 43221500 43222800 81161700 72151600 | R93: 8126 5-Desarrollar el 100% de las acciones asociadas al fortalecimiento de la infraestructura tecnológica y de comunicaciones de la UAECOB | S93: =MID(PAA[[#This Row],[Meta Proyecto de Inversión]],1,4) -> 8126 | T93: =MID(PAA[[#This Row],[Meta Proyecto de Inversión]],6,2) -> 5- | U93: =IFERROR(VLOOKUP(N93,TD!$B$54:$F$58,2,0)," ") -> O230117 | V93: =IFERROR(VLOOKUP(N93,TD!$B$54:$F$58,3,0)," ") -> 4599 | W93: =IFERROR(VLOOKUP(N93,TD!$B$54:$F$58,4,0)," ") -> 20240207 | X93: 11 | Y93: =IFERROR(VLOOKUP(X93,TD!$J$55:$K$68,2,0)," ") -> Infraestructura Tecnológica (Sistemas de Información y Tecnologia) | Z93: =CONCATENATE(X93,"-",Y93) -> 11-Infraestructura Tecnológica (Sistemas de Información y Tecnologia) | AA93: 007 | AB93: =IFERROR(VLOOKUP(AA93,TD!$N$55:$O$70,2,0)," ") -> Servicios tecnológicos | AC93: =CONCATENATE(AA93,"_",AB93) -> 007_Servicios tecnológicos | AD93: =CONCATENATE(Z93," ",AC93) -> 11-Infraestructura Tecnológica (Sistemas de Información y Tecnologia) 007_Servicios tecnológicos | AE93: =CONCATENATE(U93,V93,W93,X93,AA93) -> O23011745992024020711007 | AF93: =IFERROR(VLOOKUP(AD93,TD!$J$70:$K$93,2,0)," ") -> PM/0131/0111/45990070207 | AG93: O232020200883159 Otros servicios de alojamiento y suministro de infraestructura en tecnología de la información (TI) | AH93: No Secop | AI93: =CONCATENATE(PAA[[#This Row],[Id Interno]],"-",PAA[[#This Row],[tipo de Contrato (TH talento humano - B/S bienes y/o servicios)]],"-",S93,"-",T93,"-",PAA[[#This Row],[Objeto de la contratación]]) -> 20260033-BS-8126-5--Adición y prorroga del contrato 624 - 2025 cuyo objeto es: Adquisición, actualización y configuración de la plataforma de comunicaciones de Voz IP compatible con la solución actual con la que cuenta la entidad.
B94: 20260036 | C94: Contratar a título de comodato o préstamo de uso gratuito, impresoras multifuncionales y periféricos para el desarrollo de actividades administrativas de la UAE Cuerpo Oficial de Bomberos de Bogotá | D94: 09 - contratación directa | E94: BS | F94: 16 - contrato de suministro de servicios | G94: JUNIO | H94: 12 | I94: 0 | J94: 0 | K94: NO | L94: Dirección Tic | M94: Paula Ximena Henao Escobar | N94: 8126-Fortalecimiento institucional de la UAECOB para un gobierno confiable Bogotá D.C. | O94: Subdirector@ de Gestión Corporativa | P94: 1-100-I087 VA-Sobretasa Bomberil | Q94: 43212100; 43233400; 43211700 | R94: 8126 5-Desarrollar el 100% de las acciones asociadas al fortalecimiento de la infraestructura tecnológica y de comunicaciones de la UAECOB | S94: =MID(PAA[[#This Row],[Meta Proyecto de Inversión]],1,4) -> 8126 | T94: =MID(PAA[[#This Row],[Meta Proyecto de Inversión]],6,2) -> 5- | U94: =IFERROR(VLOOKUP(N94,TD!$B$54:$F$58,2,0)," ") -> O230117 | V94: =IFERROR(VLOOKUP(N94,TD!$B$54:$F$58,3,0)," ") -> 4599 | W94: =IFERROR(VLOOKUP(N94,TD!$B$54:$F$58,4,0)," ") -> 20240207 | X94: 11 | Y94: =IFERROR(VLOOKUP(X94,TD!$J$55:$K$68,2,0)," ") -> Infraestructura Tecnológica (Sistemas de Información y Tecnologia) | Z94: =CONCATENATE(X94,"-",Y94) -> 11-Infraestructura Tecnológica (Sistemas de Información y Tecnologia) | AA94: 007 | AB94: =IFERROR(VLOOKUP(AA94,TD!$N$55:$O$70,2,0)," ") -> Servicios tecnológicos | AC94: =CONCATENATE(AA94,"_",AB94) -> 007_Servicios tecnológicos | AD94: =CONCATENATE(Z94," ",AC94) -> 11-Infraestructura Tecnológica (Sistemas de Información y Tecnologia) 007_Servicios tecnológicos | AE94: =CONCATENATE(U94,V94,W94,X94,AA94) -> O23011745992024020711007 | AF94: =IFERROR(VLOOKUP(AD94,TD!$J$70:$K$93,2,0)," ") -> PM/0131/0111/45990070207 | AG94: O232020200883159 Otros servicios de alojamiento y suministro de infraestructura en tecnología de la información (TI) | AH94: Si Secop | AI94: =CONCATENATE(PAA[[#This Row],[Id Interno]],"-",PAA[[#This Row],[tipo de Contrato (TH talento humano - B/S bienes y/o servicios)]],"-",S94,"-",T94,"-",PAA[[#This Row],[Objeto de la contratación]]) -> 20260036-BS-8126-5--Contratar a título de comodato o préstamo de uso gratuito, impresoras multifuncionales y periféricos para el desarrollo de actividades administrativas de la UAE Cuerpo Oficial de Bomberos de Bogotá
B95: 20260037 | C95: Contratar la adquisición de dispositivos para el fortalecimiento y modernización de la infraestructura tecnológica de la U.A.E. Cuerpo Oficial de Bomberos de Bogotá. | D95: 17 - acuerdo marco de precios | E95: BS | F95: 24 - contrato de servicio | G95: JUNIO | H95: 12 | I95: 0 | J95: 47916600 | K95: NO | L95: Dirección Tic | M95: Paula Ximena Henao Escobar | N95: 8126-Fortalecimiento institucional de la UAECOB para un gobierno confiable Bogotá D.C. | O95: Subdirector@ de Gestión Corporativa | P95: 1-100-I087 VA-Sobretasa Bomberil | Q95: 43211500, 43211503, 43211507, 43211509, 43211619 | R95: 8126 5-Desarrollar el 100% de las acciones asociadas al fortalecimiento de la infraestructura tecnológica y de comunicaciones de la UAECOB | S95: =MID(PAA[[#This Row],[Meta Proyecto de Inversión]],1,4) -> 8126 | T95: =MID(PAA[[#This Row],[Meta Proyecto de Inversión]],6,2) -> 5- | U95: =IFERROR(VLOOKUP(N95,TD!$B$54:$F$58,2,0)," ") -> O230117 | V95: =IFERROR(VLOOKUP(N95,TD!$B$54:$F$58,3,0)," ") -> 4599 | W95: =IFERROR(VLOOKUP(N95,TD!$B$54:$F$58,4,0)," ") -> 20240207 | X95: 11 | Y95: =IFERROR(VLOOKUP(X95,TD!$J$55:$K$68,2,0)," ") -> Infraestructura Tecnológica (Sistemas de Información y Tecnologia) | Z95: =CONCATENATE(X95,"-",Y95) -> 11-Infraestructura Tecnológica (Sistemas de Información y Tecnologia) | AA95: 007 | AB95: =IFERROR(VLOOKUP(AA95,TD!$N$55:$O$70,2,0)," ") -> Servicios tecnológicos | AC95: =CONCATENATE(AA95,"_",AB95) -> 007_Servicios tecnológicos | AD95: =CONCATENATE(Z95," ",AC95) -> 11-Infraestructura Tecnológica (Sistemas de Información y Tecnologia) 007_Servicios tecnológicos | AE95: =CONCATENATE(U95,V95,W95,X95,AA95) -> O23011745992024020711007 | AF95: =IFERROR(VLOOKUP(AD95,TD!$J$70:$K$93,2,0)," ") -> PM/0131/0111/45990070207 | AG95: O232020200883159 Otros servicios de alojamiento y suministro de infraestructura en tecnología de la información (TI) | AH95: Si Secop | AI95: =CONCATENATE(PAA[[#This Row],[Id Interno]],"-",PAA[[#This Row],[tipo de Contrato (TH talento humano - B/S bienes y/o servicios)]],"-",S95,"-",T95,"-",PAA[[#This Row],[Objeto de la contratación]]) -> 20260037-BS-8126-5--Contratar la adquisición de dispositivos para el fortalecimiento y modernización de la infraestructura tecnológica de la U.A.E. Cuerpo Oficial de Bomberos de Bogotá.
B96: 20260038 | C96: Adición y prorróga al contrato No. 245 de 2025 cuyo objeto es "Contratar el servicio de mantenimiento preventivo y correctivo de los radios portátiles y móviles marca Motorola propiedad de la U.A.E. Cuerpo Oficial de Bomberos de Bogotá – TIC" | D96: 09 - contratación directa | E96: BS | F96: 03 - contrato de prestacion de servicios | G96: MARZO | H96: 12 | I96: 0 | J96: 100000000 | K96: NO | L96: Dirección Tic | M96: Paula Ximena Henao Escobar | N96: 8126-Fortalecimiento institucional de la UAECOB para un gobierno confiable Bogotá D.C. | O96: Subdirector@ de Gestión Corporativa | P96: 1-100-I087 VA-Sobretasa Bomberil | Q96: 72151607;72103302 | R96: 8126 5-Desarrollar el 100% de las acciones asociadas al fortalecimiento de la infraestructura tecnológica y de comunicaciones de la UAECOB | S96: =MID(PAA[[#This Row],[Meta Proyecto de Inversión]],1,4) -> 8126 | T96: =MID(PAA[[#This Row],[Meta Proyecto de Inversión]],6,2) -> 5- | U96: =IFERROR(VLOOKUP(N96,TD!$B$54:$F$58,2,0)," ") -> O230117 | V96: =IFERROR(VLOOKUP(N96,TD!$B$54:$F$58,3,0)," ") -> 4599 | W96: =IFERROR(VLOOKUP(N96,TD!$B$54:$F$58,4,0)," ") -> 20240207 | X96: 11 | Y96: =IFERROR(VLOOKUP(X96,TD!$J$55:$K$68,2,0)," ") -> Infraestructura Tecnológica (Sistemas de Información y Tecnologia) | Z96: =CONCATENATE(X96,"-",Y96) -> 11-Infraestructura Tecnológica (Sistemas de Información y Tecnologia) | AA96: 007 | AB96: =IFERROR(VLOOKUP(AA96,TD!$N$55:$O$70,2,0)," ") -> Servicios tecnológicos | AC96: =CONCATENATE(AA96,"_",AB96) -> 007_Servicios tecnológicos | AD96: =CONCATENATE(Z96," ",AC96) -> 11-Infraestructura Tecnológica (Sistemas de Información y Tecnologia) 007_Servicios tecnológicos | AE96: =CONCATENATE(U96,V96,W96,X96,AA96) -> O23011745992024020711007 | AF96: =IFERROR(VLOOKUP(AD96,TD!$J$70:$K$93,2,0)," ") -> PM/0131/0111/45990070207 | AG96: O232020200883132 Servicios de soporte en tecnologías de la información (TI) | AH96: No Secop | AI96: =CONCATENATE(PAA[[#This Row],[Id Interno]],"-",PAA[[#This Row],[tipo de Contrato (TH talento humano - B/S bienes y/o servicios)]],"-",S96,"-",T96,"-",PAA[[#This Row],[Objeto de la contratación]]) -> 20260038-BS-8126-5--Adición y prorróga al contrato No. 245 de 2025 cuyo objeto es "Contratar el servicio de mantenimiento preventivo y correctivo de los radios portátiles y móviles marca Motorola propiedad de la U.A.E. Cuerpo Oficial de Bomberos de Bogotá – TIC"
B97: 20260039 | C97: Adición y prorróga al contrato No. 493 de 2025 cuyo objeto es "Contratar la adquisicion, modernizacion y mantenimiento preventivo y correctivo de UPS, aires acondicionados con suministro de repuestos, para todas las sedes de la U.A.E. Cuerpo Oficial de Bomberos de Bogotá - TIC." | D97: 03 - selec. abrev. subasta inversa | E97: BS | F97: 03 - contrato de prestacion de servicios | G97: MARZO | H97: 12 | I97: 0 | J97: 100000000 | K97: NO | L97: Dirección Tic | M97: Paula Ximena Henao Escobar | N97: 8126-Fortalecimiento institucional de la UAECOB para un gobierno confiable Bogotá D.C. | O97: Subdirector@ de Gestión Corporativa | P97: 1-100-I087 VA-Sobretasa Bomberil | Q97: 72151500; 72101500; 731521000; 39121600; 39121000; 72151500; 72101500; 73152100. | R97: 8126 5-Desarrollar el 100% de las acciones asociadas al fortalecimiento de la infraestructura tecnológica y de comunicaciones de la UAECOB | S97: =MID(PAA[[#This Row],[Meta Proyecto de Inversión]],1,4) -> 8126 | T97: =MID(PAA[[#This Row],[Meta Proyecto de Inversión]],6,2) -> 5- | U97: =IFERROR(VLOOKUP(N97,TD!$B$54:$F$58,2,0)," ") -> O230117 | V97: =IFERROR(VLOOKUP(N97,TD!$B$54:$F$58,3,0)," ") -> 4599 | W97: =IFERROR(VLOOKUP(N97,TD!$B$54:$F$58,4,0)," ") -> 20240207 | X97: 11 | Y97: =IFERROR(VLOOKUP(X97,TD!$J$55:$K$68,2,0)," ") -> Infraestructura Tecnológica (Sistemas de Información y Tecnologia) | Z97: =CONCATENATE(X97,"-",Y97) -> 11-Infraestructura Tecnológica (Sistemas de Información y Tecnologia) | AA97: 007 | AB97: =IFERROR(VLOOKUP(AA97,TD!$N$55:$O$70,2,0)," ") -> Servicios tecnológicos | AC97: =CONCATENATE(AA97,"_",AB97) -> 007_Servicios tecnológicos | AD97: =CONCATENATE(Z97," ",AC97) -> 11-Infraestructura Tecnológica (Sistemas de Información y Tecnologia) 007_Servicios tecnológicos | AE97: =CONCATENATE(U97,V97,W97,X97,AA97) -> O23011745992024020711007 | AF97: =IFERROR(VLOOKUP(AD97,TD!$J$70:$K$93,2,0)," ") -> PM/0131/0111/45990070207 | AG97: O232020200883132 Servicios de soporte en tecnologías de la información (TI) | AH97: No Secop | AI97: =CONCATENATE(PAA[[#This Row],[Id Interno]],"-",PAA[[#This Row],[tipo de Contrato (TH talento humano - B/S bienes y/o servicios)]],"-",S97,"-",T97,"-",PAA[[#This Row],[Objeto de la contratación]]) -> 20260039-BS-8126-5--Adición y prorróga al contrato No. 493 de 2025 cuyo objeto es "Contratar la adquisicion, modernizacion y mantenimiento preventivo y correctivo de UPS, aires acondicionados con suministro de repuestos, para todas las sedes de la U.A.E. Cuerpo Oficial de Bomberos de Bogotá - TIC."
B98: 20260044 | C98: Contratar el servicio de mantenimiento, soporte técnico y actualización del aplicativo PCT, utilizado por la UAE Cuerpo Oficial de Bomberos de Bogota - TIC | D98: 09 - contratación directa | E98: BS | F98: 24 - contrato de servicio | G98: ENERO | H98: 12 | I98: 0 | J98: 19444600 | K98: NO | L98: Dirección Tic | M98: Paula Ximena Henao Escobar | N98: 8126-Fortalecimiento institucional de la UAECOB para un gobierno confiable Bogotá D.C. | O98: Subdirector@ de Gestión Corporativa | P98: 1-100-I087 VA-Sobretasa Bomberil | Q98: 81112200;81112201 | R98: 8126 4-Administrar, soportar y mantener el 100% del servicio de Herramientas de Colaboración y sistemas de información. | S98: =MID(PAA[[#This Row],[Meta Proyecto de Inversión]],1,4) -> 8126 | T98: =MID(PAA[[#This Row],[Meta Proyecto de Inversión]],6,2) -> 4- | U98: =IFERROR(VLOOKUP(N98,TD!$B$54:$F$58,2,0)," ") -> O230117 | V98: =IFERROR(VLOOKUP(N98,TD!$B$54:$F$58,3,0)," ") -> 4599 | W98: =IFERROR(VLOOKUP(N98,TD!$B$54:$F$58,4,0)," ") -> 20240207 | X98: 11 | Y98: =IFERROR(VLOOKUP(X98,TD!$J$55:$K$68,2,0)," ") -> Infraestructura Tecnológica (Sistemas de Información y Tecnologia) | Z98: =CONCATENATE(X98,"-",Y98) -> 11-Infraestructura Tecnológica (Sistemas de Información y Tecnologia) | AA98: 007 | AB98: =IFERROR(VLOOKUP(AA98,TD!$N$55:$O$70,2,0)," ") -> Servicios tecnológicos | AC98: =CONCATENATE(AA98,"_",AB98) -> 007_Servicios tecnológicos | AD98: =CONCATENATE(Z98," ",AC98) -> 11-Infraestructura Tecnológica (Sistemas de Información y Tecnologia) 007_Servicios tecnológicos | AE98: =CONCATENATE(U98,V98,W98,X98,AA98) -> O23011745992024020711007 | AF98: =IFERROR(VLOOKUP(AD98,TD!$J$70:$K$93,2,0)," ") -> PM/0131/0111/45990070207 | AG98: O232020200883132 Servicios de soporte en tecnologías de la información (TI) | AH98: Si Secop | AI98: =CONCATENATE(PAA[[#This Row],[Id Interno]],"-",PAA[[#This Row],[tipo de Contrato (TH talento humano - B/S bienes y/o servicios)]],"-",S98,"-",T98,"-",PAA[[#This Row],[Objeto de la contratación]]) -> 20260044-BS-8126-4--Contratar el servicio de mantenimiento, soporte técnico y actualización del aplicativo PCT, utilizado por la UAE Cuerpo Oficial de Bomberos de Bogota - TIC
B99: 20260048 | C99: Modernización, mantenimiento y soporte de los componentes multimedia y tecnológicos para el equipamiento del auditorio de la sede principal de la U.A.E. Cuerpo Oficial de Bomberos Bogotá. | D99: 02 - selec. abrev. menor cuantía | E99: BS | F99: 03 - contrato de prestacion de servicios | G99: JUNIO | H99: 12 | I99: 0 | J99: 229063100 | K99: NO | L99: Dirección Tic | M99: Paula Ximena Henao Escobar | N99: 8126-Fortalecimiento institucional de la UAECOB para un gobierno confiable Bogotá D.C. | O99: Subdirector@ de Gestión Corporativa | P99: 1-100-I087 VA-Sobretasa Bomberil | Q99: 45111700; 45111500; 45111900; 52161500; 43211900;43233400; 72151600; 81111500; 81161700 | R99: 8126 5-Desarrollar el 100% de las acciones asociadas al fortalecimiento de la infraestructura tecnológica y de comunicaciones de la UAECOB | S99: =MID(PAA[[#This Row],[Meta Proyecto de Inversión]],1,4) -> 8126 | T99: =MID(PAA[[#This Row],[Meta Proyecto de Inversión]],6,2) -> 5- | U99: =IFERROR(VLOOKUP(N99,TD!$B$54:$F$58,2,0)," ") -> O230117 | V99: =IFERROR(VLOOKUP(N99,TD!$B$54:$F$58,3,0)," ") -> 4599 | W99: =IFERROR(VLOOKUP(N99,TD!$B$54:$F$58,4,0)," ") -> 20240207 | X99: 11 | Y99: =IFERROR(VLOOKUP(X99,TD!$J$55:$K$68,2,0)," ") -> Infraestructura Tecnológica (Sistemas de Información y Tecnologia) | Z99: =CONCATENATE(X99,"-",Y99) -> 11-Infraestructura Tecnológica (Sistemas de Información y Tecnologia) | AA99: 007 | AB99: =IFERROR(VLOOKUP(AA99,TD!$N$55:$O$70,2,0)," ") -> Servicios tecnológicos | AC99: =CONCATENATE(AA99,"_",AB99) -> 007_Servicios tecnológicos | AD99: =CONCATENATE(Z99," ",AC99) -> 11-Infraestructura Tecnológica (Sistemas de Información y Tecnologia) 007_Servicios tecnológicos | AE99: =CONCATENATE(U99,V99,W99,X99,AA99) -> O23011745992024020711007 | AF99: =IFERROR(VLOOKUP(AD99,TD!$J$70:$K$93,2,0)," ") -> PM/0131/0111/45990070207 | AG99: O232020200883159 Otros servicios de alojamiento y suministro de infraestructura en tecnología de la información (TI) | AH99: Si Secop | AI99: =CONCATENATE(PAA[[#This Row],[Id Interno]],"-",PAA[[#This Row],[tipo de Contrato (TH talento humano - B/S bienes y/o servicios)]],"-",S99,"-",T99,"-",PAA[[#This Row],[Objeto de la contratación]]) -> 20260048-BS-8126-5--Modernización, mantenimiento y soporte de los componentes multimedia y tecnológicos para el equipamiento del auditorio de la sede principal de la U.A.E. Cuerpo Oficial de Bomberos Bogotá.
B100: 20260053 | C100: Contratar la prestación de servicios de enlaces de datos dedicados principales y de Backup para el fortalecimiento de la infraestructura tecnológica de la UAE cuerpo oficial de bomberos de Bogotá - TIC | D100: 09 - contratación directa | E100: BS | F100: 02 - contratos interadministrativos | G100: JULIO | H100: 8 | I100: 0 | J100: 417396955 | K100: NO | L100: Dirección Tic | M100: Paula Ximena Henao Escobar | N100: 131- Funcionamiento | O100: Subdirector@ de Gestión Corporativa | P100: 1-100-F001 VA-Recursos distrito | Q100: 81112100 | R100: No aplica | S100: =MID(PAA[[#This Row],[Meta Proyecto de Inversión]],1,4) -> No a | T100: =MID(PAA[[#This Row],[Meta Proyecto de Inversión]],6,2) -> li | U100: =IFERROR(VLOOKUP(N100,TD!$B$54:$F$58,2,0)," ") -> NA | V100: =IFERROR(VLOOKUP(N100,TD!$B$54:$F$58,3,0)," ") -> NA | W100: =IFERROR(VLOOKUP(N100,TD!$B$54:$F$58,4,0)," ") -> NA | X100: N/A | Y100: =IFERROR(VLOOKUP(X100,TD!$J$55:$K$68,2,0)," ") -> N/A | Z100: =CONCATENATE(X100,"-",Y100) -> N/A-N/A | AA100: N/A | AB100: =IFERROR(VLOOKUP(AA100,TD!$N$55:$O$70,2,0)," ") -> N/A | AC100: =CONCATENATE(AA100,"_",AB100) -> N/A_N/A | AD100: =CONCATENATE(Z100," ",AC100) -> N/A-N/A N/A_N/A | AE100: =CONCATENATE(U100,V100,W100,X100,AA100) -> NANANAN/AN/A | AF100: =IFERROR(VLOOKUP(AD100,TD!$J$70:$K$93,2,0)," ") -> N/A | AG100: O21202020080484290 Otros servicios de telecomunicaciones vía Internet | AH100: Si Secop | AI100: =CONCATENATE(PAA[[#This Row],[Id Interno]],"-",PAA[[#This Row],[tipo de Contrato (TH talento humano - B/S bienes y/o servicios)]],"-",S100,"-",T100,"-",PAA[[#This Row],[Objeto de la contratación]]) -> 20260053-BS-No a-li-Contratar la prestación de servicios de enlaces de datos dedicados principales y de Backup para el fortalecimiento de la infraestructura tecnológica de la UAE cuerpo oficial de bomberos de Bogotá - TIC
B101: 20260054 | C101: Adición y prorróga al contrato No. 785 de 2024 cuyo objeto es " Contratar soporte técnico en sitio para el mantenimiento preventivo y correctivo con suministro de repuestos para la infraestructura tecnológica y servicio de mantenimiento correctivo, adecuación e instalación de cableado estructurado de voz, datos y eléctrico con suministro de repuestos para todas las sedes de la UAE Cuerpo Oficial de Bomberos de Bogotá y SUPERCADES de Bogotá-TIC" | D101: 03 - selec. abrev. subasta inversa | E101: BS | F101: 27 - contrato de prestacion de servicios de mantenimiento | G101: ABRIL | H101: 12 | I101: 0 | J101: 87755358 | K101: NO | L101: Dirección Tic | M101: Paula Ximena Henao Escobar | N101: 131- Funcionamiento | O101: Subdirector@ de Gestión Corporativa | P101: 1-100-F001 VA-Recursos distrito | Q101: 81111811;72151600; 43223300; 39131700 | R101: No aplica | S101: =MID(PAA[[#This Row],[Meta Proyecto de Inversión]],1,4) -> No a | T101: =MID(PAA[[#This Row],[Meta Proyecto de Inversión]],6,2) -> li | U101: =IFERROR(VLOOKUP(N101,TD!$B$54:$F$58,2,0)," ") -> NA | V101: =IFERROR(VLOOKUP(N101,TD!$B$54:$F$58,3,0)," ") -> NA | W101: =IFERROR(VLOOKUP(N101,TD!$B$54:$F$58,4,0)," ") -> NA | X101: N/A | Y101: =IFERROR(VLOOKUP(X101,TD!$J$55:$K$68,2,0)," ") -> N/A | Z101: =CONCATENATE(X101,"-",Y101) -> N/A-N/A | AA101: N/A | AB101: =IFERROR(VLOOKUP(AA101,TD!$N$55:$O$70,2,0)," ") -> N/A | AC101: =CONCATENATE(AA101,"_",AB101) -> N/A_N/A | AD101: =CONCATENATE(Z101," ",AC101) -> N/A-N/A N/A_N/A | AE101: =CONCATENATE(U101,V101,W101,X101,AA101) -> NANANAN/AN/A | AF101: =IFERROR(VLOOKUP(AD101,TD!$J$70:$K$93,2,0)," ") -> N/A | AG101: O21202020080787130 Servicios de mantenimiento y reparación de computa | AH101: No Secop | AI101: =CONCATENATE(PAA[[#This Row],[Id Interno]],"-",PAA[[#This Row],[tipo de Contrato (TH talento humano - B/S bienes y/o servicios)]],"-",S101,"-",T101,"-",PAA[[#This Row],[Objeto de la contratación]]) -> 20260054-BS-No a-li-Adición y prorróga al contrato No. 785 de 2024 cuyo objeto es " Contratar soporte técnico en sitio para el mantenimiento preventivo y correctivo con suministro de repuestos para la infraestructura tecnológica y servicio de mantenimiento correctivo, adecuación e instalación de cableado estructurado de voz, datos y eléctrico con suministro de repuestos para todas las sedes de la UAE Cuerpo Oficial de Bomberos de Bogotá y SUPERCADES de Bogotá-TIC"
B102: 20260055 | C102: Adición y prórroga del contrato No. 690 de 2025 cuyo objeto es "Contratar la modernización integral tecnológica, soporte y mantenimiento preventivo y correctivo con repuestos, para los sistemas de video vigilancia de la U.A.E. Cuerpo Oficial de Bomberos de Bogotá - TIC." | D102: 03 - selec. abrev. subasta inversa | E102: BS | F102: 24 - contrato de servicio | G102: JUNIO | H102: 12 | I102: 0 | J102: 100000000 | K102: NO | L102: Dirección Tic | M102: Paula Ximena Henao Escobar | N102: 131- Funcionamiento | O102: Subdirector@ de Gestión Corporativa | P102: 1-100-F001 VA-Recursos distrito | Q102: 43233200; 72151700; 43233200; 81112200; 72151700; 45121600 | R102: No aplica | S102: =MID(PAA[[#This Row],[Meta Proyecto de Inversión]],1,4) -> No a | T102: =MID(PAA[[#This Row],[Meta Proyecto de Inversión]],6,2) -> li | U102: =IFERROR(VLOOKUP(N102,TD!$B$54:$F$58,2,0)," ") -> NA | V102: =IFERROR(VLOOKUP(N102,TD!$B$54:$F$58,3,0)," ") -> NA | W102: =IFERROR(VLOOKUP(N102,TD!$B$54:$F$58,4,0)," ") -> NA | X102: N/A | Y102: =IFERROR(VLOOKUP(X102,TD!$J$55:$K$68,2,0)," ") -> N/A | Z102: =CONCATENATE(X102,"-",Y102) -> N/A-N/A | AA102: N/A | AB102: =IFERROR(VLOOKUP(AA102,TD!$N$55:$O$70,2,0)," ") -> N/A | AC102: =CONCATENATE(AA102,"_",AB102) -> N/A_N/A | AD102: =CONCATENATE(Z102," ",AC102) -> N/A-N/A N/A_N/A | AE102: =CONCATENATE(U102,V102,W102,X102,AA102) -> NANANAN/AN/A | AF102: =IFERROR(VLOOKUP(AD102,TD!$J$70:$K$93,2,0)," ") -> N/A | AG102: No Aplica | AH102: No Secop | AI102: =CONCATENATE(PAA[[#This Row],[Id Interno]],"-",PAA[[#This Row],[tipo de Contrato (TH talento humano - B/S bienes y/o servicios)]],"-",S102,"-",T102,"-",PAA[[#This Row],[Objeto de la contratación]]) -> 20260055-BS-No a-li-Adición y prórroga del contrato No. 690 de 2025 cuyo objeto es "Contratar la modernización integral tecnológica, soporte y mantenimiento preventivo y correctivo con repuestos, para los sistemas de video vigilancia de la U.A.E. Cuerpo Oficial de Bomberos de Bogotá - TIC."
B103: 20260056 | C103: Contratar la adquisición de firma digital (token) para la U.A.E. Cuerpo Oficial de Bomberos de Bogotá - TIC | D103: 04 - contratación mínima cuantía | E103: BS | F103: 19 - contrato de renovacion de licencias | G103: MARZO | H103: 12 | I103: 0 | J103: 785000 | K103: NO | L103: Dirección Tic | M103: Paula Ximena Henao Escobar | N103: 131- Funcionamiento | O103: Subdirector@ de Gestión Corporativa | P103: 1-100-F001 VA-Recursos distrito | Q103: 43233205 | R103: No aplica | S103: =MID(PAA[[#This Row],[Meta Proyecto de Inversión]],1,4) -> No a | T103: =MID(PAA[[#This Row],[Meta Proyecto de Inversión]],6,2) -> li | U103: =IFERROR(VLOOKUP(N103,TD!$B$54:$F$58,2,0)," ") -> NA | V103: =IFERROR(VLOOKUP(N103,TD!$B$54:$F$58,3,0)," ") -> NA | W103: =IFERROR(VLOOKUP(N103,TD!$B$54:$F$58,4,0)," ") -> NA | X103: N/A | Y103: =IFERROR(VLOOKUP(X103,TD!$J$55:$K$68,2,0)," ") -> N/A | Z103: =CONCATENATE(X103,"-",Y103) -> N/A-N/A | AA103: N/A | AB103: =IFERROR(VLOOKUP(AA103,TD!$N$55:$O$70,2,0)," ") -> N/A | AC103: =CONCATENATE(AA103,"_",AB103) -> N/A_N/A | AD103: =CONCATENATE(Z103," ",AC103) -> N/A-N/A N/A_N/A | AE103: =CONCATENATE(U103,V103,W103,X103,AA103) -> NANANAN/AN/A | AF103: =IFERROR(VLOOKUP(AD103,TD!$J$70:$K$93,2,0)," ") -> N/A | AG103: No Aplica | AH103: Si Secop | AI103: =CONCATENATE(PAA[[#This Row],[Id Interno]],"-",PAA[[#This Row],[tipo de Contrato (TH talento humano - B/S bienes y/o servicios)]],"-",S103,"-",T103,"-",PAA[[#This Row],[Objeto de la contratación]]) -> 20260056-BS-No a-li-Contratar la adquisición de firma digital (token) para la U.A.E. Cuerpo Oficial de Bomberos de Bogotá - TIC
B104: 20260057 | C104: Prestar servicios de apoyo a la gestión como conductor para atender los requerimientos que se presenten en la Oficina Asesora de Planeación, así como los incidentes que puedan surgir en la Unidad Administrativa Especial Cuerpo Oficial de Bomberos de Bogotá. | D104: 09 - contratación directa | E104: TH | F104: 26 - contrato de prestacion de servicios de apoyo a la gestion | G104: ENERO | H104: 12 | I104: 0 | J104: 45042216 | K104: NO | L104: Oficina Asesora de Planeación | M104: Manuel Eduardo Castillo Guzman | N104: 8126-Fortalecimiento institucional de la UAECOB para un gobierno confiable Bogotá D.C. | O104: Subdirector@ de Gestión Corporativa | P104: 1-100-I087 VA-Sobretasa Bomberil | Q104: 80111600 | R104: 8126 1-Implementar el 100% de las actividades de seguimiento y control de los requisitos y directrices de las políticas del Modelo integrado de Planeación y Gestión - MIPG | S104: =MID(PAA[[#This Row],[Meta Proyecto de Inversión]],1,4) -> 8126 | T104: =MID(PAA[[#This Row],[Meta Proyecto de Inversión]],6,2) -> 1- | U104: =IFERROR(VLOOKUP(N104,TD!$B$54:$F$58,2,0)," ") -> O230117 | V104: =IFERROR(VLOOKUP(N104,TD!$B$54:$F$58,3,0)," ") -> 4599 | W104: =IFERROR(VLOOKUP(N104,TD!$B$54:$F$58,4,0)," ") -> 20240207 | X104: 13 | Y104: =IFERROR(VLOOKUP(X104,TD!$J$55:$K$68,2,0)," ") -> Servicios para la planeación y sistemas de gestión y comunicación estratégica | Z104: =CONCATENATE(X104,"-",Y104) -> 13-Servicios para la planeación y sistemas de gestión y comunicación estratégica | AA104: 031 | AB104: =IFERROR(VLOOKUP(AA104,TD!$N$55:$O$70,2,0)," ") -> Servicio de asistencia técnica | AC104: =CONCATENATE(AA104,"_",AB104) -> 031_Servicio de asistencia técnica | AD104: =CONCATENATE(Z104," ",AC104) -> 13-Servicios para la planeación y sistemas de gestión y comunicación estratégica 031_Servicio de asistencia técnica | AE104: =CONCATENATE(U104,V104,W104,X104,AA104) -> O23011745992024020713031 | AF104: =IFERROR(VLOOKUP(AD104,TD!$J$70:$K$93,2,0)," ") -> PM/0131/0113/45990310207 | AG104: O232020200991191 Servicios administrativos relacionados con los trabajadores estatales | AH104: Si Secop | AI104: =CONCATENATE(PAA[[#This Row],[Id Interno]],"-",PAA[[#This Row],[tipo de Contrato (TH talento humano - B/S bienes y/o servicios)]],"-",S104,"-",T104,"-",PAA[[#This Row],[Objeto de la contratación]]) -> 20260057-TH-8126-1--Prestar servicios de apoyo a la gestión como conductor para atender los requerimientos que se presenten en la Oficina Asesora de Planeación, así como los incidentes que puedan surgir en la Unidad Administrativa Especial Cuerpo Oficial de Bomberos de Bogotá.
